Workbook

Sheet Data
B1: data restricted to a list | D1: Pending Acquisition/Disposition | F1: updated | G1: 46063 | J1: Sister Property | O1: Lead Tech, no Maint Super | P1: No maint | X1: Doors | Y1: =SUM(Y3:Y963) -> 22143 | Z1: Other | AA1: =SUM(AA3:AA963) -> 343 | AB1: Sites | AC1: =COUNT(Y3:Y495) -> 152
A2: Division | B2: VP / RVP / Etc. | C2: RM | D2: PROPERTY | E2: Address | F2: City | G2: State | H2: Zip | I2: Property Notes | J2: Sister Property does not reflect on report | K2: Manager | L2: Email | M2: Phone | N2: Fax | O2: Maintenance Super/Lead | P2: Maint Phone | Q2: Maint Email | R2: Area Mgr | S2: Area M cell | T2: Project Mgr | U2: PM cell | V2: Acquisiton | W2: EIN | X2: Legal Name | Y2: Doors (Spaces or Units) | Z2: Other Space Type | AA2: Other Space Count | AB2: County | AC2: Property Type | AD2: Resident Type | AE2: Payables | AF2: Financials | AG2: Compliance | AH2: HUD Annual Recerts
A3: MH | B3: Andrew Fritz | C3: Cheri Goss | D3: APPLE ACRES | E3: 975 E 1175 S | F3: Fruit Height | G3: UT | H3: 84037 | I3: mail: Willow Pines | J3: Willow Pines | K3: Patricia Blake | L3: AppleAcres@ | M3: 801- 391-3931 | O3: Rafaelito Rodriquez | P3: 801-745-5709 | R3: Shayleena Gaitan | S3: 801-618-5750 | T3: Brent Fabian | U3: 949-676-1880 | V3: 43754 | W3: 84-2767474 | X3: Apple Acres MHC,LLC | Y3: 45 | AB3: Davis | AC3: MH Community | AD3: Family/All Age | AE3: Elizabeth Birrueta
A4: MH | B4: Andrew Fritz | C4: Cheri Goss | D4: BONNEVILLE GARDENS | E4: 705 S Redwood Rd | F4: Salt Lake City | G4: UT | H4: 84104 | K4: Simon Muirragui | L4: Bonneville@ | M4: 801-973-8987 | N4: 801-973-8302 | O4: Jairo Castaneda | P4: 801-973-8987 | Q4: Bonneville_tech1@ | R4: Shayleena Gaitan | S4: 801-618-5750 | T4: Brent Fabian | U4: 949-676-1880 | V4: 38961 | W4: 46-0693641 | X4: Bonneville MHC, LLC | Y4: 120 | AB4: Salt Lake | AC4: MH Community | AD4: Family/All Age | AE4: Elizabeth Birrueta
A5: MH | B5: Andrew Fritz | C5: Cheri Goss | D5: CAMBRIDGE COURT | E5: 1350 W 300 N #51A | F5: Clearfield | G5: UT | H5: 84015 | J5: Wood Haven | K5: Mitch Rabenstein | L5: CambridgePark@ | M5: 801-973-8987 | O5: Rafaelito Rodriquez | P5: 801-745-5709 | Q5: CambridgePark_tech1@ | R5: Shayleena Gaitan | S5: 801-618-5750 | T5: Brent Fabian | U5: 949-676-1880 | V5: 43472 | W5: 83-2687542 | X5: Cambridge Court MHC, LLC | Y5: 78 | AB5: Davis | AC5: MH Community | AD5: Family/All Age | AE5: Elizabeth Birrueta
A6: MH | B6: Andrew Fritz | C6: Cheri Goss | D6: CINNAMON RIDGE | E6: 300 E 2500 N | F6: North Logan | G6: UT | H6: 84341 | I6: mail & email: Palatial Living | J6: Palatial Living | K6: Laura Van Noy | M6: 435-799-7618 | O6: George Sisk | P6: 435-232-8825 | Q6: CinnamonRidge_tech1@ | R6: Shayleena Gaitan | S6: 801-618-5750 | T6: Brent Fabian | U6: 949-676-1880 | V6: 44174 | W6: 85-3010477 | X6: Cinnamon Ridge MHC, LLC | Y6: 60 | AB6: Cache | AC6: MH Community | AD6: Family/All Age | AE6: Elizabeth Birrueta
A7: MH | B7: Andrew Fritz | C7: Cheri Goss | D7: COTTONWOOD COVES | E7: 300 E Gordon Ln | F7: Murray | G7: UT | H7: 84107 | K7: Nicolas Cordova | L7: Cottonwood@ | M7: 801-266-2631 | N7: 801-268-6414 | O7: Walter Gavin | P7: 801-647-2187 | R7: Shayleena Gaitan | S7: 801-618-5750 | T7: Brent Fabian | U7: 949-676-1880 | V7: 43157 | W7: 82-3796484 | X7: Cottonwood Coves MHC, LLC | Y7: 176 | AB7: Salt Lake | AC7: MH Community | AD7: Senior/55+ | AE7: Elizabeth Birrueta
A8: MH | B8: Andrew Fritz | C8: Cheri Goss | D8: GREEN ACRES ESTATES | E8: 360 West 400 North | F8: Springville | G8: UT | H8: 84663 | J8: Winchester | K8: Shayleena Gaitan, Area Manager | L8: GreenAcres@ | M8: 385-505-4797 | O8: Juan Gaitan | P8: 801-671-5619 | R8: Shayleena Gaitan | S8: 801-618-5750 | T8: Brent Fabian | U8: 949-676-1880 | V8: 44754 | W8: 88-2598238 | X8: IPG Capital Green Acres MHC, LLC | Y8: 75 | AB8: Utah | AC8: MH Community | AD8: Family/All Age | AE8: Elizabeth Birrueta
A9: MH | B9: Andrew Fritz | C9: Cheri Goss | D9: MONTE VISTA | E9: 4595 S Monte Vista Dr | F9: Salt Lake City | G9: UT | H9: 84123 | I9: mail: PO Box 571468 Murray, UT 84157 | K9: Shellie McHaley | L9: MonteVista@ | M9: 801-268-4401 | O9: Trent McHaley | P9: 801-875-0024 | R9: Shayleena Gaitan | S9: 801-618-5750 | T9: Brent Fabian | U9: 949-676-1880 | V9: 42877 | W9: 82-0901201 | X9: Monte Vista MHC, LLC | Y9: 159 | AB9: Salt Lake | AC9: MH Community | AD9: Senior/55+ | AE9: Elizabeth Birrueta
A10: MH | B10: Andrew Fritz | C10: Cheri Goss | D10: PALATIAL LIVING | E10: 410 W 725 N | F10: Logan | G10: UT | H10: 84321 | J10: Cinnamon Ridge | K10: Laura Van Noy | L10: Palatial@ | M10: 435-899-1754 | O10: George Sisk | P10: 435-232-8825 | R10: Shayleena Gaitan | S10: 801-618-5750 | T10: Brent Fabian | U10: 949-676-1880 | V10: 43847 | W10: 84-3618037 | X10: Palatial Living MHC, LLC | Y10: 122 | AB10: Cache | AC10: MH Community | AD10: Family/All Age | AE10: Elizabeth Birrueta
A11: MH | B11: Andrew Fritz | C11: Cheri Goss | D11: RIDGEWOOD ESTATES | E11: 2875 N Hill Field Rd | F11: Layton | G11: UT | H11: 84041 | K11: Cecilia Avitia-Fiddler | L11: Ridgewood@ | M11: 801-825-5422 | O11: Calvin Honneywell | P11: 385-519-2271 | R11: Shayleena Gaitan | S11: 801-618-5750 | T11: Brent Fabian | U11: 949-676-1880 | V11: 44253 | W11: 85-4212259 | X11: Ridgewood Estates MHC, LLC | Y11: 200 | AB11: Davis | AC11: MH Community | AD11: Family/All Age | AE11: Elizabeth Birrueta
A12: MH | B12: Andrew Fritz | C12: Cheri Goss | D12: TIMPANOGOS VILLAGE | E12: pending Acquisition 155 1200 W | F12: Orem | G12: UT | H12: 84058 | I12: Acquisition est. 3/31 to 5/21 | K12: pending | M12: 801-225-2500 | R12: Shayleena Gaitan | S12: 801-618-5750 | T12: Brent Fabian | U12: 949-676-1880 | Y12: 142 | AB12: Utah | AC12: MH Community | AD12: Family/All Age | AE12: Elizabeth Birrueta
A13: MH | B13: Andrew Fritz | C13: Cheri Goss | D13: WILLOW PINES | E13: 680 N Main St #A-1 | F13: Kaysville | G13: UT | H13: 84037 | J13: Apple Acres | K13: Patricia Blake | L13: WillowPines@ | M13: 801-644-7612 | O13: Rafaelito Rodriquez | P13: 801-745-5709 | R13: Shayleena Gaitan | S13: 801-618-5750 | T13: Brent Fabian | U13: 949-676-1880 | V13: 43658 | W13: 84-1876882 | X13: Willow Pines MHC, LLC | Y13: 120 | Z13: SFR (stick built) | AA13: 1 | AB13: Davis | AC13: MH Community | AD13: Family/All Age | AE13: Elizabeth Birrueta
A14: MH | B14: Andrew Fritz | C14: Cheri Goss | D14: WINCHESTER ESTATES | E14: 6409 S 990 W | F14: Murray | G14: UT | H14: 84123 | J14: Green Acres | K14: Shayleena Gaitan, Area Manager | L14: Winchester@ | M14: 801-262-3101 | N14: 801-401-7835 | O14: Juan Gaitan | P14: 801-671-5619 | R14: Shayleena Gaitan | S14: 801-618-5750 | T14: Brent Fabian | U14: 949-676-1880 | V14: 42380 | W14: 84-21082357 | X14: Winchester MHC, LLC | Y14: 242 | AB14: Salt Lake | AC14: MH Community | AD14: Senior/55+ | AE14: Elizabeth Birrueta
A15: MH | B15: Andrew Fritz | C15: Cheri Goss | D15: WOODHAVEN | E15: 680 W 500 S #45 | F15: West Bountiful | G15: UT | H15: 84087 | I15: mail: Cambridge Court | J15: Cambridge Court | K15: Open Position | L15: WoodHaven@ | M15: 801-631-0009 | O15: Rafaelito Rodriquez | P15: 801-745-5709 | R15: Shayleena Gaitan | S15: 801-618-5750 | T15: Brent Fabian | U15: 949-676-1880 | V15: 43721 | W15: 84-2612645 | X15: Woodhaven MHC ,LLC | Y15: 46 | AB15: Davis | AC15: MH Community | AD15: Family/All Age | AE15: Elizabeth Birrueta
A16: MF | B16: Laura Rivera | C16: Danielle Schingen (2) | D16: BLAISDELL | E16: 2200 Blaisdell Ave S | F16: Minneapolis | G16: MN | H16: 55404 | K16: Corey Burton, Area Manager | L16: Blaisdell@ | M16: 612-872-2489 | O16: Osmar Martinez | Q16: Blaisdell_maint@ | R16: Corey Burton | S16: 763-957-2098 | T16: Mark Prunier | U16: 949-486-7146 | V16: 43627 | W16: 83-4576456 | X16: Blaisdell Portfolio, LLC | Y16: 151 | AB16: Hennepin | AC16: Affordable: TC | AD16: Family/All Age | AE16: George Grant | AF16: Megan Schellhorn | AG16: Melany Pary | AH16: Anniversary
A17: MF | B17: Laura Rivera | C17: Edith Alvarez | D17: SUMMERCREST | E17: 2615 E Plaza Blvd | F17: National City | G17: CA | H17: 91950 | K17: Ronald Muniz | L17: Summercrest_mgr@ | M17: 619-475-2125 | N17: 619-475-8271 | O17: Kenny Hoffman | P17: 760-504-7519 | Q17: Summercrest_maint@ | T17: Mark Prunier | U17: 949-486-7146 | V17: 43132 | W17: 82-3433412 | X17: Summercrest Apartment Associates, LP | Y17: 372 | AB17: San Diego | AC17: Affordable: PB + TC | AD17: Senior & Family | AE17: Bella Walton | AF17: Megan Schellhorn | AG17: Sharon Avellana | AH17: Apr 1st (F) & Jul 1st (S)
A18: MF | B18: Laura Rivera | C18: Edith Alvarez | D18: LENOX SUMMIT | E18: 2449 E Club Dr NE | F18: Brookhaven | G18: GA | H18: 30319 | K18: Clem Mitchell, Area Manager | L18: LenoxSummit@ | M18: 404-231-1580 | N18: 404-231-1580 | O18: Shawn Lassiter | P18: 404-749-8738 | Q18: LenoxSummit_maint@ | R18: Clem Mitchell | S18: 678-358-4341 | T18: Mark Prunier | U18: 949-486-7146 | V18: 43132 | W18: 82-3482748 | X18: Ashton Lenox Summit Apartment Associates, LP | Y18: 212 | AB18: DeKalb | AC18: Affordable: PB + TC | AD18: Elderly/62+ | AE18: Bella Walton | AF18: Megan Schellhorn | AG18: Shaun Broadnax | AH18: Anniversary
A19: MF | B19: Laura Rivera | C19: Edith Alvarez | D19: PARK TRACE | E19: 700 Atlanta Ave | F19: Decatur | G19: GA | H19: 30030 | K19: Shay Barnswel | L19: ParkTrace@ | M19: 404-371-0887 | N19: 404-378-5752 | O19: Shawn Lassiter | P19: 404-749-8738 | Q19: ParkTrace_maint@ | R19: Clem Mitchell | S19: 678-358-4341 | T19: Mark Prunier | U19: 949-486-7146 | V19: 43132 | W19: 82-3454564 | X19: Park Trace Apartment Associates, LP | Y19: 170 | AB19: DeKalb | AC19: Affordable: PB + TC | AD19: Elderly/62+/Disabled | AE19: Bella Walton | AF19: Megan Schellhorn | AG19: Shaun Broadnax | AH19: Anniversary
A20: MF | B20: Laura Rivera | C20: Edith Alvarez | D20: KAPUNA ONE | E20: 1015 N School Street | F20: Honolulu | G20: HI | H20: 96817 | K20: Sherry Prevo | L20: Kapuna@ | M20: 808-845-2130 | N20: 808-845-6684 | O20: Conan Palimo'o -Kahue | P20: 808-725-0928 | Q20: Kapuna_maint@ | T20: Mark Prunier | U20: 949-486-7146 | V20: 41204 | W20: 82-3548686 | X20: Kapuna Apartments Associates, LP | Y20: 162 | AB20: Honolulu | AC20: Affordable: PB + TC | AD20: Elderly/62+ | AE20: Bella Walton | AF20: Megan Schellhorn | AG20: Shaun Broadnax | AH20: Anniversary
A21: MF | B21: Laura Rivera | C21: Edith Alvarez | D21: OAKLAND PARK TOWERS II | E21: 930 John R Rd | F21: Troy | G21: MI | H21: 48083 | K21: Cathy Wilbur, Area Manager | L21: OaklandPark@ | M21: 248-585-9340 | N21: 248-585-5629 | O21: Andrew Collier | P21: 313-452-4199 | Q21: OPTmaintenance@ | R21: Cathy Wilbur | S21: 248-825-5249 | T21: Mark Prunier | U21: 949-486-7146 | V21: 40513 | W21: 82-4428801 | X21: Oakland Park Towers II Limited Dividend Housing Associates, LP | Y21: 300 | AB21: Oakland | AC21: Affordable: PB + TC | AD21: Senior/55+ | AE21: Bella Walton | AF21: Megan Schellhorn | AG21: Shaun Broadnax | AH21: Anniversary
A22: MF | B22: Laura Rivera | C22: Edith Alvarez | D22: WHISPERING WOODS | E22: 1450 Whispering Woods Dr | F22: Waterford | G22: MI | H22: 48327 | K22: Vivenne Henry | L22: Whispering@ | M22: 248-363-2775 | N22: 248-363-3419 | O22: Brandon Spicer | P22: 586-260-2921 | Q22: Whispering_maint@ | T22: Mark Prunier | U22: 949-486-7146 | V22: 43132 | W22: 47-3010756 | X22: Whispering Woods Limited Dividend Housing Association, LLC | Y22: 192 | AB22: Oakland | AC22: Affordable: PB | AD22: Family/All Age | AE22: Bella Walton | AF22: Megan Schellhorn | AG22: Shaun Broadnax | AH22: Anniversary
A23: MF | B23: Laura Rivera | C23: Edith Alvarez | D23: PARKVIEW | E23: 1121 N 12th Ave | F23: Minneapolis | G23: MN | H23: 55411 | K23: Shabnam Hakim | L23: Parkview@ | M23: 612-377-4050 | N23: 612-377-1497 | O23: James Gbanjah | P23: 651-797-8716 | Q23: Parkview_maint@ | R23: Cathy Wilbur | S23: 248-825-5249 | T23: Mark Prunier | U23: 949-486-7146 | V23: 40756 | W23: 83-3080110 | X23: Parkview Apartment Associates, LP | Y23: 224 | AB23: Hennepin | AC23: Affordable: PB + TC | AD23: Family/All Age | AE23: Bella Walton | AF23: Megan Schellhorn | AG23: Melany Pary | AH23: Anniversary
A24: MF | B24: Laura Rivera | C24: Edith Alvarez | D24: ASPEN RIVER PARK | E24: 17 Oxford St | F24: Newark | G24: NJ | H24: 07105 | K24: Open Position | L24: AspenRiverpark@ | M24: 973-465-0360 | N24: 973-465-1937 | O24: James Spearman | Q24: Aspen_maint@ | R24: Cathy Wilbur | S24: 248-825-5249 | T24: Mark Prunier | U24: 949-486-7146 | V24: 42744 | W24: 46-5083318 | X24: Aspen Riverpark Associates, LP | Y24: 261 | Z24: Commercial | AA24: 5 | AB24: Essex | AC24: Affordable: PB + TC | AD24: Senior & Family | AE24: Bella Walton | AF24: Megan Schellhorn | AG24: Melany Pary | AH24: Anniversary
A25: MF | B25: Laura Rivera | C25: Edith Alvarez | D25: IDLEWILD CREEK | E25: 1 Landmark Dr | F25: Cornwall | G25: NY | H25: 12518 | K25: Fred Jones | L25: Idlewild@ | M25: 845-534-2333 | N25: 845-534-2299 | O25: Open Position | Q25: Idlewild_maint@ | T25: Mark Prunier | U25: 949-486-7146 | V25: 42356 | W25: 47-4368970 | X25: Idlewild Creek Apartments, LP | Y25: 215 | AB25: Orange | AC25: Conventional | AD25: Senior/55+ | AE25: Bella Walton | AF25: Megan Schellhorn
A26: MH | B26: Laura Rivera | C26: Melanie Fink | D26: ALPINE MOBILE ESTATES | E26: 7300 32nd Ave NE, #10 | F26: Olympia | G26: WA | H26: 98516 | K26: Marshelle Casano | L26: AlpineEstates@ | M26: 360-491-8577 | O26: Dan Buck | T26: Chris Bowden | U26: 949-486-7153 | V26: 44186 | W26: 85-4134408 | X26: Alpine Mobile Estates MHC, LLC | Y26: 50 | AB26: Thurston | AC26: MH Community | AD26: Senior/55+ | AE26: Deborah Kemp
A27: MH | B27: Laura Rivera | C27: Melanie Fink | D27: AUBURN GREEN | E27: 602 29th St Se | F27: Auburn | G27: WA | H27: 98002 | K27: John Bristol | L27: Auburn@ | M27: 253-735-1940 | O27: DeJesus Filogonio | Q27: Auburn_maint@ | T27: Chris Bowden | U27: 949-486-7153 | V27: 38519 | W27: 59-3805590 | X27: Auburn Green MHC, LLC | Y27: 100 | AB27: King | AC27: MH Community | AD27: Family/All Age | AE27: Deborah Kemp
A28: MH | B28: Laura Rivera | C28: Melanie Fink | D28: AUBURN HILLS | E28: 31101 116th Ave Se #72 | F28: Auburn | G28: WA | H28: 98092 | K28: Robinn Turner | L28: AuburnHills@ | M28: 253-939-7975 | T28: Chris Bowden | U28: 949-486-7153 | V28: 45992 | W28: 39-4821703 | X28: Auburn Hills MHC, LLC | Y28: 99 | AB28: King | AC28: MH Community | AD28: Family/All Age | AE28: Deborah Kemp
A29: MH | B29: Laura Rivera | C29: Melanie Fink | D29: CAMELOT ESTATES | E29: 5307 State Hwy 303 NE #170 | F29: Bremerton | G29: WA | H29: 98311 | K29: Renee West | L29: Camelot@ | M29: 360-373-6767 | O29: Sean Dawson | T29: Chris Bowden | U29: 949-486-7153 | V29: 42933 | W29: 82-2176626 | X29: Camelot Estates MHC, LLC | Y29: 155 | AB29: Kitsap | AC29: MH Community | AD29: Family/All Age | AE29: Deborah Kemp
A30: MH | B30: Laura Rivera | C30: Melanie Fink | D30: CRYSTAL POINTE | E30: 8111 195th St E #28 | F30: Spanaway | G30: WA | H30: 98387 | J30: Viking Estates | K30: Jill Frost | L30: Crystal@ | M30: 253-847-4054 | O30: James Nace | P30: 253-761-6423 | T30: Chris Bowden | U30: 949-486-7153 | V30: 38390 | W30: 73-1724916 | X30: Crystal Pointe MHC, LLC | Y30: 151 | AB30: Pierce | AC30: MH Community | AD30: Family/All Age | AE30: Deborah Kemp
A31: MH | B31: Laura Rivera | C31: Melanie Fink | D31: GOLDEN VALLEY | E31: 6505 241st Ave E | F31: Buckley | G31: WA | H31: 98321 | K31: Pam Huihui | L31: GoldenValley@ | M31: 253-862-9995 | T31: Chris Bowden | U31: 949-486-7153 | V31: 38916 | W31: 47-3853879 | X31: Golden Valley MHC, LLC | Y31: 100 | AB31: Pierce | AC31: MH Community | AD31: Senior/55+ | AE31: Deborah Kemp
A32: MH | B32: Laura Rivera | C32: Melanie Fink | D32: HEATHER HILLS | E32: 2500 Alder Street | F32: Milton | G32: WA | H32: 98354 | K32: Julie Dunkin | L32: HeatherHills@ | M32: 253-862-7300 | O32: Kyle Johnson | T32: Chris Bowden | U32: 949-486-7153 | V32: 43353 | W32: 83-1602449 | X32: Heather Hills MHC, LLC | Y32: 130 | AB32: Pierce | AC32: MH Community | AD32: Senior/55+ | AE32: Deborah Kemp
A33: MH | B33: Laura Rivera | C33: Melanie Fink | D33: HIDDEN GLEN ESTATES | E33: 15616 76th Ave E | F33: Puyallup | G33: WA | H33: 98375 | K33: Heather Majors | L33: HiddenGlen@ | M33: 253-537-9383 | O33: Miguel Flores | T33: Chris Bowden | U33: 949-486-7153 | V33: 38467 | W33: 84-1675721 | X33: Hidden Glen MHC, LLC | Y33: 195 | AB33: Pierce | AC33: MH Community | AD33: Family/All Age | AE33: Deborah Kemp
A34: MH | B34: Laura Rivera | C34: Melanie Fink | D34: MAJESTIC MOBILE MANOR | E34: 6906 52nd St Ct E | F34: Puyallup | G34: WA | H34: 98371 | K34: Selina Graydon | L34: Majestic@ | M34: 253-845-3144 | O34: Joey Patton | T34: Chris Bowden | U34: 949-486-7153 | V34: 43671 | W34: 83-4382217 | X34: Majestic MHC,LLC | Y34: 65 | Z34: RV Park | AA34: 107 | AB34: Pierce | AC34: MH Community | AD34: Senior/55+ | AE34: Deborah Kemp
A35: MH | B35: Laura Rivera | C35: Melanie Fink | D35: RIO VERDE MOBILE ESTATES | E35: 1402 22nd St NE #200 | F35: Auburn | G35: WA | H35: 98002 | K35: Sara Forsythe | L35: RioVerde@ | M35: 253-833-7333 | O35: Micah Denby | T35: Chris Bowden | U35: 949-486-7153 | V35: 38989 | W35: 38-3739664 | X35: Rio Verde MHC, LLC | Y35: 287 | AB35: King | AC35: MH Community | AD35: Senior/55+ | AE35: Deborah Kemp
A36: MH | B36: Laura Rivera | C36: Melanie Fink | D36: SKYLARK VILLAGE ESTATES I | E36: 900 29th St SE | F36: Auburn | G36: WA | H36: 98002 | J36: Skylark II (PM only) | K36: Shannon Lehigh | L36: Skylark@ | M36: 253-833-6910 | O36: Nicholas Morales | Q36: Skylark_tech1@ | T36: Chris Bowden | U36: 949-486-7153 | V36: 40147 | W36: 80-0503902 | X36: Skylark Village MHC, LLC | Y36: 141 | AB36: King | AC36: MH Community | AD36: Senior/55+ | AE36: Deborah Kemp
A37: MH | B37: Laura Rivera | C37: Melanie Fink | D37: SKYLARK VILLAGE ESTATES II | E37: 3105 M Street SE | F37: Auburn | G37: WA | H37: 98002 | I37: mail: Skylark Village Estates I | J37: Skylark I (PM only) | K37: Shannon Lehigh | L37: Skylark@ | M37: 253-833-6910 | O37: Angel Jimenez | Q37: Skylark_tech2@ | T37: Chris Bowden | U37: 949-486-7153 | V37: 40147 | W37: 80-0503902 | X37: Skylark Village MHC, LLC | Y37: 116 | AB37: King | AC37: MH Community | AD37: Family/All Age | AE37: Deborah Kemp
A38: MH | B38: Laura Rivera | C38: Melanie Fink | D38: TACOMA COUNTRY ESTATES | E38: 3116 36th Ave E | F38: Tacoma | G38: WA | H38: 98443 | I38: FedEx: 2912 35th Ave Ct E #33 | K38: Jeanne Pena | L38: Tacoma@ | M38: 253-517-8588 | T38: Chris Bowden | U38: 949-486-7153 | V38: 39591 | W38: 11-3840259 | X38: Tacoma Country Estates MHC, LLC | Y38: 85 | AB38: Pierce | AC38: MH Community | AD38: Senior/55+ | AE38: Deborah Kemp
A39: MH | B39: Laura Rivera | C39: Melanie Fink | D39: VIKING ESTATES | E39: 12303 152nd Street Ct E | F39: Puyallup | G39: WA | H39: 98374 | I39: mail: Crystal Pointe | J39: Crystal Pointe | K39: Jillene Frost | L39: Crystal@ | M39: 253-847-4054 | O39: James Nace | T39: Chris Bowden | U39: 949-486-7153 | V39: 43789 | W39: 22-3955346 | X39: Viking Estates MHC, LLC | Y39: 75 | AB39: Pierce | AC39: MH Community | AD39: Senior/55+ | AE39: Deborah Kemp
A40: MH | B40: Laura Rivera | C40: Melanie Fink | D40: WHITE RIVER ESTATES | E40: 4248 A St SE | F40: Auburn | G40: WA | H40: 98002 | K40: Anna Puccino | L40: WhiteRiver@ | M40: 253-833-7188 | O40: Randall Stitt | T40: Chris Bowden | U40: 949-486-7153 | V40: 38783 | W40: 61-1624732 | X40: White River MHC, LLC | Y40: 205 | AB40: King | AC40: MH Community | AD40: Family/All Age | AE40: Deborah Kemp
A41: MF | B41: Laura Rivera | C41: Melina Miramonte | D41: ANTELOPE VALLEY | E41: 43460 32nd St W | F41: Lancaster | G41: CA | H41: 93536 | K41: Esmeralda Caldera | L41: AntelopeValley@ | M41: 661-943-6600 | N41: 661-943-0736 | O41: Francisco Palomar | Q41: AntelopeValley_maint@ | T41: Mark Prunier | U41: 949-486-7146 | V41: 42522 | W41: 30-0809206 | X41: Antelope Valley Apartment Associates, LP | Y41: 120 | AB41: Los Angeles | AC41: Affordable: PB + TC | AD41: Family/All Age | AE41: Bella Walton | AF41: Megan Schellhorn | AG41: Sharon Avellana | AH41: Dec 1st
A42: MH | B42: Laura Rivera | C42: Melina Miramonte | D42: CAMARILLO ESTATES | E42: 1150 Ventura Blvd | F42: Camarillo | G42: CA | H42: 93010 | K42: Ana Tapia | L42: Camarillo@ | M42: 805-482-0022 | O42: Eddie Puertos | Q42: Camarillo_tech1@ | R42: Chris Hill | S42: 805-603-8240 | T42: Mark Prunier | U42: 949-486-7146 | V42: 43928 | W42: 84-4247669 | X42: Camarillo MHC, LP | Y42: 135 | AB42: Ventura | AC42: MH Community | AD42: Senior/55+ | AE42: Elizabeth Birrueta
A43: MF | B43: Laura Rivera | C43: Melina Miramonte | D43: CHANNEL ISLAND PARK | E43: 931 Bismark Way | F43: Oxnard | G43: CA | H43: 93033 | K43: Grace Navarro | L43: Channelisland@ | M43: 805-486-2906 | N43: 805-486-0286 | O43: Daniel Alcala | P43: 805-216-9291 | Q43: ChannelIsland_maint@ | T43: Mark Prunier | U43: 949-486-7146 | V43: 43132 | W43: 82-3533900 | X43: Channel Island Apartments, LP | Y43: 152 | AB43: Ventura | AC43: Affordable: PB + TC | AD43: Family/All Age | AE43: Bella Walton | AF43: Megan Schellhorn | AG43: Sharon Avellana | AH43: May 1st
A44: MH | B44: Laura Rivera | C44: Melina Miramonte | D44: LAMPLIGHTER CAMARILLO | E44: 3905 Via Rosal | F44: Camarillo | G44: CA | H44: 93012 | K44: Chris Hill, Area Manager | L44: Lamplighter@ | M44: 805-482-4718 | N44: 805-482-8829 | O44: Jose Zapata | R44: Chris Hill | S44: 805-603-8240 | T44: Mark Prunier | U44: 949-486-7146 | V44: 40403 | W44: 01-0969340 | X44: Lamplighter Camarillo MHC, LP | Y44: 227 | AB44: Ventura | AC44: MH Community | AD44: Family/All Age | AE44: Elizabeth Birrueta
A45: MH | B45: Laura Rivera | C45: Melina Miramonte | D45: LAUREL CANYON | E45: 9051 Laurel Canyon Blvd #55 | F45: Sun Valley | G45: CA | H45: 91352 | K45: Marelynn Estrada | L45: Laurel@ | M45: 818-768-1721 | N45: 818-768-6485 | T45: Mark Prunier | U45: 949-486-7146 | V45: 41396 | W45: 33-0790233 | X45: Laurel Canyon MHC, LLC | Y45: 60 | AB45: Los Angeles | AC45: MH Community | AD45: Family/All Age | AE45: Elizabeth Birrueta
A46: MF | B46: Laura Rivera | C46: Melina Miramonte | D46: PIERCE PARK | E46: 12700 Van Nuys Blvd | F46: Pacoima | G46: CA | H46: 91331 | K46: Maria Rodriguez | L46: PiercePark@ | M46: 818-896-0711 | N46: 818-896-6639 | O46: Alex Gonzalez | P46: 818-974-2586 | Q46: PiercePark_maint@ | T46: Mark Prunier | U46: 949-486-7146 | V46: 42522 | W46: 47-5438328 | X46: Pierce Park Apartment Associates, LP | Y46: 430 | AB46: Los Angeles | AC46: Affordable: PB + TC | AD46: Family/All Age | AE46: Bella Walton | AF46: Megan Schellhorn | AG46: Sharon Avellana | AH46: Jun 1st & Dec 1st
A47: MH | B47: Laura Rivera | C47: Melina Miramonte | D47: THE CREST | E47: 5932 E Los Angeles Ave | F47: Simi Valley | G47: CA | H47: 93063 | K47: Gina Ball | L47: TheCrest@ | M47: 805-526-4013 | R47: Chris Hill | S47: 805-603-8240 | T47: Mark Prunier | U47: 949-486-7146 | V47: 43899 | W47: 84-4674031 | X47: The Crest MHC, LP | Y47: 41 | Z47: SFR (stick built) | AA47: 1 | AB47: Ventura | AC47: MH Community | AD47: Senior/55+ | AE47: Elizabeth Birrueta
A48: MF | B48: Laura Rivera | C48: Melina Miramonte | D48: VILLA VALLEY | E48: 15950 Sherman Way | F48: Van Nuys | G48: CA | H48: 91406 | K48: Patricia Rivera | L48: VillaValley@ | M48: 818-781-7285 | N48: 747-264-1890 | O48: Carlos Guzman | P48: 818-477-7836 | T48: Mark Prunier | U48: 949-486-7146 | V48: 43814 | W48: 84-2247447 | X48: Villa Valley Apartments, LP | Y48: 146 | AB48: Los Angeles | AC48: Affordable: PB + TC | AD48: Senior/55+ | AE48: Bella Walton | AF48: Megan Schellhorn | AG48: Sharon Avellana | AH48: Oct 1st
A49: MF | B49: Laura Rivera | C49: Melina Miramonte | D49: PARKWAY PLAZA | E49: 20 College Parkway | F49: Carson City | G49: NV | H49: 89706 | K49: Teresa Nichols | L49: Parkway@ | M49: 775-882-7555 | N49: 775-882-2249 | O49: Richard Parr | P49: 512-779-7268 | Q49: Parkway_maint@ | T49: Mark Prunier | U49: 949-486-7146 | V49: 42536 | W49: 84-2113564 | X49: Parkway Plaza Apartment Associates, LP | Y49: 316 | AB49: no county | AC49: Affordable: TC | AD49: Family/All Age | AE49: Bella Walton | AF49: Megan Schellhorn | AG49: Sharon Avellana | AH49: Anniversary
A50: MF | B50: Laura Rivera | C50: Melina Miramonte | D50: TUALATIN MEADOWS | E50: 18755 SW 90th Ave | F50: Tualatin | G50: OR | H50: 97062 | K50: Becca Reyes | L50: Tualatin@ | M50: 503-885-9828 | N50: 509-885-9838 | O50: Jason Shivers | Q50: Tualatin_maint@ | T50: Mark Prunier | U50: 949-486-7146 | V50: 41942 | W50: 47-1646339 | X50: Tualatin Meadows Apartments, LLC | Y50: 240 | AB50: Washington | AC50: Affordable: TC | AD50: Family/All Age | AE50: George Grant | AF50: Megan Schellhorn | AG50: Shaun Broadnax | AH50: Anniversary
A51: MH | B51: Laura Rivera | C51: Valerie Avila | D51: FAIRWAY ESTATES | E51: 5011 Hillsdale Blvd | F51: North Highlands | G51: CA | H51: 95660 | K51: Julianne Greep | L51: Fairway@ | M51: 916-344-8688 | N51: 916-344-0908 | O51: Blane Dahme | T51: Mark Prunier | U51: 949-486-7146 | V51: 40086 | W51: 47-3427402 | X51: Fairway Estates MHC, LP | Y51: 199 | AB51: Sacramento | AC51: MH Community | AD51: Family/All Age | AE51: Elizabeth Birrueta
A52: MH | B52: Laura Rivera | C52: Valerie Avila | D52: GARDEN TERRACE | E52: 7887 Lampson Ave | F52: Garden Grove | G52: CA | H52: 92841 | K52: Jimena Vallecillo | L52: GardenTerrace@ | M52: 714-899-6044 | N52: 714-899-6043 | O52: Rafael Lazcano | T52: Mark Prunier | U52: 949-486-7146 | V52: 43326 | W52: 83-1155877 | X52: Garden Terrace MHC, LP | Y52: 104 | AB52: Orange | AC52: MH Community | AD52: Family/All Age | AE52: Elizabeth Birrueta
A53: MH | B53: Laura Rivera | C53: Valerie Avila | D53: KING ARTHUR ESTATES | E53: 1560 Massachusetts Ave | F53: Riverside | G53: CA | H53: 92507 | K53: Robert Frost | L53: KingArthur@ | M53: 951-682-5885 | N53: 951-682-5011 | O53: Hector Vivas | T53: Mark Prunier | U53: 949-486-7146 | V53: 42684 | W53: 81-3675243 | X53: King Arthur MHC, LP | Y53: 201 | AB53: Riverside | AC53: MH Community | AD53: Family/All Age | AE53: Elizabeth Birrueta
A54: MH | B54: Laura Rivera | C54: Valerie Avila | D54: MILL VILLA ESTATES | E54: 18717 Mill Villa Rd | F54: Jamestown | G54: CA | H54: 95327 | K54: Nick Vos | L54: MillVilla@ | M54: 209-533-3151 | O54: Adam Ryan | T54: Mark Prunier | U54: 949-486-7146 | V54: 42633 | W54: 81-2890473 | X54: Mill Villa MHC, LP | Y54: 228 | AB54: Tuolumne | AC54: MH Community | AD54: Senior/55+ | AE54: Elizabeth Birrueta
A55: MH | B55: Laura Rivera | C55: Valerie Avila | D55: PRADO VERDE | E55: 14081 Magnolia St | F55: Westminster | G55: CA | H55: 92683 | K55: Jennifer Sandoval | L55: Prado@ | M55: 714-893-6344 | N55: 714-893-5510 | O55: Arnulfo Rubio | T55: Mark Prunier | U55: 949-486-7146 | V55: 38595 | W55: 90-0092362 | X55: Prado Verde MHC, LP | Y55: 181 | AB55: Orange | AC55: MH Community | AD55: Family/All Age | AE55: Elizabeth Birrueta
A56: MH | B56: Laura Rivera | C56: Valerie Avila | D56: RANCHO HUNTINGTON | E56: 19361 Brookhurst St | F56: Huntington Beach | G56: CA | H56: 92646 | K56: Chris McBain | L56: RanchoHuntington@ | M56: 714-962-7311 | N56: 562-531-3003 | O56: Gregory Purvus | T56: Mark Prunier | U56: 949-486-7146 | V56: 39947 | W56: 46-0797455 | X56: Rancho Huntington Owner, LP | Y56: 194 | AB56: Orange | AC56: MH Community | AD56: Family/All Age | AE56: Elizabeth Birrueta
A57: MH | B57: Laura Rivera | C57: Valerie Avila | D57: ROYAL GARDEN ESTATES | E57: 10200 Bolsa Ave | F57: Westminster | G57: CA | H57: 92683 | K57: Timothy Pappas | L57: Royal@ | M57: 714-531-0500 | O57: Brandon Sorochinsky | T57: Mark Prunier | U57: 949-486-7146 | V57: 42898 | W57: 82-1597978 | X57: Royal Gardens MHC, LP | Y57: 152 | AB57: Orange | AC57: MH Community | AD57: Senior/55+ | AE57: Elizabeth Birrueta
A58: MH | B58: Laura Rivera | C58: Valerie Avila | D58: SKANDIA | E58: 16444 Bolsa Chica St | F58: Huntington Beach | G58: CA | H58: 92649 | K58: Hugo Galeana | L58: Skandia@ | M58: 714-846-9693 | O58: Alex Knoll | T58: Mark Prunier | U58: 949-486-7146 | V58: 44428 | W58: 87-16171297 | X58: Skandia BLF, LLC | Y58: 167 | AB58: Orange | AC58: MH Community | AD58: Senior/55+ | AE58: Elizabeth Birrueta
A59: MH | B59: Laura Rivera | C59: Valerie Avila | D59: STARLITE VILLAGE | E59: 2060 Newport Blvd #4 | F59: Costa Mesa | G59: CA | H59: 92627 | K59: Aly Pham | L59: StarliteVillage@ | M59: 949-548-1312 | T59: Mark Prunier | U59: 949-486-7146 | V59: 44637 | W59: 88-0816409 | X59: Starlite MHC LP | Y59: 55 | AB59: Orange | AC59: MH Community | AD59: Family/All Age | AE59: Elizabeth Birrueta
A60: MH | B60: Laura Rivera | C60: Valerie Avila | D60: SUMMERSET | E60: 9200 Westminster Blvd | F60: Westminster | G60: CA | H60: 92683 | K60: Erika V. Villagomez | L60: Summerset@ | M60: 714-894-7766 | N60: 714-893-2442 | O60: Jaime Aguilar | T60: Mark Prunier | U60: 949-486-7146 | V60: 41374 | W60: 46-2404390 | X60: Westminster MHP Associates, LP | Y60: 116 | AB60: Orange | AC60: MH Community | AD60: Senior/55+ | AE60: Elizabeth Birrueta
A61: MH | B61: Laura Rivera | C61: Valerie Avila | D61: SUNDANCE | E61: 2250 N Broadway | F61: Escondido | G61: CA | H61: 92026 | K61: Scott Christensen | L61: Sundance@ | M61: 760-741-1911 | N61: 760-741-6384 | O61: Sergio Romano | T61: Mark Prunier | U61: 949-486-7146 | V61: 41927 | W61: 47-1738321 | X61: Sundance MHC, LP | Y61: 88 | AB61: San Diego | AC61: MH Community | AD61: Senior/55+ | AE61: Elizabeth Birrueta
A62: MH | B62: Laura Rivera | C62: Valerie Avila | D62: SUNSET ESTATES | E62: 1130 White Rock Rd #98 | F62: El Dorado Hills | G62: CA | H62: 95762 | K62: Carrie Holloway | L62: Sunset@ | M62: 916-933-6362 | T62: Mark Prunier | U62: 949-486-7146 | V62: 44063 | W62: 85-1943976 | X62: Sunset MHC, LLC | Y62: 132 | AB62: El Dorado | AC62: MH Community | AD62: Family/All Age | AE62: Elizabeth Birrueta
A63: MH | B63: Laura Rivera | C63: Valerie Avila | D63: WOODLAND PARK | E63: 4201 Topanga Cyn. Blvd | F63: Woodland Hills | G63: CA | H63: 91364 | K63: Monica Mora | L63: WoodlandPark@ | M63: 818-348-5920 | O63: Juan Ramirez | R63: Chris Hill | S63: 805-603-8240 | T63: Mark Prunier | U63: 949-486-7146 | V63: 43879 | W63: 33-1620926 | X63: Woodland Park MHC, LP | Y63: 199 | AB63: Los Angeles | AC63: MH Community | AD63: Family/All Age | AE63: Elizabeth Birrueta
A64: MF | B64: Rashelle Wedgwood | C64: Danielle Schingen (1) | D64: ALDRICH AVENUE | E64: 2310 Aldrich Ave S | F64: Minneapolis | G64: MN | H64: 55405 | I64: mail: Lyndy Apartments | J64: Lyndy Apartments | K64: Amanda Yang | L64: Aldrich@ | M64: 833-375-4115 | O64: Erin Neals | P64: 763-406-0729 | Q64: Lyndy_maint@ | R64: Corey Burton | S64: 763-957-2098 | T64: Mark Prunier | U64: 949-486-7146 | V64: 43936 | W64: 84-5010307 | X64: Aldrich Apartments, LLC | Y64: 28 | AB64: Hennepin | AC64: Conventional | AD64: Family/All Age | AE64: George Grant | AF64: Megan Schellhorn
A65: MF | B65: Rashelle Wedgwood | C65: Danielle Schingen (1) | D65: CAMBRIDGE TOWERS | E65: pending Disposition 1301 Cambridge St | F65: Hopkins | G65: MN | H65: 55343 | I65: Disposition est. last week of April | K65: Natasha Rambo (Asst Mgr) | L65: CambridgeTowers@ | M65: 866-686-2587 | N65: 952-345-0392 | O65: Jameel Eason | P65: 612-369-1057 | Q65: CambridgeTowers_maint@ | R65: Ceairra Cardriche | S65: 651-398-8823 | T65: Mark Prunier | U65: 949-486-7146 | V65: 43371 | W65: 83-1880033 | X65: Hopkins Apartments, LLC DBA Cambridge Towers | Y65: 113 | AB65: Hennepin | AC65: Conventional | AD65: Family/All Age | AE65: George Grant | AF65: Megan Schellhorn
A66: MF | B66: Rashelle Wedgwood | C66: Danielle Schingen (1) | D66: CENTRAL PARK MANOR | E66: pending Disposition 1510 Main Street | F66: Hopkins | G66: MN | H66: 55343 | I66: Disposition est. last week of April | K66: Kiera Gauna (Asst Mgr) | L66: CentralPark@ | M66: 833-774-7420 | O66: Matt Goodman | P66: 612-859-7437 | Q66: CentralPark_maint@ | R66: Ceairra Cardriche | S66: 651-398-8823 | T66: Mark Prunier | U66: 949-486-7146 | V66: 43371 | W66: 83-1880033 | X66: Hopkins Apartments, LLC DBA Central Park Manor | Y66: 110 | AB66: Hennepin | AC66: Conventional | AD66: Family/All Age | AE66: George Grant | AF66: Megan Schellhorn
A67: MF | B67: Rashelle Wedgwood | C67: Danielle Schingen (1) | D67: CREEK POINT | E67: pending Disposition 1045 Hiawatha Ave | F67: Hopkins | G67: MN | H67: 55343 | I67: Disposition est. last week of April | K67: Ceairra Cardriche, Area Manager | L67: CreekPoint@ | M67: 866-757-4824 | O67: DJ Nigatu | P67: 612-558-2212 | Q67: CreekPoint_tech1@ | R67: Ceairra Cardriche | S67: 651-398-8823 | T67: Mark Prunier | U67: 949-486-7146 | V67: 43371 | W67: 83-1880033 | X67: Hopkins Apartments, LLC DBA Creek Point | Y67: 101 | AB67: Hennepin | AC67: Conventional | AD67: Family/All Age | AE67: George Grant | AF67: Megan Schellhorn
A68: MF | B68: Rashelle Wedgwood | C68: Danielle Schingen (1) | D68: ELEVATE (previously Bolero) | E68: 1117 Marquette Ave | F68: Minneapolis | G68: MN | H68: 55403 | K68: Patrick Autinson | L68: Elevate@ | M68: 833-734-6224 | O68: Joe Riola | P68: 971-265-0660 | Q68: Elevate_maint@ | T68: Mark Prunier | U68: 949-486-7146 | V68: 43776 | W68: 84-3239123 | X68: Bolero Flats Apartments, LLC DBA Elevate Apartment Homes | Y68: 259 | AB68: Hennepin | AC68: Conventional | AD68: Family/All Age | AE68: George Grant | AF68: Megan Schellhorn
A69: MF | B69: Rashelle Wedgwood | C69: Danielle Schingen (1) | D69: GREENWAY | E69: 2736 Blaisdell Ave S Unit #1 | F69: Minneapolis | G69: MN | H69: 55408 | K69: Tina Johnson | L69: Greenway@ | M69: 866-730-5758 | O69: Nicolas Robinson | P69: 612-751-7387 | Q69: Greenway_tech1@ | R69: Corey Burton | S69: 763-957-2098 | T69: Mark Prunier | U69: 949-486-7146 | V69: 43433 | W69: 83-2162836 | X69: Greenway Apartments, LLC, as successor in interest to Eat Street Portfolio, LLC dba Greenway Apartments | Y69: 196 | AB69: Hennepin | AC69: Conventional | AD69: Family/All Age | AE69: George Grant | AF69: Megan Schellhorn
A70: MF | B70: Rashelle Wedgwood | C70: Danielle Schingen (1) | D70: KNOLLWOOD TOWERS EAST | E70: pending Disposition 320 Blake Rd N | F70: Hopkins | G70: MN | H70: 55343 | I70: Disposition est. pending | J70: Knollwood West (MS only) | K70: Bekah Linn | L70: Knollwood_East@ | M70: 866-908-7884 | O70: Saleem Collins | P70: 612-800-2482 | Q70: Knollwood_maint@ | T70: Mark Prunier | U70: 949-486-7146 | V70: 43371 | W70: 83-1880033 | X70: Hopkins Apartments, LLC DBA Knollwood Towers East | Y70: 129 | AB70: Hennepin | AC70: Conventional | AD70: Family/All Age | AE70: George Grant | AF70: Megan Schellhorn
A71: MF | B71: Rashelle Wedgwood | C71: Danielle Schingen (1) | D71: KNOLLWOOD TOWERS WEST | E71: pending Disposition 1010 Lake Street NE | F71: Hopkins | G71: MN | H71: 55343 | I71: Disposition est. pending | J71: Knollwood East (MS only) | K71: Sylvia Aldridge | L71: Knollwood_West@ | M71: 833-254-5676 | O71: Saleem Collins | P71: 612-800-2482 | Q71: Knollwood_maint@ | T71: Mark Prunier | U71: 949-486-7146 | V71: 43371 | W71: 83-1880033 | X71: Hopkins Apartments, LLC DBA Knollwood Towers West | Y71: 187 | AB71: Hennepin | AC71: Conventional | AD71: Family/All Age | AE71: George Grant | AF71: Megan Schellhorn
A72: MF | B72: Rashelle Wedgwood | C72: Danielle Schingen (1) | D72: LYNDY APARTMENTS | E72: 2905 Harriet Ave S | F72: Minneapolis | G72: MN | H72: 55408 | J72: Aldrich Avenue | K72: Amanda Yang | L72: Lyndy@ | M72: 844-882-3799 | O72: Erin Neals | P72: 763-406-0729 | Q72: Lyndy_maint@ | T72: Mark Prunier | U72: 949-486-7146 | V72: 43839 | W72: 84-3606942 | X72: Lyndy Apartments, LLC | Y72: 111 | AB72: Hennepin | AC72: Conventional | AD72: Family/All Age | AE72: George Grant | AF72: Megan Schellhorn
A73: MF | B73: Rashelle Wedgwood | C73: Danielle Schingen (1) | D73: MAVEN APARTMENTS | E73: 7 West Travelers Trails | F73: Burnsville | G73: MN | H73: 55337 | K73: Wesley Holtz | L73: Maven@ | M73: 833-433-0471 | O73: Jake Schuler | P73: 509-429-4819 | Q73: Maven_maint@ | T73: Mark Prunier | U73: 949-486-7146 | V73: 44126 | W73: 85-2965958 | X73: Maven Apartments, LLC | Y73: 137 | AB73: Dakota | AC73: Conventional | AD73: Family/All Age | AE73: George Grant | AF73: Megan Schellhorn
A74: MF | B74: Rashelle Wedgwood | C74: Hannah Porter | D74: CANTERBURY | E74: 13118 Meridian E | F74: Puyallup | G74: WA | H74: 98373 | K74: Open Position | L74: Canterbury@ | M74: 253-840-5700 | N74: 253-841-0883 | O74: Toni Gobroski | P74: 253-250-1376 | Q74: Canterbury_maint@ | T74: Brent Fabian | U74: 949-676-1880 | V74: 42691 | W74: 814272604 | X74: Canterbury Apartments, LLC | Y74: 180 | AB74: Pierce | AC74: Conventional | AD74: Family/All Age | AE74: Bella Walton | AF74: Megan Schellhorn
A75: MF | B75: Rashelle Wedgwood | C75: Hannah Porter | D75: HANGAR 128 | E75: 13031 8th Ave W | F75: Everett | G75: WA | H75: 98204 | K75: Melissa Goldberg | L75: Hangar128@ | M75: 425-347-0900 | N75: 425-610-4130 | O75: Todd Brennan | Q75: Hangar_maint@ | T75: Brent Fabian | U75: 949-676-1880 | V75: 42781 | W75: 81-5143786 | X75: Hangar 128 Apartments, LLC | Y75: 223 | AB75: Snohomish | AC75: Conventional | AD75: Family/All Age | AE75: Bella Walton | AF75: Megan Schellhorn
A76: MH | B76: Rashelle Wedgwood | C76: Hannah Porter | D76: PORTAGE GREEN | E76: 20227 80th Ave NE #3 | F76: Arlington | G76: WA | H76: 98223 | K76: Yolanda Beebe | L76: Portage@ | M76: 360-435-1066 | N76: 360-435-6313 | T76: Brent Fabian | U76: 949-676-1880 | V76: 38470 | W76: 51-0549377 | X76: Portage Green MHC, LLC | Y76: 79 | AB76: Snohomish | AC76: MH Community | AD76: Family/All Age | AE76: Deborah Kemp
A77: MH | B77: Rashelle Wedgwood | C77: Hannah Porter | D77: VALLEY VIEW | E77: 700 North Reed St #41 | F77: Sedro Woolley | G77: WA | H77: 98284 | K77: Robert Olp | L77: ValleyView@ | M77: 360-856-4551 | N77: 360-856-5772 | T77: Brent Fabian | U77: 949-676-1880 | V77: 40812 | W77: 90-0749044 | X77: Valley View MHC, LLC | Y77: 104 | AB77: Skagit | AC77: MH Community | AD77: Family/All Age | AE77: Deborah Kemp
A78: MF | B78: Rashelle Wedgwood | C78: Hannah Porter | D78: WATERFORD | E78: pending Disposition 2020 Lake Heights Dr | F78: Everett | G78: WA | H78: 98208 | I78: Disposition est. 3/18 to 4/17 | K78: Lauren Harris | L78: Waterford@ | M78: 425-337-9270 | N78: 425-337-9280 | O78: Open Position | Q78: Waterford_maint@ | T78: Brent Fabian | U78: 949-676-1880 | V78: 42654 | W78: 84-1869590 | X78: Waterford Apartments, LLC | Y78: 200 | AB78: Snohomish | AC78: Conventional | AD78: Family/All Age | AE78: Bella Walton | AF78: Megan Schellhorn
A79: MH | B79: Rashelle Wedgwood | C79: Josh Van Noy | D79: ALYSON MANOR ESTATES | E79: 2021 Mahan Ave | F79: Richland | G79: WA | H79: 99354 | K79: Adrianna Hickson | L79: Alyson@ | M79: 509-940-9050 | O79: Kyle Ellis | T79: Chris Bowden | U79: 949-486-7153 | V79: 42592 | W79: 81-2877481 | X79: Alyson/Richland MHC, LLC | Y79: 127 | AB79: Benton | AC79: MH Community | AD79: Family/All Age | AE79: Deborah Kemp
A80: MH | B80: Rashelle Wedgwood | C80: Josh Van Noy | D80: BROADMOOR | E80: 55 W Washington Ave | F80: Yakima | G80: WA | H80: 98903 | K80: Justina Bauer | L80: Broadmoor@ | M80: 509-457-8038 | N80: 509-457-2045 | O80: Deshawn Stephens | P80: 509-833-6917 | T80: Chris Bowden | U80: 949-486-7153 | V80: 43404 | W80: 83-1910433 | X80: Broadmoor MHC, LLC | Y80: 200 | AB80: Yamiz | AC80: MH Community | AD80: Senior/55+ | AE80: Deborah Kemp
A81: MH | B81: Rashelle Wedgwood | C81: Josh Van Noy | D81: BROOKHOLLOW MHC | E81: 2500 Allen St | F81: Kelso | G81: WA | H81: 98626 | J81: Brookhollow RV | K81: Chuck Garcia | L81: Brookhollow@ | M81: 360-577-6276 | O81: Josh Watson | P81: 202-300-1788 | Q81: Brookhollow_maint@ | T81: Chris Bowden | U81: 949-486-7153 | V81: 42398 | W81: 38-3817983 | X81: Brookhollow MHC, LLC | Y81: 194 | AB81: Cowlitz | AC81: MH Community | AD81: Senior/55+ | AE81: Deborah Kemp
A82: MH | B82: Rashelle Wedgwood | C82: Josh Van Noy | D82: BROOKHOLLOW RV | E82: 2506 Allen St | F82: Kelso | G82: WA | H82: 98626 | J82: Brookhollow MHC | K82: Chuck Garcia | L82: BrookhollowRV@ | M82: 360-577-6474 | O82: Josh Watson | P82: 202-300-1788 | Q82: Brookhollow_maint@ | T82: Chris Bowden | U82: 949-486-7153 | V82: 42398 | W82: 37-1608067 | X82: Brookhollow RV, LLC | Y82: 0 | Z82: RV Park | AA82: 132 | AB82: Cowlitz | AC82: MH Community | AD82: Family/All Age | AE82: Deborah Kemp
A83: MH | B83: Rashelle Wedgwood | C83: Josh Van Noy | D83: COLUMBIA TERRACE ESTATES | E83: 5400 Meeker Dr # 15 | F83: Kalama | G83: WA | H83: 98625 | K83: Christine Perez | L83: Columbia@ | M83: 360-430-5122 | N83: 360-326-7030 | O83: Lowell Fittro | Q83: Columbia_tech1@ | T83: Chris Bowden | U83: 949-486-7153 | V83: 5/16/20218 | W83: 82-4871624 | X83: Columbia Terrace MHC, LLC | Y83: 128 | AB83: Cowlitz | AC83: MH Community | AD83: Family/All Age | AE83: Deborah Kemp
A84: MH | B84: Rashelle Wedgwood | C84: Josh Van Noy | D84: COUNTRY CLUB ESTATES | E84: 23708 Locust Way | F84: Bothell | G84: WA | H84: 98021 | K84: Lucy Yelistratova | L84: CountryClub@ | M84: 425-481-5900 | N84: 360-416-0968 | O84: Hugo Perez | T84: Chris Bowden | U84: 949-486-7153 | V84: 41621 | W84: 46-3466443 | X84: Country Club Senior Estates, LLC | Y84: 137 | AB84: King | AC84: MH Community | AD84: Family/All Age | AE84: Deborah Kemp
A85: MH | B85: Rashelle Wedgwood | C85: Josh Van Noy | D85: COUNTRY MANOR | E85: 15619 NE Caples Rd #33 | F85: Brush Prairie | G85: WA | H85: 98606 | K85: Shirley Shook | L85: CountryManor@ | M85: 360-256-6120 | O85: David Shook | T85: Chris Bowden | U85: 949-486-7153 | V85: 43388 | W85: 83-1182648 | X85: Country Manor Estates MHC, LLC | Y85: 159 | AB85: Clark | AC85: MH Community | AD85: Family/All Age | AE85: Deborah Kemp
A86: MH | B86: Rashelle Wedgwood | C86: Josh Van Noy | D86: DUVALL HIGHLANDS | E86: 28000 NE 142nd Pl | F86: Duvall | G86: WA | H86: 98019 | K86: Gayla Williams | L86: Duvall@ | M86: 425-788-4778 | N86: 425-844-6034 | O86: Nicholas Kiepke | T86: Chris Bowden | U86: 949-486-7153 | V86: 38819 | W86: 06-1757892 | X86: Duvall Highlands MHC, LLC | Y86: 150 | AB86: King | AC86: MH Community | AD86: Family/All Age | AE86: Deborah Kemp
A87: MH | B87: Rashelle Wedgwood | C87: Josh Van Noy | D87: FAIR OAKS ESTATES | E87: 5404 NE 121st Ave | F87: Vancouver | G87: WA | H87: 98682 | K87: Terry Mudroch | L87: FairOaks@ | M87: 360-892-9950 | N87: 360-892-1230 | O87: Joseph Mahoney | T87: Chris Bowden | U87: 949-486-7153 | V87: 37560 | W87: 48-1271671 | X87: Fair Oaks Estates, LLC | Y87: 110 | AB87: Clark | AC87: MH Community | AD87: Senior/55+ | AE87: Deborah Kemp
A88: MH | B88: Rashelle Wedgwood | C88: Josh Van Noy | D88: LITTLE MOUNTAIN ESTATES | E88: 2610 E Section St #122 | F88: Mt. Vernon | G88: WA | H88: 98274 | K88: Ashley Purdue | L88: LittleMountain@ | M88: 360-424-6946 | N88: 360-416-0968 | T88: Chris Bowden | U88: 949-486-7153 | V88: 38037 | W88: 56-2424391 | X88: Little Mountain Estates MHC, LLC | Y88: 122 | AB88: Skagit | AC88: MH Community | AD88: Senior/55+ | AE88: Deborah Kemp
A89: MH | B89: Rashelle Wedgwood | C89: Josh Van Noy | D89: RICHLAND | E89: 35 Apollo Blvd | F89: Richland | G89: WA | H89: 99354 | K89: Maria Manzo | L89: Richland@ | M89: 509-375-3064 | N89: 509-375-3469 | O89: Paul Arreola | T89: Chris Bowden | U89: 949-486-7153 | V89: 42592 | W89: 81-2877481 | X89: Alyson/Richland MHC, LLC | Y89: 334 | AB89: Benton | AC89: MH Community | AD89: Family/All Age | AE89: Deborah Kemp
A90: MH | B90: Rashelle Wedgwood | C90: Josh Van Noy | D90: SKYLINE MOBILE ESTATES | E90: 2205 Butterfield Rd #8 | F90: Yakima | G90: WA | H90: 98901 | K90: Brei Cervantes | L90: Skyline@ | M90: 509-452-4382 | O90: Wayne Purchase | T90: Chris Bowden | U90: 949-486-7153 | V90: 37090 | W90: 33-1161902 | X90: Skyline Vineyard MHC, LLC | Y90: 162 | AB90: Yakima | AC90: MH Community | AD90: Family/All Age | AE90: Deborah Kemp
A91: MH | B91: Rashelle Wedgwood | C91: Josh Van Noy | D91: SUN MEADOWS | E91: 1201 W Washington Ave # 56-A | F91: Yakima | G91: WA | H91: 98903 | K91: Feleighsha Griffin | L91: Sunmeadows@ | M91: 509-494-8388 | N91: 509-494-8389 | T91: Chris Bowden | U91: 949-486-7153 | V91: 39332 | W91: 83-0489083 | X91: Sun Meadows MHC, LLC | Y91: 96 | AB91: Yakima | AC91: MH Community | AD91: Family/All Age | AE91: Deborah Kemp
A92: MH | B92: Rashelle Wedgwood | C92: Josh Van Noy | D92: TIM WA | E92: 1965 Westside Hwy, #100 | F92: Kelso | G92: WA | H92: 98626 | K92: Taylor Prescot | L92: TimWa@ | M92: 360-577-1978 | N92: 360-501-4303 | O92: Lowell Fittro | T92: Chris Bowden | U92: 949-486-7153 | V92: 37757 | W92: 87-4808365 | X92: Tim-Wa MHC, LLC | Y92: 115 | AB92: Cowlitz | AC92: MH Community | AD92: Senior/55+ | AE92: Deborah Kemp
A93: MF | B93: Rashelle Wedgwood | C93: Toni Piccolo | D93: SILVER BAY | E93: 3504 N Whistler Ln | F93: Boise | G93: ID | H93: 83703 | K93: Terri Foley | L93: SilverBay@ | M93: 866-495-2451 | N93: 208-853-8531 | O93: Steve Rockwell | P93: 208-841-1750 | Q93: SilverBay_tech1@ | T93: Brent Fabian | U93: 949-486-7153 | V93: 42664 | W93: 81-5107613 | X93: Silver Bay Apartments, LLC | Y93: 185 | AB93: Ada | AC93: Conventional | AD93: Family/All Age | AE93: Bella Walton | AF93: Megan Schellhorn
A94: MF | B94: Rashelle Wedgwood | C94: Toni Piccolo | D94: FIELDSTONE | E94: 20650 NE Halsey St | F94: Fairview | G94: OR | H94: 97024 | K94: Taylor Hamilton | L94: Fieldstone@ | M94: 503-666-1392 | N94: 503-667-5346 | O94: Leonel Camacho | P94: 360-784-0470 | Q94: Fieldstone_maint@ | T94: Brent Fabian | U94: 949-676-1880 | V94: 42278 | W94: 47-4182825 | X94: Fieldstone Apartments Oregon, LLC | Y94: 154 | AB94: Multnomah | AC94: Conventional | AD94: Family/All Age | AE94: George Grant | AF94: Megan Schellhorn
A95: MF | B95: Rashelle Wedgwood | C95: Toni Piccolo | D95: MOUNTAIN HIGH | E95: 1930 SE 6th St | F95: Gresham | G95: OR | H95: 97080 | K95: Tiffanie Hargitt | L95: MountainHigh@ | M95: 503-667-7909 | N95: 503-661-4989 | O95: Wade Watson | P95: 971-220-3241 | Q95: MountainHigh_maint@ | T95: Brent Fabian | U95: 949-676-1880 | V95: 42747 | W95: 82-3448841 | X95: Mountain High Gresham, LLC | Y95: 112 | AB95: Multnomah | AC95: Conventional | AD95: Family/All Age | AE95: George Grant | AF95: Megan Schellhorn
A96: MF | B96: Rashelle Wedgwood | C96: Toni Piccolo | D96: PARKSIDE | E96: 2831 SE Palmquist Rd | F96: Gresham | G96: OR | H96: 97080 | K96: Ariyana Sanchez | L96: Parkside@ | M96: 503-491-8909 | N96: 503-491-1399 | O96: Greg Lewis | P96: 503-515-1795 | Q96: Parkside_maint@ | T96: Brent Fabian | U96: 949-676-1880 | V96: 42604 | W96: 81-2776948 | X96: Parkside Apartments Gresham, LLC | Y96: 225 | AB96: Multnomah | AC96: Conventional | AD96: Family/All Age | AE96: George Grant | AF96: Megan Schellhorn
A97: MF | B97: Rashelle Wedgwood | C97: Toni Piccolo | D97: TOWNFAIR | E97: 1167 NW Wallula Ave | F97: Gresham | G97: OR | H97: 97030 | K97: Deanna Cann | L97: Townfair@ | M97: 503-666-8048 | N97: 503-665-7198 | O97: Steven Vincent | P97: 530-995-3242 | Q97: Townfair_maint@ | T97: Brent Fabian | U97: 949-676-1880 | V97: 42499 | W97: 81-1676521 | X97: Townfair Apartments Gresham, LLC | Y97: 265 | AB97: Multnomah | AC97: Conventional | AD97: Family/All Age | AE97: George Grant | AF97: Megan Schellhorn
A98: MF | B98: Rashelle Wedgwood | C98: Toni Piccolo | D98: WAVERLY GARDENS | E98: 20121 SE Stark St | F98: Portland | G98: OR | H98: 97233 | K98: Open Position | L98: Waverly@ | M98: 503-665-5558 | N98: 503-665-8845 | O98: Gilbert Campos | P98: 971-344-5501 | Q98: Waverly_maint@ | T98: Brent Fabian | U98: 949-676-1880 | V98: 42384 | W98: 47-5255971 | X98: Waverly Gardens Apartments, LLC | Y98: 146 | AB98: Multnomah | AC98: Conventional | AD98: Family/All Age | AE98: George Grant | AF98: Megan Schellhorn
A99: MF | B99: Rashelle Wedgwood | C99: Toni Piccolo | D99: WOODCREEK | E99: 20347 NE Halsey St | F99: Fairview | G99: OR | H99: 97024 | K99: Mia Elteto | L99: Woodcreek@ | M99: 503-667-4610 | N99: 503-665-1933 | O99: Jesus Lopez | P99: 971-212-0072 | Q99: Woodcreek_maint@ | T99: Brent Fabian | U99: 949-676-1880 | V99: 42300 | W99: 47-4184073 | X99: Woodcreek Apartments, LLC | Y99: 70 | AB99: Multnomah | AC99: Conventional | AD99: Family/All Age | AE99: George Grant | AF99: Megan Schellhorn
A100: MF | B100: Rashelle Wedgwood | C100: Toni Piccolo | D100: ORCHARD HILLS | E100: 1845 Leslie Rd | F100: Richland | G100: WA | H100: 99352 | K100: Jessica Estrada | L100: Orchard@ | M100: 509-627-1111 | N100: 509-627-2722 | O100: David Brown | Q100: Orchard_maint@ | T100: Brent Fabian | U100: 949-676-1880 | V100: 42747 | W100: 81-4313540 | X100: Orchard Hills Apartments, LLC | Y100: 142 | AB100: Benton | AC100: Conventional | AD100: Family/All Age | AE100: Bella Walton | AF100: Megan Schellhorn
...

Sheet Lists
A1: Resident Type | C1: Property Type | E1: Area Manager | F1: AM Cell | H1: Project Manager | I1: PM Cell
A2: Family/All Age | C2: Affordable: PB | E2: Ceairra Cardriche | F2: 651-398-8823 | H2: Brent Fabian | I2: 949-676-1880
A3: Senior & Family | C3: Affordable: PB + TC | E3: Shayleena Gaitan | F3: 801-618-5750 | H3: Chris Bowden | I3: 949-486-7153
A4: Senior/55+ | C4: Affordable: PB + TC + RD | E4: Cathy Wilbur | F4: 248-825-5249 | H4: Mark Prunier | I4: 949-486-7146
A5: Elderly/62+ | C5: Affordable: TC | E5: Clem Mitchell | F5: 678-358-4341 | H5: Nicholas Gardner | I5: 949-486-7121
C6: Conventional | E6: Corey Burton | F6: 763-957-2098
C7: MH Community | E7: Chris Hill | F7: 805-603-8240
A20: Payables | C20: Financials
A21: Bella Walton | C21: Megan Schellhorn | E21: Complaince
A22: Deborah Kemp | E22: Melany Pary
A23: Elizabeth Birrueta | E23: Shaun Broadnax
A24: George Grant | E24: Sharon Avellana

Sheet Supervisors
E1: TOTALS | F1: =SUM(F2:F19) -> 22143 | G1: =SUM(G2:G19) -> 343 | H1: =SUM(H2:H19) -> 22486 | I1: =SUM(I2:I19) -> 152
A2: REGIONAL MANAGERS | C2: TITLE | D2: Phone # | E2: Email | F2: # of Doors | G2: # of other | H2: TOTAL | I2: # of Sites
A3: Cheri Goss | D3: 949-486-7157 | E3: CGoss@ipgliving.com | F3: =SUMIF(Data!$C$3:$C$495,A3,Data!$Y$3:$Y$495) -> 1585 | G3: =SUMIF(Data!$C$3:$C$495,A3,Data!$AA$3:$AA$495) -> 1 | H3: =SUM(F3:G3) -> 1586 | I3: =COUNTIF(Data!$C$3:$C$495,Supervisors!A3) -> 13 | J3: =CONCATENATE(A3,B3,C3," ",D3," ",E3," Portfolio: ",H3," / ",I3," Properties") -> Cheri Goss 949-486-7157 CGoss@ipgliving.com Portfolio: 1586 / 13 Properties
A4: Danielle Schingen (1) | D4: 949-486-7138 | E4: DSchingen@ipgliving.com | F4: =SUMIF(Data!$C$3:$C$495,A4,Data!$Y$3:$Y$495) -> 1371 | G4: =SUMIF(Data!$C$3:$C$495,A4,Data!$AA$3:$AA$495) -> 0 | H4: =SUM(F4:G4) -> 1371 | I4: =COUNTIF(Data!$C$3:$C$495,Supervisors!A4) -> 10 | J4: =CONCATENATE(A4,B4,C4," ",D4," ",E4," Portfolio: ",H4," / ",I4," Properties") -> Danielle Schingen (1) 949-486-7138 DSchingen@ipgliving.com Portfolio: 1371 / 10 Properties
A5: Danielle Schingen (2) | D5: 949-486-7138 | E5: DSchingen@ipgliving.com | F5: =SUMIF(Data!$C$3:$C$495,A5,Data!$Y$3:$Y$495) -> 151 | G5: =SUMIF(Data!$C$3:$C$495,A5,Data!$AA$3:$AA$495) -> 0 | H5: =SUM(F5:G5) -> 151 | I5: =COUNTIF(Data!$C$3:$C$495,Supervisors!A5) -> 1 | J5: =CONCATENATE(A5,B5,C5," ",D5," ",E5," Portfolio: ",H5," / ",I5," Properties") -> Danielle Schingen (2) 949-486-7138 DSchingen@ipgliving.com Portfolio: 151 / 1 Properties
A6: Edith Alvarez | D6: 949-676‐1878 | E6: EAlvarez@ipgliving.com | F6: =SUMIF(Data!$C$3:$C$495,A6,Data!$Y$3:$Y$495) -> 2108 | G6: =SUMIF(Data!$C$3:$C$495,A6,Data!$AA$3:$AA$495) -> 5 | H6: =SUM(F6:G6) -> 2113 | I6: =COUNTIF(Data!$C$3:$C$495,Supervisors!A6) -> 9 | J6: =CONCATENATE(A6,B6,C6," ",D6," ",E6," Portfolio: ",H6," / ",I6," Properties") -> Edith Alvarez 949-676‐1878 EAlvarez@ipgliving.com Portfolio: 2113 / 9 Properties
A7: Hannah Porter | D7: 949-486-7120 | E7: HPorter@ipgliving.com | F7: =SUMIF(Data!$C$3:$C$495,A7,Data!$Y$3:$Y$495) -> 786 | G7: =SUMIF(Data!$C$3:$C$495,A7,Data!$AA$3:$AA$495) -> 0 | H7: =SUM(F7:G7) -> 786 | I7: =COUNTIF(Data!$C$3:$C$495,Supervisors!A7) -> 5 | J7: =CONCATENATE(A7,B7,C7," ",D7," ",E7," Portfolio: ",H7," / ",I7," Properties") -> Hannah Porter 949-486-7120 HPorter@ipgliving.com Portfolio: 786 / 5 Properties
A8: Jeannette Lockwood | D8: 949-486-7148 | E8: JLockwood@ipgliving.com | F8: =SUMIF(Data!$C$3:$C$495,A8,Data!$Y$3:$Y$495) -> 1245 | G8: =SUMIF(Data!$C$3:$C$495,A8,Data!$AA$3:$AA$495) -> 0 | H8: =SUM(F8:G8) -> 1245 | I8: =COUNTIF(Data!$C$3:$C$495,Supervisors!A8) -> 10 | J8: =CONCATENATE(A8,B8,C8," ",D8," ",E8," Portfolio: ",H8," / ",I8," Properties") -> Jeannette Lockwood 949-486-7148 JLockwood@ipgliving.com Portfolio: 1245 / 10 Properties
A9: Jennifer Peters | D9: 949-486-7122 | E9: JPeters@ipgliving.com | F9: =SUMIF(Data!$C$3:$C$495,A9,Data!$Y$3:$Y$495) -> 1534 | G9: =SUMIF(Data!$C$3:$C$495,A9,Data!$AA$3:$AA$495) -> 0 | H9: =SUM(F9:G9) -> 1534 | I9: =COUNTIF(Data!$C$3:$C$495,Supervisors!A9) -> 11 | J9: =CONCATENATE(A9,B9,C9," ",D9," ",E9," Portfolio: ",H9," / ",I9," Properties") -> Jennifer Peters 949-486-7122 JPeters@ipgliving.com Portfolio: 1534 / 11 Properties
A10: Jessica Hensley | D10: 949-486-7173 | E10: JHensley@ipgliving.com | F10: =SUMIF(Data!$C$3:$C$495,A10,Data!$Y$3:$Y$495) -> 1572 | G10: =SUMIF(Data!$C$3:$C$495,A10,Data!$AA$3:$AA$495) -> 24 | H10: =SUM(F10:G10) -> 1596 | I10: =COUNTIF(Data!$C$3:$C$495,Supervisors!A10) -> 11 | J10: =CONCATENATE(A10,B10,C10," ",D10," ",E10," Portfolio: ",H10," / ",I10," Properties") -> Jessica Hensley 949-486-7173 JHensley@ipgliving.com Portfolio: 1596 / 11 Properties
A11: Josh Van Noy | D11: 949-676-1881 | E11: JVanNoy@ipgliving.com | F11: =SUMIF(Data!$C$3:$C$495,A11,Data!$Y$3:$Y$495) -> 2034 | G11: =SUMIF(Data!$C$3:$C$495,A11,Data!$AA$3:$AA$495) -> 132 | H11: =SUM(F11:G11) -> 2166 | I11: =COUNTIF(Data!$C$3:$C$495,Supervisors!A11) -> 14 | J11: =CONCATENATE(A11,B11,C11," ",D11," ",E11," Portfolio: ",H11," / ",I11," Properties") -> Josh Van Noy 949-676-1881 JVanNoy@ipgliving.com Portfolio: 2166 / 14 Properties
A12: open - Jeanette covering | F12: =SUMIF(Data!$C$3:$C$495,A12,Data!$Y$3:$Y$495) -> 390 | G12: =SUMIF(Data!$C$3:$C$495,A12,Data!$AA$3:$AA$495) -> 68 | H12: =SUM(F12:G12) -> 458 | I12: =COUNTIF(Data!$C$3:$C$495,Supervisors!A12) -> 3 | J12: =CONCATENATE(A12,B12,C12," ",D12," ",E12," Portfolio: ",H12," / ",I12," Properties") -> open - Jeanette covering Portfolio: 458 / 3 Properties
A13: open - Jessica covering | F13: =SUMIF(Data!$C$3:$C$495,A13,Data!$Y$3:$Y$495) -> 769 | G13: =SUMIF(Data!$C$3:$C$495,A13,Data!$AA$3:$AA$495) -> 0 | H13: =SUM(F13:G13) -> 769 | I13: =COUNTIF(Data!$C$3:$C$495,Supervisors!A13) -> 5 | J13: =CONCATENATE(A13,B13,C13," ",D13," ",E13," Portfolio: ",H13," / ",I13," Properties") -> open - Jessica covering Portfolio: 769 / 5 Properties
A14: open - Scott covering | F14: =SUMIF(Data!$C$3:$C$495,A14,Data!$Y$3:$Y$495) -> 254 | G14: =SUMIF(Data!$C$3:$C$495,A14,Data!$AA$3:$AA$495) -> 0 | H14: =SUM(F14:G14) -> 254 | I14: =COUNTIF(Data!$C$3:$C$495,Supervisors!A14) -> 2 | J14: =CONCATENATE(A14,B14,C14," ",D14," ",E14," Portfolio: ",H14," / ",I14," Properties") -> open - Scott covering Portfolio: 254 / 2 Properties
A15: Melanie Fink | D15: 949-486-7161 | E15: MFink@ipgliving.com | F15: =SUMIF(Data!$C$3:$C$495,A15,Data!$Y$3:$Y$495) -> 1954 | G15: =SUMIF(Data!$C$3:$C$495,A15,Data!$AA$3:$AA$495) -> 107 | H15: =SUM(F15:G15) -> 2061 | I15: =COUNTIF(Data!$C$3:$C$495,Supervisors!A15) -> 15 | J15: =CONCATENATE(A15,B15,C15," ",D15," ",E15," Portfolio: ",H15," / ",I15," Properties") -> Melanie Fink 949-486-7161 MFink@ipgliving.com Portfolio: 2061 / 15 Properties
A16: Melina Miramonte | D16: 949-486-7151 | E16: MMiramonte@ipgliving.com | F16: =SUMIF(Data!$C$3:$C$495,A16,Data!$Y$3:$Y$495) -> 1867 | G16: =SUMIF(Data!$C$3:$C$495,A16,Data!$AA$3:$AA$495) -> 1 | H16: =SUM(F16:G16) -> 1868 | I16: =COUNTIF(Data!$C$3:$C$495,Supervisors!A16) -> 10 | J16: =CONCATENATE(A16,B16,C16," ",D16," ",E16," Portfolio: ",H16," / ",I16," Properties") -> Melina Miramonte 949-486-7151 MMiramonte@ipgliving.com Portfolio: 1868 / 10 Properties
A17: Scott Succo | D17: 949-486-7159 | E17: SSucco@ipgliving.com | F17: =SUMIF(Data!$C$3:$C$495,A17,Data!$Y$3:$Y$495) -> 1208 | G17: =SUMIF(Data!$C$3:$C$495,A17,Data!$AA$3:$AA$495) -> 5 | H17: =SUM(F17:G17) -> 1213 | I17: =COUNTIF(Data!$C$3:$C$495,Supervisors!A17) -> 12 | J17: =CONCATENATE(A17,B17,C17," ",D17," ",E17," Portfolio: ",H17," / ",I17," Properties") -> Scott Succo 949-486-7159 SSucco@ipgliving.com Portfolio: 1213 / 12 Properties
A18: Toni Piccolo | D18: 949-486-7162 | E18: TPiccolo@ipgliving.com | F18: =SUMIF(Data!$C$3:$C$495,A18,Data!$Y$3:$Y$495) -> 1299 | G18: =SUMIF(Data!$C$3:$C$495,A18,Data!$AA$3:$AA$495) -> 0 | H18: =SUM(F18:G18) -> 1299 | I18: =COUNTIF(Data!$C$3:$C$495,Supervisors!A18) -> 8 | J18: =CONCATENATE(A18,B18,C18," ",D18," ",E18," Portfolio: ",H18," / ",I18," Properties") -> Toni Piccolo 949-486-7162 TPiccolo@ipgliving.com Portfolio: 1299 / 8 Properties
A19: Valerie Avila | D19: 949-486-7175 | E19: VAvila@ipgliving.com | F19: =SUMIF(Data!$C$3:$C$495,A19,Data!$Y$3:$Y$495) -> 2016 | G19: =SUMIF(Data!$C$3:$C$495,A19,Data!$AA$3:$AA$495) -> 0 | H19: =SUM(F19:G19) -> 2016 | I19: =COUNTIF(Data!$C$3:$C$495,Supervisors!A19) -> 13 | J19: =CONCATENATE(A19,B19,C19," ",D19," ",E19," Portfolio: ",H19," / ",I19," Properties") -> Valerie Avila 949-486-7175 VAvila@ipgliving.com Portfolio: 2016 / 13 Properties
A21: PRESIDENT/VP/RVP/Etc. | C21: TITLE | D21: Phone # | E21: Email | F21: # of Doors | G21: # of other | H21: TOTAL | I21: # of Sites
A22: Julie Rodriguez | B22: , | C22: President | D22: 949-486-7141 | E22: JRodriguez@ipgliving.com | F22: =SUMIF(Data!$B$3:$B$495,A22,Data!$Y$3:$Y$495) -> 0 | G22: =SUMIF(Data!$B$3:$B$495,A22,Data!$AA$3:$AA$495) -> 0 | H22: =SUM(F22:G22) -> 0 | I22: =COUNTIF(Data!$B$3:$C$495,Supervisors!A22) -> 0 | J22: =CONCATENATE(A22,B22,C22," ",D22," ",E22," Portfolio: ",H22," / ",I22," Properties") -> Julie Rodriguez, President 949-486-7141 JRodriguez@ipgliving.com Portfolio: 0 / 0 Properties
A23: Tanya Vidaurri | B23: , | C23: Vice President of Property Management | D23: 949-535-3003 | E23: TVidaurri@ipgliving.com | F23: =SUMIF(Data!$B$3:$B$495,A23,Data!$Y$3:$Y$495) -> 6972 | G23: =SUMIF(Data!$B$3:$B$495,A23,Data!$AA$3:$AA$495) -> 97 | H23: =SUM(F23:G23) -> 7069 | I23: =COUNTIF(Data!$B$3:$C$495,Supervisors!A23) -> 54 | J23: =CONCATENATE(A23,B23,C23," ",D23," ",E23," Portfolio: ",H23," / ",I23," Properties") -> Tanya Vidaurri, Vice President of Property Management 949-535-3003 TVidaurri@ipgliving.com Portfolio: 7069 / 54 Properties
A24: Laura Rivera | B24: , | C24: Vice President of Affordability & Compliance | D24: 949-486-7152 | E24: LRivera@ipgliving.com | F24: =SUMIF(Data!$B$3:$B$495,A24,Data!$Y$3:$Y$495) -> 8096 | G24: =SUMIF(Data!$B$3:$B$495,A24,Data!$AA$3:$AA$495) -> 113 | H24: =SUM(F24:G24) -> 8209 | I24: =COUNTIF(Data!$B$3:$C$495,Supervisors!A24) -> 48 | J24: =CONCATENATE(A24,B24,C24," ",D24," ",E24," Portfolio: ",H24," / ",I24," Properties") -> Laura Rivera, Vice President of Affordability & Compliance 949-486-7152 LRivera@ipgliving.com Portfolio: 8209 / 48 Properties
A25: Rashelle Wedgwood | B25: , | C25: Regional Vice President | D25: 949-486-7135 | E25: RWedgwood@ipgliving.com | F25: =SUMIF(Data!$B$3:$B$495,A25,Data!$Y$3:$Y$495) -> 5490 | G25: =SUMIF(Data!$B$3:$B$495,A25,Data!$AA$3:$AA$495) -> 132 | H25: =SUM(F25:G25) -> 5622 | I25: =COUNTIF(Data!$B$3:$C$495,Supervisors!A25) -> 37 | J25: =CONCATENATE(A25,B25,C25," ",D25," ",E25," Portfolio: ",H25," / ",I25," Properties") -> Rashelle Wedgwood, Regional Vice President 949-486-7135 RWedgwood@ipgliving.com Portfolio: 5622 / 37 Properties
A26: Andrew Fritz | B26: , | C26: General Counsel & Regional Supervisor | D26: 949-266-9499 | E26: AFritz@ipgliving.com | F26: =SUMIF(Data!$B$3:$B$495,A26,Data!$Y$3:$Y$495) -> 1585 | G26: =SUMIF(Data!$B$3:$B$495,A26,Data!$AA$3:$AA$495) -> 1 | H26: =SUM(F26:G26) -> 1586 | I26: =COUNTIF(Data!$B$3:$C$495,Supervisors!A26) -> 13 | J26: =CONCATENATE(A26,B26,C26," ",D26," ",E26," Portfolio: ",H26," / ",I26," Properties") -> Andrew Fritz, General Counsel & Regional Supervisor 949-266-9499 AFritz@ipgliving.com Portfolio: 1586 / 13 Properties

Sheet Prop Data for Print
A1: VP | B1: RM | C1: PROPERTY/ ADDRESS | D1: CONTACT INFO | E1: MANAGER/STAFF | F1: Maintenance | G1: Area Manager | H1: Project Manager | I1: Acquisition | J1: Units / County | K1: Property Type | L1: Compliance | M1: Accounting | Q1: When "REF!" shows - copy row 2, paste to all below
A2: =Data!B3 -> Andrew Fritz | B2: =Data!C3 -> Cheri Goss | C2: =CONCATENATE(Data!D3,CHAR(10),Data!E3,CHAR(10),Data!F3, ", ",Data!G3," ",Data!H3) -> APPLE ACRES 975 E 1175 S Fruit Height, UT 84037 | D2: =CONCATENATE(Data!L3,CHAR(10),"PH: ",Data!M3,CHAR(10),"Fax: ",Data!N3) -> AppleAcres@ PH: 801- 391-3931 Fax: | E2: =CONCATENATE(Data!K3,CHAR(10),Data!I3) -> Patricia Blake mail: Willow Pines | F2: =CONCATENATE(Data!O3,CHAR(10),Data!P3,CHAR(10),Data!Q3) -> Rafaelito Rodriquez 801-745-5709 | G2: =CONCATENATE(Data!R3,CHAR(10),Data!S3) -> Shayleena Gaitan 801-618-5750 | H2: =CONCATENATE(Data!T3,CHAR(10),Data!U3) -> Brent Fabian 949-676-1880 | I2: =CONCATENATE(IF(Data!V3<>"",TEXT(Data!V3,"mm-dd-yyy"),""),CHAR(10),Data!W3,CHAR(10),Data!X3) -> 10-16-2019 84-2767474 Apple Acres MHC,LLC | J2: =IF(ISBLANK(Data!Z3),(Data!Y3&CHAR(10)&Data!AB3),(Data!Y3&CHAR(10)&Data!AA3&Data!Z3&CHAR(10)&Data!AB3)) -> 45 Davis | K2: =CONCATENATE(Data!AC3,CHAR(10),Data!AD3) -> MH Community Family/All Age | L2: =CONCATENATE(Data!AG3,CHAR(10),Data!AH3) | M2: =CONCATENATE(Data!AE3,CHAR(10),Data!AF3) -> Elizabeth Birrueta
A3: =Data!B4 -> Andrew Fritz | B3: =Data!C4 -> Cheri Goss | C3: =CONCATENATE(Data!D4,CHAR(10),Data!E4,CHAR(10),Data!F4, ", ",Data!G4," ",Data!H4) -> BONNEVILLE GARDENS 705 S Redwood Rd Salt Lake City, UT 84104 | D3: =CONCATENATE(Data!L4,CHAR(10),"PH: ",Data!M4,CHAR(10),"Fax: ",Data!N4) -> Bonneville@ PH: 801-973-8987 Fax: 801-973-8302 | E3: =CONCATENATE(Data!K4,CHAR(10),Data!I4) -> Simon Muirragui | F3: =CONCATENATE(Data!O4,CHAR(10),Data!P4,CHAR(10),Data!Q4) -> Jairo Castaneda 801-973-8987 Bonneville_tech1@ | G3: =CONCATENATE(Data!R4,CHAR(10),Data!S4) -> Shayleena Gaitan 801-618-5750 | H3: =CONCATENATE(Data!T4,CHAR(10),Data!U4) -> Brent Fabian 949-676-1880 | I3: =CONCATENATE(IF(Data!V4<>"",TEXT(Data!V4,"mm-dd-yyy"),""),CHAR(10),Data!W4,CHAR(10),Data!X4) -> 09-01-2006 46-0693641 Bonneville MHC, LLC | J3: =IF(ISBLANK(Data!Z4),(Data!Y4&CHAR(10)&Data!AB4),(Data!Y4&CHAR(10)&Data!AA4&Data!Z4&CHAR(10)&Data!AB4)) -> 120 Salt Lake | K3: =CONCATENATE(Data!AC4,CHAR(10),Data!AD4) -> MH Community Family/All Age | L3: =CONCATENATE(Data!AG4,CHAR(10),Data!AH4) | M3: =CONCATENATE(Data!AE4,CHAR(10),Data!AF4) -> Elizabeth Birrueta
A4: =Data!B5 -> Andrew Fritz | B4: =Data!C5 -> Cheri Goss | C4: =CONCATENATE(Data!D5,CHAR(10),Data!E5,CHAR(10),Data!F5, ", ",Data!G5," ",Data!H5) -> CAMBRIDGE COURT 1350 W 300 N #51A Clearfield, UT 84015 | D4: =CONCATENATE(Data!L5,CHAR(10),"PH: ",Data!M5,CHAR(10),"Fax: ",Data!N5) -> CambridgePark@ PH: 801-973-8987 Fax: | E4: =CONCATENATE(Data!K5,CHAR(10),Data!I5) -> Mitch Rabenstein | F4: =CONCATENATE(Data!O5,CHAR(10),Data!P5,CHAR(10),Data!Q5) -> Rafaelito Rodriquez 801-745-5709 CambridgePark_tech1@ | G4: =CONCATENATE(Data!R5,CHAR(10),Data!S5) -> Shayleena Gaitan 801-618-5750 | H4: =CONCATENATE(Data!T5,CHAR(10),Data!U5) -> Brent Fabian 949-676-1880 | I4: =CONCATENATE(IF(Data!V5<>"",TEXT(Data!V5,"mm-dd-yyy"),""),CHAR(10),Data!W5,CHAR(10),Data!X5) -> 01-07-2019 83-2687542 Cambridge Court MHC, LLC | J4: =IF(ISBLANK(Data!Z5),(Data!Y5&CHAR(10)&Data!AB5),(Data!Y5&CHAR(10)&Data!AA5&Data!Z5&CHAR(10)&Data!AB5)) -> 78 Davis | K4: =CONCATENATE(Data!AC5,CHAR(10),Data!AD5) -> MH Community Family/All Age | L4: =CONCATENATE(Data!AG5,CHAR(10),Data!AH5) | M4: =CONCATENATE(Data!AE5,CHAR(10),Data!AF5) -> Elizabeth Birrueta
A5: =Data!B6 -> Andrew Fritz | B5: =Data!C6 -> Cheri Goss | C5: =CONCATENATE(Data!D6,CHAR(10),Data!E6,CHAR(10),Data!F6, ", ",Data!G6," ",Data!H6) -> CINNAMON RIDGE 300 E 2500 N North Logan, UT 84341 | D5: =CONCATENATE(Data!L6,CHAR(10),"PH: ",Data!M6,CHAR(10),"Fax: ",Data!N6) -> PH: 435-799-7618 Fax: | E5: =CONCATENATE(Data!K6,CHAR(10),Data!I6) -> Laura Van Noy mail & email: Palatial Living | F5: =CONCATENATE(Data!O6,CHAR(10),Data!P6,CHAR(10),Data!Q6) -> George Sisk 435-232-8825 CinnamonRidge_tech1@ | G5: =CONCATENATE(Data!R6,CHAR(10),Data!S6) -> Shayleena Gaitan 801-618-5750 | H5: =CONCATENATE(Data!T6,CHAR(10),Data!U6) -> Brent Fabian 949-676-1880 | I5: =CONCATENATE(IF(Data!V6<>"",TEXT(Data!V6,"mm-dd-yyy"),""),CHAR(10),Data!W6,CHAR(10),Data!X6) -> 12-09-2020 85-3010477 Cinnamon Ridge MHC, LLC | J5: =IF(ISBLANK(Data!Z6),(Data!Y6&CHAR(10)&Data!AB6),(Data!Y6&CHAR(10)&Data!AA6&Data!Z6&CHAR(10)&Data!AB6)) -> 60 Cache | K5: =CONCATENATE(Data!AC6,CHAR(10),Data!AD6) -> MH Community Family/All Age | L5: =CONCATENATE(Data!AG6,CHAR(10),Data!AH6) | M5: =CONCATENATE(Data!AE6,CHAR(10),Data!AF6) -> Elizabeth Birrueta
A6: =Data!B7 -> Andrew Fritz | B6: =Data!C7 -> Cheri Goss | C6: =CONCATENATE(Data!D7,CHAR(10),Data!E7,CHAR(10),Data!F7, ", ",Data!G7," ",Data!H7) -> COTTONWOOD COVES 300 E Gordon Ln Murray, UT 84107 | D6: =CONCATENATE(Data!L7,CHAR(10),"PH: ",Data!M7,CHAR(10),"Fax: ",Data!N7) -> Cottonwood@ PH: 801-266-2631 Fax: 801-268-6414 | E6: =CONCATENATE(Data!K7,CHAR(10),Data!I7) -> Nicolas Cordova | F6: =CONCATENATE(Data!O7,CHAR(10),Data!P7,CHAR(10),Data!Q7) -> Walter Gavin 801-647-2187 | G6: =CONCATENATE(Data!R7,CHAR(10),Data!S7) -> Shayleena Gaitan 801-618-5750 | H6: =CONCATENATE(Data!T7,CHAR(10),Data!U7) -> Brent Fabian 949-676-1880 | I6: =CONCATENATE(IF(Data!V7<>"",TEXT(Data!V7,"mm-dd-yyy"),""),CHAR(10),Data!W7,CHAR(10),Data!X7) -> 02-26-2018 82-3796484 Cottonwood Coves MHC, LLC | J6: =IF(ISBLANK(Data!Z7),(Data!Y7&CHAR(10)&Data!AB7),(Data!Y7&CHAR(10)&Data!AA7&Data!Z7&CHAR(10)&Data!AB7)) -> 176 Salt Lake | K6: =CONCATENATE(Data!AC7,CHAR(10),Data!AD7) -> MH Community Senior/55+ | L6: =CONCATENATE(Data!AG7,CHAR(10),Data!AH7) | M6: =CONCATENATE(Data!AE7,CHAR(10),Data!AF7) -> Elizabeth Birrueta
A7: =Data!B8 -> Andrew Fritz | B7: =Data!C8 -> Cheri Goss | C7: =CONCATENATE(Data!D8,CHAR(10),Data!E8,CHAR(10),Data!F8, ", ",Data!G8," ",Data!H8) -> GREEN ACRES ESTATES 360 West 400 North Springville, UT 84663 | D7: =CONCATENATE(Data!L8,CHAR(10),"PH: ",Data!M8,CHAR(10),"Fax: ",Data!N8) -> GreenAcres@ PH: 385-505-4797 Fax: | E7: =CONCATENATE(Data!K8,CHAR(10),Data!I8) -> Shayleena Gaitan, Area Manager | F7: =CONCATENATE(Data!O8,CHAR(10),Data!P8,CHAR(10),Data!Q8) -> Juan Gaitan 801-671-5619 | G7: =CONCATENATE(Data!R8,CHAR(10),Data!S8) -> Shayleena Gaitan 801-618-5750 | H7: =CONCATENATE(Data!T8,CHAR(10),Data!U8) -> Brent Fabian 949-676-1880 | I7: =CONCATENATE(IF(Data!V8<>"",TEXT(Data!V8,"mm-dd-yyy"),""),CHAR(10),Data!W8,CHAR(10),Data!X8) -> 07-12-2022 88-2598238 IPG Capital Green Acres MHC, LLC | J7: =IF(ISBLANK(Data!Z8),(Data!Y8&CHAR(10)&Data!AB8),(Data!Y8&CHAR(10)&Data!AA8&Data!Z8&CHAR(10)&Data!AB8)) -> 75 Utah | K7: =CONCATENATE(Data!AC8,CHAR(10),Data!AD8) -> MH Community Family/All Age | L7: =CONCATENATE(Data!AG8,CHAR(10),Data!AH8) | M7: =CONCATENATE(Data!AE8,CHAR(10),Data!AF8) -> Elizabeth Birrueta
A8: =Data!B9 -> Andrew Fritz | B8: =Data!C9 -> Cheri Goss | C8: =CONCATENATE(Data!D9,CHAR(10),Data!E9,CHAR(10),Data!F9, ", ",Data!G9," ",Data!H9) -> MONTE VISTA 4595 S Monte Vista Dr Salt Lake City, UT 84123 | D8: =CONCATENATE(Data!L9,CHAR(10),"PH: ",Data!M9,CHAR(10),"Fax: ",Data!N9) -> MonteVista@ PH: 801-268-4401 Fax: | E8: =CONCATENATE(Data!K9,CHAR(10),Data!I9) -> Shellie McHaley mail: PO Box 571468 Murray, UT 84157 | F8: =CONCATENATE(Data!O9,CHAR(10),Data!P9,CHAR(10),Data!Q9) -> Trent McHaley 801-875-0024 | G8: =CONCATENATE(Data!R9,CHAR(10),Data!S9) -> Shayleena Gaitan 801-618-5750 | H8: =CONCATENATE(Data!T9,CHAR(10),Data!U9) -> Brent Fabian 949-676-1880 | I8: =CONCATENATE(IF(Data!V9<>"",TEXT(Data!V9,"mm-dd-yyy"),""),CHAR(10),Data!W9,CHAR(10),Data!X9) -> 05-22-2017 82-0901201 Monte Vista MHC, LLC | J8: =IF(ISBLANK(Data!Z9),(Data!Y9&CHAR(10)&Data!AB9),(Data!Y9&CHAR(10)&Data!AA9&Data!Z9&CHAR(10)&Data!AB9)) -> 159 Salt Lake | K8: =CONCATENATE(Data!AC9,CHAR(10),Data!AD9) -> MH Community Senior/55+ | L8: =CONCATENATE(Data!AG9,CHAR(10),Data!AH9) | M8: =CONCATENATE(Data!AE9,CHAR(10),Data!AF9) -> Elizabeth Birrueta
A9: =Data!B10 -> Andrew Fritz | B9: =Data!C10 -> Cheri Goss | C9: =CONCATENATE(Data!D10,CHAR(10),Data!E10,CHAR(10),Data!F10, ", ",Data!G10," ",Data!H10) -> PALATIAL LIVING 410 W 725 N Logan, UT 84321 | D9: =CONCATENATE(Data!L10,CHAR(10),"PH: ",Data!M10,CHAR(10),"Fax: ",Data!N10) -> Palatial@ PH: 435-899-1754 Fax: | E9: =CONCATENATE(Data!K10,CHAR(10),Data!I10) -> Laura Van Noy | F9: =CONCATENATE(Data!O10,CHAR(10),Data!P10,CHAR(10),Data!Q10) -> George Sisk 435-232-8825 | G9: =CONCATENATE(Data!R10,CHAR(10),Data!S10) -> Shayleena Gaitan 801-618-5750 | H9: =CONCATENATE(Data!T10,CHAR(10),Data!U10) -> Brent Fabian 949-676-1880 | I9: =CONCATENATE(IF(Data!V10<>"",TEXT(Data!V10,"mm-dd-yyy"),""),CHAR(10),Data!W10,CHAR(10),Data!X10) -> 01-17-2020 84-3618037 Palatial Living MHC, LLC | J9: =IF(ISBLANK(Data!Z10),(Data!Y10&CHAR(10)&Data!AB10),(Data!Y10&CHAR(10)&Data!AA10&Data!Z10&CHAR(10)&Data!AB10)) -> 122 Cache | K9: =CONCATENATE(Data!AC10,CHAR(10),Data!AD10) -> MH Community Family/All Age | L9: =CONCATENATE(Data!AG10,CHAR(10),Data!AH10) | M9: =CONCATENATE(Data!AE10,CHAR(10),Data!AF10) -> Elizabeth Birrueta
A10: =Data!B11 -> Andrew Fritz | B10: =Data!C11 -> Cheri Goss | C10: =CONCATENATE(Data!D11,CHAR(10),Data!E11,CHAR(10),Data!F11, ", ",Data!G11," ",Data!H11) -> RIDGEWOOD ESTATES 2875 N Hill Field Rd Layton, UT 84041 | D10: =CONCATENATE(Data!L11,CHAR(10),"PH: ",Data!M11,CHAR(10),"Fax: ",Data!N11) -> Ridgewood@ PH: 801-825-5422 Fax: | E10: =CONCATENATE(Data!K11,CHAR(10),Data!I11) -> Cecilia Avitia-Fiddler | F10: =CONCATENATE(Data!O11,CHAR(10),Data!P11,CHAR(10),Data!Q11) -> Calvin Honneywell 385-519-2271 | G10: =CONCATENATE(Data!R11,CHAR(10),Data!S11) -> Shayleena Gaitan 801-618-5750 | H10: =CONCATENATE(Data!T11,CHAR(10),Data!U11) -> Brent Fabian 949-676-1880 | I10: =CONCATENATE(IF(Data!V11<>"",TEXT(Data!V11,"mm-dd-yyy"),""),CHAR(10),Data!W11,CHAR(10),Data!X11) -> 02-26-2021 85-4212259 Ridgewood Estates MHC, LLC | J10: =IF(ISBLANK(Data!Z11),(Data!Y11&CHAR(10)&Data!AB11),(Data!Y11&CHAR(10)&Data!AA11&Data!Z11&CHAR(10)&Data!AB11)) -> 200 Davis | K10: =CONCATENATE(Data!AC11,CHAR(10),Data!AD11) -> MH Community Family/All Age | L10: =CONCATENATE(Data!AG11,CHAR(10),Data!AH11) | M10: =CONCATENATE(Data!AE11,CHAR(10),Data!AF11) -> Elizabeth Birrueta
A11: =Data!B12 -> Andrew Fritz | B11: =Data!C12 -> Cheri Goss | C11: =CONCATENATE(Data!D12,CHAR(10),Data!E12,CHAR(10),Data!F12, ", ",Data!G12," ",Data!H12) -> TIMPANOGOS VILLAGE pending Acquisition 155 1200 W Orem, UT 84058 | D11: =CONCATENATE(Data!L12,CHAR(10),"PH: ",Data!M12,CHAR(10),"Fax: ",Data!N12) -> PH: 801-225-2500 Fax: | E11: =CONCATENATE(Data!K12,CHAR(10),Data!I12) -> pending Acquisition est. 3/31 to 5/21 | F11: =CONCATENATE(Data!O12,CHAR(10),Data!P12,CHAR(10),Data!Q12) | G11: =CONCATENATE(Data!R12,CHAR(10),Data!S12) -> Shayleena Gaitan 801-618-5750 | H11: =CONCATENATE(Data!T12,CHAR(10),Data!U12) -> Brent Fabian 949-676-1880 | I11: =CONCATENATE(IF(Data!V12<>"",TEXT(Data!V12,"mm-dd-yyy"),""),CHAR(10),Data!W12,CHAR(10),Data!X12) | J11: =IF(ISBLANK(Data!Z12),(Data!Y12&CHAR(10)&Data!AB12),(Data!Y12&CHAR(10)&Data!AA12&Data!Z12&CHAR(10)&Data!AB12)) -> 142 Utah | K11: =CONCATENATE(Data!AC12,CHAR(10),Data!AD12) -> MH Community Family/All Age | L11: =CONCATENATE(Data!AG12,CHAR(10),Data!AH12) | M11: =CONCATENATE(Data!AE12,CHAR(10),Data!AF12) -> Elizabeth Birrueta
A12: =Data!B13 -> Andrew Fritz | B12: =Data!C13 -> Cheri Goss | C12: =CONCATENATE(Data!D13,CHAR(10),Data!E13,CHAR(10),Data!F13, ", ",Data!G13," ",Data!H13) -> WILLOW PINES 680 N Main St #A-1 Kaysville, UT 84037 | D12: =CONCATENATE(Data!L13,CHAR(10),"PH: ",Data!M13,CHAR(10),"Fax: ",Data!N13) -> WillowPines@ PH: 801-644-7612 Fax: | E12: =CONCATENATE(Data!K13,CHAR(10),Data!I13) -> Patricia Blake | F12: =CONCATENATE(Data!O13,CHAR(10),Data!P13,CHAR(10),Data!Q13) -> Rafaelito Rodriquez 801-745-5709 | G12: =CONCATENATE(Data!R13,CHAR(10),Data!S13) -> Shayleena Gaitan 801-618-5750 | H12: =CONCATENATE(Data!T13,CHAR(10),Data!U13) -> Brent Fabian 949-676-1880 | I12: =CONCATENATE(IF(Data!V13<>"",TEXT(Data!V13,"mm-dd-yyy"),""),CHAR(10),Data!W13,CHAR(10),Data!X13) -> 07-12-2019 84-1876882 Willow Pines MHC, LLC | J12: =IF(ISBLANK(Data!Z13),(Data!Y13&CHAR(10)&Data!AB13),(Data!Y13&CHAR(10)&Data!AA13&Data!Z13&CHAR(10)&Data!AB13)) -> 120 1SFR (stick built) Davis | K12: =CONCATENATE(Data!AC13,CHAR(10),Data!AD13) -> MH Community Family/All Age | L12: =CONCATENATE(Data!AG13,CHAR(10),Data!AH13) | M12: =CONCATENATE(Data!AE13,CHAR(10),Data!AF13) -> Elizabeth Birrueta
A13: =Data!B14 -> Andrew Fritz | B13: =Data!C14 -> Cheri Goss | C13: =CONCATENATE(Data!D14,CHAR(10),Data!E14,CHAR(10),Data!F14, ", ",Data!G14," ",Data!H14) -> WINCHESTER ESTATES 6409 S 990 W Murray, UT 84123 | D13: =CONCATENATE(Data!L14,CHAR(10),"PH: ",Data!M14,CHAR(10),"Fax: ",Data!N14) -> Winchester@ PH: 801-262-3101 Fax: 801-401-7835 | E13: =CONCATENATE(Data!K14,CHAR(10),Data!I14) -> Shayleena Gaitan, Area Manager | F13: =CONCATENATE(Data!O14,CHAR(10),Data!P14,CHAR(10),Data!Q14) -> Juan Gaitan 801-671-5619 | G13: =CONCATENATE(Data!R14,CHAR(10),Data!S14) -> Shayleena Gaitan 801-618-5750 | H13: =CONCATENATE(Data!T14,CHAR(10),Data!U14) -> Brent Fabian 949-676-1880 | I13: =CONCATENATE(IF(Data!V14<>"",TEXT(Data!V14,"mm-dd-yyy"),""),CHAR(10),Data!W14,CHAR(10),Data!X14) -> 01-11-2016 84-21082357 Winchester MHC, LLC | J13: =IF(ISBLANK(Data!Z14),(Data!Y14&CHAR(10)&Data!AB14),(Data!Y14&CHAR(10)&Data!AA14&Data!Z14&CHAR(10)&Data!AB14)) -> 242 Salt Lake | K13: =CONCATENATE(Data!AC14,CHAR(10),Data!AD14) -> MH Community Senior/55+ | L13: =CONCATENATE(Data!AG14,CHAR(10),Data!AH14) | M13: =CONCATENATE(Data!AE14,CHAR(10),Data!AF14) -> Elizabeth Birrueta
... A74: =Data!B75 -> Rashelle Wedgwood | B74: =Data!C75 -> Hannah Porter | C74: =CONCATENATE(Data!D75,CHAR(10),Data!E75,CHAR(10),Data!F75, ", ",Data!G75," ",Data!H75) -> HANGAR 128 13031 8th Ave W Everett, WA 98204 | D74: =CONCATENATE(Data!L75,CHAR(10),"PH: ",Data!M75,CHAR(10),"Fax: ",Data!N75) -> Hangar128@ PH: 425-347-0900 Fax: 425-610-4130 | E74: =CONCATENATE(Data!K75,CHAR(10),Data!I75) -> Melissa Goldberg | F74: =CONCATENATE(Data!O75,CHAR(10),Data!P75,CHAR(10),Data!Q75) -> Todd Brennan Hangar_maint@ | G74: =CONCATENATE(Data!R75,CHAR(10),Data!S75) | H74: =CONCATENATE(Data!T75,CHAR(10),Data!U75) -> Brent Fabian 949-676-1880 | I74: =CONCATENATE(IF(Data!V75<>"",TEXT(Data!V75,"mm-dd-yyy"),""),CHAR(10),Data!W75,CHAR(10),Data!X75) -> 02-15-2017 81-5143786 Hangar 128 Apartments, LLC | J74: =IF(ISBLANK(Data!Z75),(Data!Y75&CHAR(10)&Data!AB75),(Data!Y75&CHAR(10)&Data!AA75&Data!Z75&CHAR(10)&Data!AB75)) -> 223 Snohomish | K74: =CONCATENATE(Data!AC75,CHAR(10),Data!AD75) -> Conventional Family/All Age | L74: =CONCATENATE(Data!AG75,CHAR(10),Data!AH75) | M74: =CONCATENATE(Data!AE75,CHAR(10),Data!AF75) -> Bella Walton Megan Schellhorn
A75: =Data!B76 -> Rashelle Wedgwood | B75: =Data!C76 -> Hannah Porter | C75: =CONCATENATE(Data!D76,CHAR(10),Data!E76,CHAR(10),Data!F76, ", ",Data!G76," ",Data!H76) -> PORTAGE GREEN 20227 80th Ave NE #3 Arlington, WA 98223 | D75: =CONCATENATE(Data!L76,CHAR(10),"PH: ",Data!M76,CHAR(10),"Fax: ",Data!N76) -> Portage@ PH: 360-435-1066 Fax: 360-435-6313 | E75: =CONCATENATE(Data!J76,CHAR(10),Data!I76) | F75: =CONCATENATE(Data!O76,CHAR(10),Data!P76,CHAR(10),Data!Q76) | G75: =CONCATENATE(Data!R76,CHAR(10),Data!S76) | H75: =CONCATENATE(Data!T76,CHAR(10),Data!U76) -> Brent Fabian 949-676-1880 | I75: =CONCATENATE(IF(Data!V76<>"",TEXT(Data!V76,"mm-dd-yyy"),""),CHAR(10),Data!W76,CHAR(10),Data!X76) -> 04-28-2005 51-0549377 Portage Green MHC, LLC | J75: =IF(ISBLANK(Data!Z76),(Data!Y76&CHAR(10)&Data!AB76),(Data!Y76&CHAR(10)&Data!AA76&Data!Z76&CHAR(10)&Data!AB76)) -> 79 Snohomish | K75: =CONCATENATE(Data!AC76,CHAR(10),Data!AD76) -> MH Community Family/All Age | L75: =CONCATENATE(Data!AG76,CHAR(10),Data!AH76) | M75: =CONCATENATE(Data!AE76,CHAR(10),Data!AF76) -> Deborah Kemp
A76: =Data!B77 -> Rashelle Wedgwood | B76: =Data!C77 -> Hannah Porter | C76: =CONCATENATE(Data!D77,CHAR(10),Data!E77,CHAR(10),Data!F77, ", ",Data!G77," ",Data!H77) -> VALLEY VIEW 700 North Reed St #41 Sedro Woolley, WA 98284 | D76: =CONCATENATE(Data!L77,CHAR(10),"PH: ",Data!M77,CHAR(10),"Fax: ",Data!N77) -> ValleyView@ PH: 360-856-4551 Fax: 360-856-5772 | E76: =CONCATENATE(Data!K77,CHAR(10),Data!I77) -> Robert Olp | F76: =CONCATENATE(Data!O77,CHAR(10),Data!P77,CHAR(10),Data!Q77) | G76: =CONCATENATE(Data!R77,CHAR(10),Data!S77) | H76: =CONCATENATE(Data!T77,CHAR(10),Data!U77) -> Brent Fabian 949-676-1880 | I76: =CONCATENATE(IF(Data!V77<>"",TEXT(Data!V77,"mm-dd-yyy"),""),CHAR(10),Data!W77,CHAR(10),Data!X77) -> 09-26-2011 90-0749044 Valley View MHC, LLC | J76: =IF(ISBLANK(Data!Z77),(Data!Y77&CHAR(10)&Data!AB77),(Data!Y77&CHAR(10)&Data!AA77&Data!Z77&CHAR(10)&Data!AB77)) -> 104 Skagit | K76: =CONCATENATE(Data!AC77,CHAR(10),Data!AD77) -> MH Community Family/All Age | L76: =CONCATENATE(Data!AG77,CHAR(10),Data!AH77) | M76: =CONCATENATE(Data!AE77,CHAR(10),Data!AF77) -> Deborah Kemp
A77: =Data!B78 -> Rashelle Wedgwood | B77: =Data!C78 -> Hannah Porter | C77: =CONCATENATE(Data!D78,CHAR(10),Data!E78,CHAR(10),Data!F78, ", ",Data!G78," ",Data!H78) -> WATERFORD pending Disposition 2020 Lake Heights Dr Everett, WA 98208 | D77: =CONCATENATE(Data!L78,CHAR(10),"PH: ",Data!M78,CHAR(10),"Fax: ",Data!N78) -> Waterford@ PH: 425-337-9270 Fax: 425-337-9280 | E77: =CONCATENATE(Data!K78,CHAR(10),Data!I78) -> Lauren Harris Disposition est. 3/18 to 4/17 | F77: =CONCATENATE(Data!O78,CHAR(10),Data!P78,CHAR(10),Data!Q78) -> Open Position Waterford_maint@ | G77: =CONCATENATE(Data!R78,CHAR(10),Data!S78) | H77: =CONCATENATE(Data!T78,CHAR(10),Data!U78) -> Brent Fabian 949-676-1880 | I77: =CONCATENATE(IF(Data!V78<>"",TEXT(Data!V78,"mm-dd-yyy"),""),CHAR(10),Data!W78,CHAR(10),Data!X78) -> 10-11-2016 84-1869590 Waterford Apartments, LLC | J77: =IF(ISBLANK(Data!Z78),(Data!Y78&CHAR(10)&Data!AB78),(Data!Y78&CHAR(10)&Data!AA78&Data!Z78&CHAR(10)&Data!AB78)) -> 200 Snohomish | K77: =CONCATENATE(Data!AC78,CHAR(10),Data!AD78) -> Conventional Family/All Age | L77: =CONCATENATE(Data!AG78,CHAR(10),Data!AH78) | M77: =CONCATENATE(Data!AE78,CHAR(10),Data!AF78) -> Bella Walton Megan Schellhorn
A78: =Data!B79 -> Rashelle Wedgwood | B78: =Data!C79 -> Josh Van Noy | C78: =CONCATENATE(Data!D79,CHAR(10),Data!E79,CHAR(10),Data!F79, ", ",Data!G79," ",Data!H79) -> ALYSON MANOR ESTATES 2021 Mahan Ave Richland, WA 99354 | D78: =CONCATENATE(Data!L79,CHAR(10),"PH: ",Data!M79,CHAR(10),"Fax: ",Data!N79) -> Alyson@ PH: 509-940-9050 Fax: | E78: =CONCATENATE(Data!K79,CHAR(10),Data!I79) -> Adrianna Hickson | F78: =CONCATENATE(Data!O79,CHAR(10),Data!P79,CHAR(10),Data!Q79) -> Kyle Ellis | G78: =CONCATENATE(Data!R79,CHAR(10),Data!S79) | H78: =CONCATENATE(Data!T79,CHAR(10),Data!U79) -> Chris Bowden 949-486-7153 | I78: =CONCATENATE(IF(Data!V79<>"",TEXT(Data!V79,"mm-dd-yyy"),""),CHAR(10),Data!W79,CHAR(10),Data!X79) -> 08-10-2016 81-2877481 Alyson/Richland MHC, LLC | J78: =IF(ISBLANK(Data!Z79),(Data!Y79&CHAR(10)&Data!AB79),(Data!Y79&CHAR(10)&Data!AA79&Data!Z79&CHAR(10)&Data!AB79)) -> 127 Benton | K78: =CONCATENATE(Data!AC79,CHAR(10),Data!AD79) -> MH Community Family/All Age | L78: =CONCATENATE(Data!AG79,CHAR(10),Data!AH79) | M78: =CONCATENATE(Data!AE79,CHAR(10),Data!AF79) -> Deborah Kemp
A79: =Data!B80 -> Rashelle Wedgwood | B79: =Data!C80 -> Josh Van Noy | C79: =CONCATENATE(Data!D80,CHAR(10),Data!E80,CHAR(10),Data!F80, ", ",Data!G80," ",Data!H80) -> BROADMOOR 55 W Washington Ave Yakima, WA 98903 | D79: =CONCATENATE(Data!L80,CHAR(10),"PH: ",Data!M80,CHAR(10),"Fax: ",Data!N80) -> Broadmoor@ PH: 509-457-8038 Fax: 509-457-2045 | E79: =CONCATENATE(Data!K80,CHAR(10),Data!I80) -> Justina Bauer | F79: =CONCATENATE(Data!O80,CHAR(10),Data!P80,CHAR(10),Data!Q80) -> Deshawn Stephens 509-833-6917 | G79: =CONCATENATE(Data!R80,CHAR(10),Data!S80) | H79: =CONCATENATE(Data!T80,CHAR(10),Data!U80) -> Chris Bowden 949-486-7153 | I79: =CONCATENATE(IF(Data!V80<>"",TEXT(Data!V80,"mm-dd-yyy"),""),CHAR(10),Data!W80,CHAR(10),Data!X80) -> 10-31-2018 83-1910433 Broadmoor MHC, LLC | J79: =IF(ISBLANK(Data!Z80),(Data!Y80&CHAR(10)&Data!AB80),(Data!Y80&CHAR(10)&Data!AA80&Data!Z80&CHAR(10)&Data!AB80)) -> 200 Yamiz | K79: =CONCATENATE(Data!AC80,CHAR(10),Data!AD80) -> MH Community Senior/55+ | L79: =CONCATENATE(Data!AG80,CHAR(10),Data!AH80) | M79: =CONCATENATE(Data!AE80,CHAR(10),Data!AF80) -> Deborah Kemp
A80: =Data!B81 -> Rashelle Wedgwood | B80: =Data!C81 -> Josh Van Noy | C80: =CONCATENATE(Data!D81,CHAR(10),Data!E81,CHAR(10),Data!F81, ", ",Data!G81," ",Data!H81) -> BROOKHOLLOW MHC 2500 Allen St Kelso, WA 98626 | D80: =CONCATENATE(Data!L81,CHAR(10),"PH: ",Data!M81,CHAR(10),"Fax: ",Data!N81) -> Brookhollow@ PH: 360-577-6276 Fax: | E80: =CONCATENATE(Data!K81,CHAR(10),Data!I81) -> Chuck Garcia | F80: =CONCATENATE(Data!O81,CHAR(10),Data!P81,CHAR(10),Data!Q81) -> Josh Watson 202-300-1788 Brookhollow_maint@ | G80: =CONCATENATE(Data!R81,CHAR(10),Data!S81) | H80: =CONCATENATE(Data!T81,CHAR(10),Data!U81) -> Chris Bowden 949-486-7153 | I80: =CONCATENATE(IF(Data!V81<>"",TEXT(Data!V81,"mm-dd-yyy"),""),CHAR(10),Data!W81,CHAR(10),Data!X81) -> 01-29-2016 38-3817983 Brookhollow MHC, LLC | J80: =IF(ISBLANK(Data!Z81),(Data!Y81&CHAR(10)&Data!AB81),(Data!Y81&CHAR(10)&Data!AA81&Data!Z81&CHAR(10)&Data!AB81)) -> 194 Cowlitz | K80: =CONCATENATE(Data!AC81,CHAR(10),Data!AD81) -> MH Community Senior/55+ | L80: =CONCATENATE(Data!AG81,CHAR(10),Data!AH81) | M80: =CONCATENATE(Data!AE81,CHAR(10),Data!AF81) -> Deborah Kemp
A81: =Data!B82 -> Rashelle Wedgwood | B81: =Data!C82 -> Josh Van Noy | C81: =CONCATENATE(Data!D82,CHAR(10),Data!E82,CHAR(10),Data!F82, ", ",Data!G82," ",Data!H82) -> BROOKHOLLOW RV 2506 Allen St Kelso, WA 98626 | D81: =CONCATENATE(Data!L82,CHAR(10),"PH: ",Data!M82,CHAR(10),"Fax: ",Data!N82) -> BrookhollowRV@ PH: 360-577-6474 Fax: | E81: =CONCATENATE(Data!K82,CHAR(10),Data!I82) -> Chuck Garcia | F81: =CONCATENATE(Data!O82,CHAR(10),Data!P82,CHAR(10),Data!Q82) -> Josh Watson 202-300-1788 Brookhollow_maint@ | G81: =CONCATENATE(Data!R82,CHAR(10),Data!S82) | H81: =CONCATENATE(Data!T82,CHAR(10),Data!U82) -> Chris Bowden 949-486-7153 | I81: =CONCATENATE(IF(Data!V82<>"",TEXT(Data!V82,"mm-dd-yyy"),""),CHAR(10),Data!W82,CHAR(10),Data!X82) -> 01-29-2016 37-1608067 Brookhollow RV, LLC | J81: =IF(ISBLANK(Data!Z82),(Data!Y82&CHAR(10)&Data!AB82),(Data!Y82&CHAR(10)&Data!AA82&Data!Z82&CHAR(10)&Data!AB82)) -> 0 132RV Park Cowlitz | K81: =CONCATENATE(Data!AC82,CHAR(10),Data!AD82) -> MH Community Family/All Age | L81: =CONCATENATE(Data!AG82,CHAR(10),Data!AH82) | M81: =CONCATENATE(Data!AE82,CHAR(10),Data!AF82) -> Deborah Kemp
A82: =Data!B83 -> Rashelle Wedgwood | B82: =Data!C83 -> Josh Van Noy | C82: =CONCATENATE(Data!D83,CHAR(10),Data!E83,CHAR(10),Data!F83, ", ",Data!G83," ",Data!H83) -> COLUMBIA TERRACE ESTATES 5400 Meeker Dr # 15 Kalama, WA 98625 | D82: =CONCATENATE(Data!L83,CHAR(10),"PH: ",Data!M83,CHAR(10),"Fax: ",Data!N83) -> Columbia@ PH: 360-430-5122 Fax: 360-326-7030 | E82: =CONCATENATE(Data!K83,CHAR(10),Data!I83) -> Christine Perez | F82: =CONCATENATE(Data!O83,CHAR(10),Data!P83,CHAR(10),Data!Q83) -> Lowell Fittro Columbia_tech1@ | G82: =CONCATENATE(Data!R83,CHAR(10),Data!S83) | H82: =CONCATENATE(Data!T83,CHAR(10),Data!U83) -> Chris Bowden 949-486-7153 | I82: =CONCATENATE(IF(Data!V83<>"",TEXT(Data!V83,"mm-dd-yyy"),""),CHAR(10),Data!W83,CHAR(10),Data!X83) -> 5/16/20218 82-4871624 Columbia Terrace MHC, LLC | J82: =IF(ISBLANK(Data!Z83),(Data!Y83&CHAR(10)&Data!AB83),(Data!Y83&CHAR(10)&Data!AA83&Data!Z83&CHAR(10)&Data!AB83)) -> 128 Cowlitz | K82: =CONCATENATE(Data!AC83,CHAR(10),Data!AD83) -> MH Community Family/All Age | L82: =CONCATENATE(Data!AG83,CHAR(10),Data!AH83) | M82: =CONCATENATE(Data!AE83,CHAR(10),Data!AF83) -> Deborah Kemp
A83: =Data!B84 -> Rashelle Wedgwood | B83: =Data!C84 -> Josh Van Noy | C83: =CONCATENATE(Data!D84,CHAR(10),Data!E84,CHAR(10),Data!F84, ", ",Data!G84," ",Data!H84) -> COUNTRY CLUB ESTATES 23708 Locust Way Bothell, WA 98021 | D83: =CONCATENATE(Data!L84,CHAR(10),"PH: ",Data!M84,CHAR(10),"Fax: ",Data!N84) -> CountryClub@ PH: 425-481-5900 Fax: 360-416-0968 | E83: =CONCATENATE(Data!K84,CHAR(10),Data!I84) -> Lucy Yelistratova | F83: =CONCATENATE(Data!O84,CHAR(10),Data!P84,CHAR(10),Data!Q84) -> Hugo Perez | G83: =CONCATENATE(Data!R84,CHAR(10),Data!S84) | H83: =CONCATENATE(Data!T84,CHAR(10),Data!U84) -> Chris Bowden 949-486-7153 | I83: =CONCATENATE(IF(Data!V84<>"",TEXT(Data!V84,"mm-dd-yyy"),""),CHAR(10),Data!W84,CHAR(10),Data!X84) -> 12-13-2013 46-3466443 Country Club Senior Estates, LLC | J83: =IF(ISBLANK(Data!Z84),(Data!Y84&CHAR(10)&Data!AB84),(Data!Y84&CHAR(10)&Data!AA84&Data!Z84&CHAR(10)&Data!AB84)) -> 137 King | K83: =CONCATENATE(Data!AC84,CHAR(10),Data!AD84) -> MH Community Family/All Age | L83: =CONCATENATE(Data!AG84,CHAR(10),Data!AH84) | M83: =CONCATENATE(Data!AE84,CHAR(10),Data!AF84) -> Deborah Kemp
A84: =Data!B85 -> Rashelle Wedgwood | B84: =Data!C85 -> Josh Van Noy | C84: =CONCATENATE(Data!D85,CHAR(10),Data!E85,CHAR(10),Data!F85, ", ",Data!G85," ",Data!H85) -> COUNTRY MANOR 15619 NE Caples Rd #33 Brush Prairie, WA 98606 | D84: =CONCATENATE(Data!L85,CHAR(10),"PH: ",Data!M85,CHAR(10),"Fax: ",Data!N85) -> CountryManor@ PH: 360-256-6120 Fax: | E84: =CONCATENATE(Data!K85,CHAR(10),Data!I85) -> Shirley Shook | F84: =CONCATENATE(Data!O85,CHAR(10),Data!P85,CHAR(10),Data!Q85) -> David Shook | G84: =CONCATENATE(Data!R85,CHAR(10),Data!S85) | H84: =CONCATENATE(Data!T85,CHAR(10),Data!U85) -> Chris Bowden 949-486-7153 | I84: =CONCATENATE(IF(Data!V85<>"",TEXT(Data!V85,"mm-dd-yyy"),""),CHAR(10),Data!W85,CHAR(10),Data!X85) -> 10-15-2018 83-1182648 Country Manor Estates MHC, LLC | J84: =IF(ISBLANK(Data!Z85),(Data!Y85&CHAR(10)&Data!AB85),(Data!Y85&CHAR(10)&Data!AA85&Data!Z85&CHAR(10)&Data!AB85)) -> 159 Clark | K84: =CONCATENATE(Data!AC85,CHAR(10),Data!AD85) -> MH Community Family/All Age | L84: =CONCATENATE(Data!AG85,CHAR(10),Data!AH85) | M84: =CONCATENATE(Data!AE85,CHAR(10),Data!AF85) -> Deborah Kemp
A85: =Data!B86 -> Rashelle Wedgwood | B85: =Data!C86 -> Josh Van Noy | C85: =CONCATENATE(Data!D86,CHAR(10),Data!E86,CHAR(10),Data!F86, ", ",Data!G86," ",Data!H86) -> DUVALL HIGHLANDS 28000 NE 142nd Pl Duvall, WA 98019 | D85: =CONCATENATE(Data!L86,CHAR(10),"PH: ",Data!M86,CHAR(10),"Fax: ",Data!N86) -> Duvall@ PH: 425-788-4778 Fax: 425-844-6034 | E85: =CONCATENATE(Data!K86,CHAR(10),Data!I86) -> Gayla Williams | F85: =CONCATENATE(Data!O86,CHAR(10),Data!P86,CHAR(10),Data!Q86) -> Nicholas Kiepke | G85: =CONCATENATE(Data!R86,CHAR(10),Data!S86) | H85: =CONCATENATE(Data!T86,CHAR(10),Data!U86) -> Chris Bowden 949-486-7153 | I85: =CONCATENATE(IF(Data!V86<>"",TEXT(Data!V86,"mm-dd-yyy"),""),CHAR(10),Data!W86,CHAR(10),Data!X86) -> 04-12-2006 06-1757892 Duvall Highlands MHC, LLC | J85: =IF(ISBLANK(Data!Z86),(Data!Y86&CHAR(10)&Data!AB86),(Data!Y86&CHAR(10)&Data!AA86&Data!Z86&CHAR(10)&Data!AB86)) -> 150 King | K85: =CONCATENATE(Data!AC86,CHAR(10),Data!AD86) -> MH Community Family/All Age | L85: =CONCATENATE(Data!AG86,CHAR(10),Data!AH86) | M85: =CONCATENATE(Data!AE86,CHAR(10),Data!AF86) -> Deborah Kemp
A86: =Data!B87 -> Rashelle Wedgwood | B86: =Data!C87 -> Josh Van Noy | C86: =CONCATENATE(Data!D87,CHAR(10),Data!E87,CHAR(10),Data!F87, ", ",Data!G87," ",Data!H87) -> FAIR OAKS ESTATES 5404 NE 121st Ave Vancouver, WA 98682 | D86: =CONCATENATE(Data!L87,CHAR(10),"PH: ",Data!M87,CHAR(10),"Fax: ",Data!N87) -> FairOaks@ PH: 360-892-9950 Fax: 360-892-1230 | E86: =CONCATENATE(Data!K87,CHAR(10),Data!I87) -> Terry Mudroch | F86: =CONCATENATE(Data!O87,CHAR(10),Data!P87,CHAR(10),Data!Q87) -> Joseph Mahoney | G86: =CONCATENATE(Data!R87,CHAR(10),Data!S87) | H86: =CONCATENATE(Data!T87,CHAR(10),Data!U87) -> Chris Bowden 949-486-7153 | I86: =CONCATENATE(IF(Data!V87<>"",TEXT(Data!V87,"mm-dd-yyy"),""),CHAR(10),Data!W87,CHAR(10),Data!X87) -> 10-31-2002 48-1271671 Fair Oaks Estates, LLC | J86: =IF(ISBLANK(Data!Z87),(Data!Y87&CHAR(10)&Data!AB87),(Data!Y87&CHAR(10)&Data!AA87&Data!Z87&CHAR(10)&Data!AB87)) -> 110 Clark | K86: =CONCATENATE(Data!AC87,CHAR(10),Data!AD87) -> MH Community Senior/55+ | L86: =CONCATENATE(Data!AG87,CHAR(10),Data!AH87) | M86: =CONCATENATE(Data!AE87,CHAR(10),Data!AF87) -> Deborah Kemp
A87: =Data!B88 -> Rashelle Wedgwood | B87: =Data!C88 -> Josh Van Noy | C87: =CONCATENATE(Data!D88,CHAR(10),Data!E88,CHAR(10),Data!F88, ", ",Data!G88," ",Data!H88) -> LITTLE MOUNTAIN ESTATES 2610 E Section St #122 Mt. Vernon, WA 98274 | D87: =CONCATENATE(Data!L88,CHAR(10),"PH: ",Data!M88,CHAR(10),"Fax: ",Data!N88) -> LittleMountain@ PH: 360-424-6946 Fax: 360-416-0968 | E87: =CONCATENATE(Data!K88,CHAR(10),Data!I88) -> Ashley Purdue | F87: =CONCATENATE(Data!O88,CHAR(10),Data!P88,CHAR(10),Data!Q88) | G87: =CONCATENATE(Data!R88,CHAR(10),Data!S88) | H87: =CONCATENATE(Data!T88,CHAR(10),Data!U88) -> Chris Bowden 949-486-7153 | I87: =CONCATENATE(IF(Data!V88<>"",TEXT(Data!V88,"mm-dd-yyy"),""),CHAR(10),Data!W88,CHAR(10),Data!X88) -> 02-20-2004 56-2424391 Little Mountain Estates MHC, LLC | J87: =IF(ISBLANK(Data!Z88),(Data!Y88&CHAR(10)&Data!AB88),(Data!Y88&CHAR(10)&Data!AA88&Data!Z88&CHAR(10)&Data!AB88)) -> 122 Skagit | K87: =CONCATENATE(Data!AC88,CHAR(10),Data!AD88) -> MH Community Senior/55+ | L87: =CONCATENATE(Data!AG88,CHAR(10),Data!AH88) | M87: =CONCATENATE(Data!AE88,CHAR(10),Data!AF88) -> Deborah Kemp
... A153: =Data!B154 -> Tanya Vidaurri | B153: =Data!C154 -> Scott Succo | C153: =CONCATENATE(Data!D154,CHAR(10),Data!E154,CHAR(10),Data!F154, ", ",Data!G154," ",Data!H154) -> WOODBURN SENIOR ESTATES 1999 Jansen Way Woodburn, OR 97071 | D153: =CONCATENATE(Data!L154,CHAR(10),"PH: ",Data!M154,CHAR(10),"Fax: ",Data!N154) -> Woodburn@ PH: 503-982-0110 Fax: | E153: =CONCATENATE(Data!K154,CHAR(10),Data!I154) -> James Boardman | F153: =CONCATENATE(Data!O154,CHAR(10),Data!P154,CHAR(10),Data!Q154) -> Zimmy Harder | G153: =CONCATENATE(Data!R154,CHAR(10),Data!S154) | H153: =CONCATENATE(Data!T154,CHAR(10),Data!U154) -> Chris Bowden 949-486-7153 | I153: =CONCATENATE(IF(Data!V154<>"",TEXT(Data!V154,"mm-dd-yyy"),""),CHAR(10),Data!W154,CHAR(10),Data!X154) -> 08-11-2009 04-3597449 Woodburn Senior Estates, LLC | J153: =IF(ISBLANK(Data!Z154),(Data!Y154&CHAR(10)&Data!AB154),(Data!Y154&CHAR(10)&Data!AA154&Data!Z154&CHAR(10)&Data!AB154)) -> 82 Marion | K153: =CONCATENATE(Data!AC154,CHAR(10),Data!AD154) -> MH Community Senior/55+ | L153: =CONCATENATE(Data!AG154,CHAR(10),Data!AH154) | M153: =CONCATENATE(Data!AE154,CHAR(10),Data!AF154) -> Elizabeth Birrueta

Sheet Print by RM
A2: PROPERTY Address | B2: OFFICE CONTACT | C2: MANAGER Property Notes | D2: MAINTENANCE Super or Lead Contact Info | E2: Area Manager | F2: Project Manager | G2: Acquisition EIN Legal Name | H2: Units County | I2: Property Type Resident Type | J2: Compliance Schedule | K2: Payables Financials
A4: =Supervisors!J26 -> Andrew Fritz, General Counsel & Regional Supervisor 949-266-9499 AFritz@ipgliving.com Portfolio: 1586 / 13 Properties
A5: =Supervisors!J3 -> Cheri Goss 949-486-7157 CGoss@ipgliving.com Portfolio: 1586 / 13 Properties
A6: ='Prop Data for Print'!C2 -> APPLE ACRES 975 E 1175 S Fruit Height, UT 84037 | B6: ='Prop Data for Print'!D2 -> AppleAcres@ PH: 801- 391-3931 Fax: | C6: ='Prop Data for Print'!E2 -> Patricia Blake mail: Willow Pines | D6: ='Prop Data for Print'!F2 -> Rafaelito Rodriquez 801-745-5709 | E6: ='Prop Data for Print'!G2 -> Shayleena Gaitan 801-618-5750 | F6: ='Prop Data for Print'!H2 -> Brent Fabian 949-676-1880 | G6: ='Prop Data for Print'!I2 -> 10-16-2019 84-2767474 Apple Acres MHC,LLC | H6: ='Prop Data for Print'!J2 -> 45 Davis | ... K6: ='Prop Data for Print'!M2 -> Elizabeth Birrueta
A7: ='Prop Data for Print'!C3 -> BONNEVILLE GARDENS 705 S Redwood Rd Salt Lake City, UT 84104 | B7: ='Prop Data for Print'!D3 -> Bonneville@ PH: 801-973-8987 Fax: 801-973-8302 | C7: ='Prop Data for Print'!E3 -> Simon Muirragui | D7: ='Prop Data for Print'!F3 -> Jairo Castaneda 801-973-8987 Bonneville_tech1@ | E7: ='Prop Data for Print'!G3 -> Shayleena Gaitan 801-618-5750 | F7: ='Prop Data for Print'!H3 -> Brent Fabian 949-676-1880 | G7: ='Prop Data for Print'!I3 -> 09-01-2006 46-0693641 Bonneville MHC, LLC | H7: ='Prop Data for Print'!J3 -> 120 Salt Lake | ... K7: ='Prop Data for Print'!M3 -> Elizabeth Birrueta
A8: ='Prop Data for Print'!C4 -> CAMBRIDGE COURT 1350 W 300 N #51A Clearfield, UT 84015 | B8: ='Prop Data for Print'!D4 -> CambridgePark@ PH: 801-973-8987 Fax: | C8: ='Prop Data for Print'!E4 -> Mitch Rabenstein | D8: ='Prop Data for Print'!F4 -> Rafaelito Rodriquez 801-745-5709 CambridgePark_tech1@ | E8: ='Prop Data for Print'!G4 -> Shayleena Gaitan 801-618-5750 | F8: ='Prop Data for Print'!H4 -> Brent Fabian 949-676-1880 | G8: ='Prop Data for Print'!I4 -> 01-07-2019 83-2687542 Cambridge Court MHC, LLC | H8: ='Prop Data for Print'!J4 -> 78 Davis | ... K8: ='Prop Data for Print'!M4 -> Elizabeth Birrueta
A9: ='Prop Data for Print'!C5 -> CINNAMON RIDGE 300 E 2500 N North Logan, UT 84341 | B9: ='Prop Data for Print'!D5 -> PH: 435-799-7618 Fax: | C9: ='Prop Data for Print'!E5 -> Laura Van Noy mail & email: Palatial Living | D9: ='Prop Data for Print'!F5 -> George Sisk 435-232-8825 CinnamonRidge_tech1@ | E9: ='Prop Data for Print'!G5 -> Shayleena Gaitan 801-618-5750 | F9: ='Prop Data for Print'!H5 -> Brent Fabian 949-676-1880 | G9: ='Prop Data for Print'!I5 -> 12-09-2020 85-3010477 Cinnamon Ridge MHC, LLC | H9: ='Prop Data for Print'!J5 -> 60 Cache | ... K9: ='Prop Data for Print'!M5 -> Elizabeth Birrueta
A10: ='Prop Data for Print'!C6 -> COTTONWOOD COVES 300 E Gordon Ln Murray, UT 84107 | B10: ='Prop Data for Print'!D6 -> Cottonwood@ PH: 801-266-2631 Fax: 801-268-6414 | C10: ='Prop Data for Print'!E6 -> Nicolas Cordova | D10: ='Prop Data for Print'!F6 -> Walter Gavin 801-647-2187 | E10: ='Prop Data for Print'!G6 -> Shayleena Gaitan 801-618-5750 | F10: ='Prop Data for Print'!H6 -> Brent Fabian 949-676-1880 | G10: ='Prop Data for Print'!I6 -> 02-26-2018 82-3796484 Cottonwood Coves MHC, LLC | H10: ='Prop Data for Print'!J6 -> 176 Salt Lake | ... K10: ='Prop Data for Print'!M6 -> Elizabeth Birrueta
A11: ='Prop Data for Print'!C7 -> GREEN ACRES ESTATES 360 West 400 North Springville, UT 84663 | B11: ='Prop Data for Print'!D7 -> GreenAcres@ PH: 385-505-4797 Fax: | C11: ='Prop Data for Print'!E7 -> Shayleena Gaitan, Area Manager | D11: ='Prop Data for Print'!F7 -> Juan Gaitan 801-671-5619 | E11: ='Prop Data for Print'!G7 -> Shayleena Gaitan 801-618-5750 | F11: ='Prop Data for Print'!H7 -> Brent Fabian 949-676-1880 | G11: ='Prop Data for Print'!I7 -> 07-12-2022 88-2598238 IPG Capital Green Acres MHC, LLC | H11: ='Prop Data for Print'!J7 -> 75 Utah | ... K11: ='Prop Data for Print'!M7 -> Elizabeth Birrueta
A12: ='Prop Data for Print'!C8 -> MONTE VISTA 4595 S Monte Vista Dr Salt Lake City, UT 84123 | B12: ='Prop Data for Print'!D8 -> MonteVista@ PH: 801-268-4401 Fax: | C12: ='Prop Data for Print'!E8 -> Shellie McHaley mail: PO Box 571468 Murray, UT 84157 | D12: ='Prop Data for Print'!F8 -> Trent McHaley 801-875-0024 | E12: ='Prop Data for Print'!G8 -> Shayleena Gaitan 801-618-5750 | F12: ='Prop Data for Print'!H8 -> Brent Fabian 949-676-1880 | G12: ='Prop Data for Print'!I8 -> 05-22-2017 82-0901201 Monte Vista MHC, LLC | H12: ='Prop Data for Print'!J8 -> 159 Salt Lake | ... K12: ='Prop Data for Print'!M8 -> Elizabeth Birrueta
A13: ='Prop Data for Print'!C9 -> PALATIAL LIVING 410 W 725 N Logan, UT 84321 | B13: ='Prop Data for Print'!D9 -> Palatial@ PH: 435-899-1754 Fax: | C13: ='Prop Data for Print'!E9 -> Laura Van Noy | D13: ='Prop Data for Print'!F9 -> George Sisk 435-232-8825 | E13: ='Prop Data for Print'!G9 -> Shayleena Gaitan 801-618-5750 | F13: ='Prop Data for Print'!H9 -> Brent Fabian 949-676-1880 | G13: ='Prop Data for Print'!I9 -> 01-17-2020 84-3618037 Palatial Living MHC, LLC | H13: ='Prop Data for Print'!J9 -> 122 Cache | ... K13: ='Prop Data for Print'!M9 -> Elizabeth Birrueta
A14: ='Prop Data for Print'!C10 -> RIDGEWOOD ESTATES 2875 N Hill Field Rd Layton, UT 84041 | B14: ='Prop Data for Print'!D10 -> Ridgewood@ PH: 801-825-5422 Fax: | C14: ='Prop Data for Print'!E10 -> Cecilia Avitia-Fiddler | D14: ='Prop Data for Print'!F10 -> Calvin Honneywell 385-519-2271 | E14: ='Prop Data for Print'!G10 -> Shayleena Gaitan 801-618-5750 | F14: ='Prop Data for Print'!H10 -> Brent Fabian 949-676-1880 | G14: ='Prop Data for Print'!I10 -> 02-26-2021 85-4212259 Ridgewood Estates MHC, LLC | H14: ='Prop Data for Print'!J10 -> 200 Davis | ... K14: ='Prop Data for Print'!M10 -> Elizabeth Birrueta
A15: ='Prop Data for Print'!C11 -> TIMPANOGOS VILLAGE pending Acquisition 155 1200 W Orem, UT 84058 | B15: ='Prop Data for Print'!D11 -> PH: 801-225-2500 Fax: | C15: ='Prop Data for Print'!E11 -> pending Acquisition est. 3/31 to 5/21 | D15: ='Prop Data for Print'!F11 | E15: ='Prop Data for Print'!G11 -> Shayleena Gaitan 801-618-5750 | F15: ='Prop Data for Print'!H11 -> Brent Fabian 949-676-1880 | G15: ='Prop Data for Print'!I11 | H15: ='Prop Data for Print'!J11 -> 142 Utah | ... K15: ='Prop Data for Print'!M11 -> Elizabeth Birrueta
A16: ='Prop Data for Print'!C12 -> WILLOW PINES 680 N Main St #A-1 Kaysville, UT 84037 | B16: ='Prop Data for Print'!D12 -> WillowPines@ PH: 801-644-7612 Fax: | C16: ='Prop Data for Print'!E12 -> Patricia Blake | D16: ='Prop Data for Print'!F12 -> Rafaelito Rodriquez 801-745-5709 | E16: ='Prop Data for Print'!G12 -> Shayleena Gaitan 801-618-5750 | F16: ='Prop Data for Print'!H12 -> Brent Fabian 949-676-1880 | G16: ='Prop Data for Print'!I12 -> 07-12-2019 84-1876882 Willow Pines MHC, LLC | H16: ='Prop Data for Print'!J12 -> 120 1SFR (stick built) Davis | ... K16: ='Prop Data for Print'!M12 -> Elizabeth Birrueta
A17: ='Prop Data for Print'!C13 -> WINCHESTER ESTATES 6409 S 990 W Murray, UT 84123 | B17: ='Prop Data for Print'!D13 -> Winchester@ PH: 801-262-3101 Fax: 801-401-7835 | C17: ='Prop Data for Print'!E13 -> Shayleena Gaitan, Area Manager | D17: ='Prop Data for Print'!F13 -> Juan Gaitan 801-671-5619 | E17: ='Prop Data for Print'!G13 -> Shayleena Gaitan 801-618-5750 | F17: ='Prop Data for Print'!H13 -> Brent Fabian 949-676-1880 | G17: ='Prop Data for Print'!I13 -> 01-11-2016 84-21082357 Winchester MHC, LLC | H17: ='Prop Data for Print'!J13 -> 242 Salt Lake | ... K17: ='Prop Data for Print'!M13 -> Elizabeth Birrueta
A18: ='Prop Data for Print'!C14 -> WOODHAVEN 680 W 500 S #45 West Bountiful, UT 84087 | B18: ='Prop Data for Print'!D14 -> WoodHaven@ PH: 801-631-0009 Fax: | C18: ='Prop Data for Print'!E14 -> Open Position mail: Cambridge Court | D18: ='Prop Data for Print'!F14 -> Rafaelito Rodriquez 801-745-5709 | E18: ='Prop Data for Print'!G14 -> Shayleena Gaitan 801-618-5750 | F18: ='Prop Data for Print'!H14 -> Brent Fabian 949-676-1880 | G18: ='Prop Data for Print'!I14 -> 09-13-2019 84-2612645 Woodhaven MHC ,LLC | H18: ='Prop Data for Print'!J14 -> 46 Davis | ... K18: ='Prop Data for Print'!M14 -> Elizabeth Birrueta
A19: =Supervisors!J24 -> Laura Rivera, Vice President of Affordability & Compliance 949-486-7152 LRivera@ipgliving.com Portfolio: 8209 / 48 Properties
A20: =Supervisors!J5 -> Danielle Schingen (2) 949-486-7138 DSchingen@ipgliving.com Portfolio: 151 / 1 Properties
A21: ='Prop Data for Print'!C15 -> BLAISDELL 2200 Blaisdell Ave S Minneapolis, MN 55404 | B21: ='Prop Data for Print'!D15 -> Blaisdell@ PH: 612-872-2489 Fax: | C21: ='Prop Data for Print'!E15 -> Corey Burton, Area Manager | D21: ='Prop Data for Print'!F15 -> Osmar Martinez Blaisdell_maint@ | E21: ='Prop Data for Print'!G15 -> Corey Burton 763-957-2098 | F21: ='Prop Data for Print'!H15 -> Mark Prunier 949-486-7146 | G21: ='Prop Data for Print'!I15 -> 06-11-2019 83-4576456 Blaisdell Portfolio, LLC | H21: ='Prop Data for Print'!J15 -> 151 Hennepin | ... K21: ='Prop Data for Print'!M15 -> George Grant Megan Schellhorn
A22: =Supervisors!J6 -> Edith Alvarez 949-676‐1878 EAlvarez@ipgliving.com Portfolio: 2113 / 9 Properties
A23: ='Prop Data for Print'!C16 -> SUMMERCREST 2615 E Plaza Blvd National City, CA 91950 | B23: ='Prop Data for Print'!D16 -> Summercrest_mgr@ PH: 619-475-2125 Fax: 619-475-8271 | C23: ='Prop Data for Print'!E16 -> Ronald Muniz | D23: ='Prop Data for Print'!F16 -> Kenny Hoffman 760-504-7519 Summercrest_maint@ | E23: ='Prop Data for Print'!G16 | F23: ='Prop Data for Print'!H16 -> Mark Prunier 949-486-7146 | G23: ='Prop Data for Print'!I16 -> 02-01-2018 82-3433412 Summercrest Apartment Associates, LP | H23: ='Prop Data for Print'!J16 -> 372 San Diego | ... K23: ='Prop Data for Print'!M16 -> Bella Walton Megan Schellhorn
A24: ='Prop Data for Print'!C17 -> LENOX SUMMIT 2449 E Club Dr NE Brookhaven, GA 30319 | B24: ='Prop Data for Print'!D17 -> LenoxSummit@ PH: 404-231-1580 Fax: 404-231-1580 | C24: ='Prop Data for Print'!E17 -> Clem Mitchell, Area Manager | D24: ='Prop Data for Print'!F17 -> Shawn Lassiter 404-749-8738 LenoxSummit_maint@ | E24: ='Prop Data for Print'!G17 -> Clem Mitchell 678-358-4341 | F24: ='Prop Data for Print'!H17 -> Mark Prunier 949-486-7146 | G24: ='Prop Data for Print'!I17 -> 02-01-2018 82-3482748 Ashton Lenox Summit Apartment Associates, LP | H24: ='Prop Data for Print'!J17 -> 212 DeKalb | ... K24: ='Prop Data for Print'!M17 -> Bella Walton Megan Schellhorn
A25: ='Prop Data for Print'!C18 -> PARK TRACE 700 Atlanta Ave Decatur , GA 30030 | B25: ='Prop Data for Print'!D18 -> ParkTrace@ PH: 404-371-0887 Fax: 404-378-5752 | C25: ='Prop Data for Print'!E18 -> Shay Barnswel | D25: ='Prop Data for Print'!F18 -> Shawn Lassiter 404-749-8738 ParkTrace_maint@ | E25: ='Prop Data for Print'!G18 -> Clem Mitchell 678-358-4341 | F25: ='Prop Data for Print'!H18 -> Mark Prunier 949-486-7146 | G25: ='Prop Data for Print'!I18 -> 02-01-2018 82-3454564 Park Trace Apartment Associates, LP | H25: ='Prop Data for Print'!J18 -> 170 DeKalb | ... K25: ='Prop Data for Print'!M18 -> Bella Walton Megan Schellhorn
A26: ='Prop Data for Print'!C19 -> KAPUNA ONE 1015 N School Street Honolulu, HI 96817 | B26: ='Prop Data for Print'!D19 -> Kapuna@ PH: 808-845-2130 Fax: 808-845-6684 | C26: ='Prop Data for Print'!E19 -> Sherry Prevo | D26: ='Prop Data for Print'!F19 -> Conan Palimo'o -Kahue 808-725-0928 Kapuna_maint@ | E26: ='Prop Data for Print'!G19 | F26: ='Prop Data for Print'!H19 -> Mark Prunier 949-486-7146 | G26: ='Prop Data for Print'!I19 -> 10-22-2012 82-3548686 Kapuna Apartments Associates, LP | H26: ='Prop Data for Print'!J19 -> 162 Honolulu | ... K26: ='Prop Data for Print'!M19 -> Bella Walton Megan Schellhorn
A27: ='Prop Data for Print'!C20 -> OAKLAND PARK TOWERS II 930 John R Rd Troy, MI 48083 | B27: ='Prop Data for Print'!D20 -> OaklandPark@ PH: 248-585-9340 Fax: 248-585-5629 | C27: ='Prop Data for Print'!E20 -> Cathy Wilbur, Area Manager | D27: ='Prop Data for Print'!F20 -> Andrew Collier 313-452-4199 OPTmaintenance@ | E27: ='Prop Data for Print'!G20 -> Cathy Wilbur 248-825-5249 | F27: ='Prop Data for Print'!H20 -> Mark Prunier 949-486-7146 | G27: ='Prop Data for Print'!I20 -> 12-01-2010 82-4428801 Oakland Park Towers II Limited Dividend Housing Associates, LP | H27: ='Prop Data for Print'!J20 -> 300 Oakland | ... K27: ='Prop Data for Print'!M20 -> Bella Walton Megan Schellhorn
A28: ='Prop Data for Print'!C21 -> WHISPERING WOODS 1450 Whispering Woods Dr Waterford, MI 48327 | B28: ='Prop Data for Print'!D21 -> Whispering@ PH: 248-363-2775 Fax: 248-363-3419 | C28: ='Prop Data for Print'!E21 -> Vivenne Henry | D28: ='Prop Data for Print'!F21 -> Brandon Spicer 586-260-2921 Whispering_maint@ | E28: ='Prop Data for Print'!G21 | F28: ='Prop Data for Print'!H21 -> Mark Prunier 949-486-7146 | G28: ='Prop Data for Print'!I21 -> 02-01-2018 47-3010756 Whispering Woods Limited Dividend Housing Association, LLC | H28: ='Prop Data for Print'!J21 -> 192 Oakland | ... K28: ='Prop Data for Print'!M21 -> Bella Walton Megan Schellhorn
A29: ='Prop Data for Print'!C22 -> PARKVIEW 1121 N 12th Ave Minneapolis, MN 55411 | B29: ='Prop Data for Print'!D22 -> Parkview@ PH: 612-377-4050 Fax: 612-377-1497 | C29: ='Prop Data for Print'!E22 -> Shabnam Hakim | D29: ='Prop Data for Print'!F22 -> James Gbanjah 651-797-8716 Parkview_maint@ | E29: ='Prop Data for Print'!G22 -> Cathy Wilbur 248-825-5249 | F29: ='Prop Data for Print'!H22 -> Mark Prunier 949-486-7146 | G29: ='Prop Data for Print'!I22 -> 08-01-2011 83-3080110 Parkview Apartment Associates, LP | H29: ='Prop Data for Print'!J22 -> 224 Hennepin | ... K29: ='Prop Data for Print'!M22 -> Bella Walton Megan Schellhorn
A30: ='Prop Data for Print'!C23 -> ASPEN RIVER PARK 17 Oxford St Newark, NJ 07105 | B30: ='Prop Data for Print'!D23 -> AspenRiverpark@ PH: 973-465-0360 Fax: 973-465-1937 | C30: ='Prop Data for Print'!E23 -> Open Position | D30: ='Prop Data for Print'!F23 -> James Spearman Aspen_maint@ | E30: ='Prop Data for Print'!G23 -> Cathy Wilbur 248-825-5249 | F30: ='Prop Data for Print'!H23 -> Mark Prunier 949-486-7146 | G30: ='Prop Data for Print'!I23 -> 01-09-2017 46-5083318 Aspen Riverpark Associates, LP | H30: ='Prop Data for Print'!J23 -> 261 5Commercial Essex | ... K30: ='Prop Data for Print'!M23 -> Bella Walton Megan Schellhorn
A31: ='Prop Data for Print'!C24 -> IDLEWILD CREEK 1 Landmark Dr Cornwall, NY 12518 | B31: ='Prop Data for Print'!D24 -> Idlewild@ PH: 845-534-2333 Fax: 845-534-2299 | C31: ='Prop Data for Print'!E24 -> Fred Jones | D31: ='Prop Data for Print'!F24 -> Open Position Idlewild_maint@ | E31: ='Prop Data for Print'!G24 | F31: ='Prop Data for Print'!H24 -> Mark Prunier 949-486-7146 | G31: ='Prop Data for Print'!I24 -> 12-18-2015 47-4368970 Idlewild Creek Apartments, LP | H31: ='Prop Data for Print'!J24 -> 215 Orange | ... K31: ='Prop Data for Print'!M24 -> Bella Walton Megan Schellhorn
A32: =Supervisors!J15 -> Melanie Fink 949-486-7161 MFink@ipgliving.com Portfolio: 2061 / 15 Properties
A33: ='Prop Data for Print'!C25 -> ALPINE MOBILE ESTATES 7300 32nd Ave NE, #10 Olympia, WA 98516 | B33: ='Prop Data for Print'!D25 -> AlpineEstates@ PH: 360-491-8577 Fax: | C33: ='Prop Data for Print'!E25 -> Marshelle Casano | D33: ='Prop Data for Print'!F25 -> Dan Buck | E33: ='Prop Data for Print'!G25 | F33: ='Prop Data for Print'!H25 -> Chris Bowden 949-486-7153 | G33: ='Prop Data for Print'!I25 -> 12-21-2020 85-4134408 Alpine Mobile Estates MHC, LLC | H33: ='Prop Data for Print'!J25 -> 50 Thurston | ... K33: ='Prop Data for Print'!M25 -> Deborah Kemp
A34: ='Prop Data for Print'!C26 -> AUBURN GREEN 602 29th St Se Auburn, WA 98002 | B34: ='Prop Data for Print'!D26 -> Auburn@ PH: 253-735-1940 Fax: | C34: ='Prop Data for Print'!E26 -> John Bristol | D34: ='Prop Data for Print'!F26 -> DeJesus Filogonio Auburn_maint@ | E34: ='Prop Data for Print'!G26 | F34: ='Prop Data for Print'!H26 -> Chris Bowden 949-486-7153 | G34: ='Prop Data for Print'!I26 -> 06-16-2005 59-3805590 Auburn Green MHC, LLC | H34: ='Prop Data for Print'!J26 -> 100 King | ... K34: ='Prop Data for Print'!M26 -> Deborah Kemp
A35: ='Prop Data for Print'!C27 -> AUBURN HILLS 31101 116th Ave Se #72 Auburn, WA 98092 | B35: ='Prop Data for Print'!D27 -> AuburnHills@ PH: 253-939-7975 Fax: | C35: ='Prop Data for Print'!E27 -> Robinn Turner | D35: ='Prop Data for Print'!F27 | E35: ='Prop Data for Print'!G27 | F35: ='Prop Data for Print'!H27 -> Chris Bowden 949-486-7153 | G35: ='Prop Data for Print'!I27 -> 12-01-2025 39-4821703 Auburn Hills MHC, LLC | H35: ='Prop Data for Print'!J27 -> 99 King | ... K35: ='Prop Data for Print'!M27 -> Deborah Kemp
A36: ='Prop Data for Print'!C28 -> CAMELOT ESTATES 5307 State Hwy 303 NE #170 Bremerton, WA 98311 | B36: ='Prop Data for Print'!D28 -> Camelot@ PH: 360-373-6767 Fax: | C36: ='Prop Data for Print'!E28 -> Renee West | D36: ='Prop Data for Print'!F28 -> Sean Dawson | E36: ='Prop Data for Print'!G28 | F36: ='Prop Data for Print'!H28 -> Chris Bowden 949-486-7153 | G36: ='Prop Data for Print'!I28 -> 07-17-2017 82-2176626 Camelot Estates MHC, LLC | H36: ='Prop Data for Print'!J28 -> 155 Kitsap | ... K36: ='Prop Data for Print'!M28 -> Deborah Kemp
A37: ='Prop Data for Print'!C29 -> CRYSTAL POINTE 8111 195th St E #28 Spanaway, WA 98387 | B37: ='Prop Data for Print'!D29 -> Crystal@ PH: 253-847-4054 Fax: | C37: ='Prop Data for Print'!E29 -> Jill Frost | D37: ='Prop Data for Print'!F29 -> James Nace 253-761-6423 | E37: ='Prop Data for Print'!G29 | F37: ='Prop Data for Print'!H29 -> Chris Bowden 949-486-7153 | G37: ='Prop Data for Print'!I29 -> 02-07-2005 73-1724916 Crystal Pointe MHC, LLC | H37: ='Prop Data for Print'!J29 -> 151 Pierce | ... K37: ='Prop Data for Print'!M29 -> Deborah Kemp
A38: ='Prop Data for Print'!C30 -> GOLDEN VALLEY 6505 241st Ave E Buckley, WA 98321 | B38: ='Prop Data for Print'!D30 -> GoldenValley@ PH: 253-862-9995 Fax: | C38: ='Prop Data for Print'!E30 -> Pam Huihui | D38: ='Prop Data for Print'!F30 | E38: ='Prop Data for Print'!G30 | F38: ='Prop Data for Print'!H30 -> Chris Bowden 949-486-7153 | G38: ='Prop Data for Print'!I30 -> 07-18-2006 47-3853879 Golden Valley MHC, LLC | H38: ='Prop Data for Print'!J30 -> 100 Pierce | ... K38: ='Prop Data for Print'!M30 -> Deborah Kemp
A39: ='Prop Data for Print'!C31 -> HEATHER HILLS 2500 Alder Street Milton, WA 98354 | B39: ='Prop Data for Print'!D31 -> HeatherHills@ PH: 253-862-7300 Fax: | C39: ='Prop Data for Print'!E31 -> Julie Dunkin | D39: ='Prop Data for Print'!F31 -> Kyle Johnson | E39: ='Prop Data for Print'!G31 | F39: ='Prop Data for Print'!H31 -> Chris Bowden 949-486-7153 | G39: ='Prop Data for Print'!I31 -> 09-10-2018 83-1602449 Heather Hills MHC, LLC | H39: ='Prop Data for Print'!J31 -> 130 Pierce | ... K39: ='Prop Data for Print'!M31 -> Deborah Kemp
A40: ='Prop Data for Print'!C32 -> HIDDEN GLEN ESTATES 15616 76th Ave E Puyallup, WA 98375 | B40: ='Prop Data for Print'!D32 -> HiddenGlen@ PH: 253-537-9383 Fax: | C40: ='Prop Data for Print'!E32 -> Heather Majors | D40: ='Prop Data for Print'!F32 -> Miguel Flores | E40: ='Prop Data for Print'!G32 | F40: ='Prop Data for Print'!H32 -> Chris Bowden 949-486-7153 | G40: ='Prop Data for Print'!I32 -> 04-25-2005 84-1675721 Hidden Glen MHC, LLC | H40: ='Prop Data for Print'!J32 -> 195 Pierce | ... K40: ='Prop Data for Print'!M32 -> Deborah Kemp
A41: ='Prop Data for Print'!C33 -> MAJESTIC MOBILE MANOR 6906 52nd St Ct E Puyallup, WA 98371 | B41: ='Prop Data for Print'!D33 -> Majestic@ PH: 253-845-3144 Fax: | C41: ='Prop Data for Print'!E33 -> Selina Graydon | D41: ='Prop Data for Print'!F33 -> Joey Patton | E41: ='Prop Data for Print'!G33 | F41: ='Prop Data for Print'!H33 -> Chris Bowden 949-486-7153 | G41: ='Prop Data for Print'!I33 -> 07-25-2019 83-4382217 Majestic MHC,LLC | H41: ='Prop Data for Print'!J33 -> 65 107RV Park Pierce | ... K41: ='Prop Data for Print'!M33 -> Deborah Kemp
A42: ='Prop Data for Print'!C34 -> RIO VERDE MOBILE ESTATES 1402 22nd St NE #200 Auburn, WA 98002 | B42: ='Prop Data for Print'!D34 -> RioVerde@ PH: 253-833-7333 Fax: | C42: ='Prop Data for Print'!E34 -> Sara Forsythe | D42: ='Prop Data for Print'!F34 -> Micah Denby | E42: ='Prop Data for Print'!G34 | F42: ='Prop Data for Print'!H34 -> Chris Bowden 949-486-7153 | G42: ='Prop Data for Print'!I34 -> 09-29-2006 38-3739664 Rio Verde MHC, LLC | H42: ='Prop Data for Print'!J34 -> 287 King | ... K42: ='Prop Data for Print'!M34 -> Deborah Kemp
A43: ='Prop Data for Print'!C35 -> SKYLARK VILLAGE ESTATES I 900 29th St SE Auburn, WA 98002 | B43: ='Prop Data for Print'!D35 -> Skylark@ PH: 253-833-6910 Fax: | C43: ='Prop Data for Print'!E35 -> Shannon Lehigh | D43: ='Prop Data for Print'!F35 -> Nicholas Morales Skylark_tech1@ | E43: ='Prop Data for Print'!G35 | F43: ='Prop Data for Print'!H35 -> Chris Bowden 949-486-7153 | G43: ='Prop Data for Print'!I35 -> 11-30-2009 80-0503902 Skylark Village MHC, LLC | H43: ='Prop Data for Print'!J35 -> 141 King | ... K43: ='Prop Data for Print'!M35 -> Deborah Kemp
A44: ='Prop Data for Print'!C36 -> SKYLARK VILLAGE ESTATES II 3105 M Street SE Auburn, WA 98002 | B44: ='Prop Data for Print'!D36 -> Skylark@ PH: 253-833-6910 Fax: | C44: ='Prop Data for Print'!E36 -> Shannon Lehigh mail: Skylark Village Estates I | D44: ='Prop Data for Print'!F36 -> Angel Jimenez Skylark_tech2@ | E44: ='Prop Data for Print'!G36 | F44: ='Prop Data for Print'!H36 -> Chris Bowden 949-486-7153 | G44: ='Prop Data for Print'!I36 -> 11-30-2009 80-0503902 Skylark Village MHC, LLC | H44: ='Prop Data for Print'!J36 -> 116 King | ... K44: ='Prop Data for Print'!M36 -> Deborah Kemp
... A47: ='Prop Data for Print'!C39 -> WHITE RIVER ESTATES 4248 A St SE Auburn, WA 98002 | B47: ='Prop Data for Print'!D39 -> WhiteRiver@ PH: 253-833-7188 Fax: | C47: ='Prop Data for Print'!E39 -> Anna Puccino | D47: ='Prop Data for Print'!F39 -> Randall Stitt | E47: ='Prop Data for Print'!G39 | F47: ='Prop Data for Print'!H39 -> Chris Bowden 949-486-7153 | G47: ='Prop Data for Print'!I39 -> 03-07-2006 61-1624732 White River MHC, LLC | H47: ='Prop Data for Print'!J39 -> 205 King | ... K47: ='Prop Data for Print'!M39 -> Deborah Kemp
A48: =Supervisors!J16 -> Melina Miramonte 949-486-7151 MMiramonte@ipgliving.com Portfolio: 1868 / 10 Properties
A49: ='Prop Data for Print'!C40 -> ANTELOPE VALLEY 43460 32nd St W Lancaster, CA 93536 | B49: ='Prop Data for Print'!D40 -> AntelopeValley@ PH: 661-943-6600 Fax: 661-943-0736 | C49: ='Prop Data for Print'!E40 -> Esmeralda Caldera | D49: ='Prop Data for Print'!F40 -> Francisco Palomar AntelopeValley_maint@ | E49: ='Prop Data for Print'!G40 | F49: ='Prop Data for Print'!H40 -> Mark Prunier 949-486-7146 | G49: ='Prop Data for Print'!I40 -> 06-01-2016 30-0809206 Antelope Valley Apartment Associates, LP | H49: ='Prop Data for Print'!J40 -> 120 Los Angeles | ... K49: ='Prop Data for Print'!M40 -> Bella Walton Megan Schellhorn
A50: ='Prop Data for Print'!C41 -> CAMARILLO ESTATES 1150 Ventura Blvd Camarillo, CA 93010 | B50: ='Prop Data for Print'!D41 -> Camarillo@ PH: 805-482-0022 Fax: | C50: ='Prop Data for Print'!E41 -> Ana Tapia | D50: ='Prop Data for Print'!F41 -> Eddie Puertos Camarillo_tech1@ | E50: ='Prop Data for Print'!G41 -> Chris Hill 805-603-8240 | F50: ='Prop Data for Print'!H41 -> Mark Prunier 949-486-7146 | G50: ='Prop Data for Print'!I41 -> 04-07-2020 84-4247669 Camarillo MHC, LP | H50: ='Prop Data for Print'!J41 -> 135 Ventura | ... K50: ='Prop Data for Print'!M41 -> Elizabeth Birrueta
A51: ='Prop Data for Print'!C42 -> CHANNEL ISLAND PARK 931 Bismark Way Oxnard, CA 93033 | B51: ='Prop Data for Print'!D42 -> Channelisland@ PH: 805-486-2906 Fax: 805-486-0286 | C51: ='Prop Data for Print'!E42 -> Grace Navarro | D51: ='Prop Data for Print'!F42 -> Daniel Alcala 805-216-9291 ChannelIsland_maint@ | E51: ='Prop Data for Print'!G42 | F51: ='Prop Data for Print'!H42 -> Mark Prunier 949-486-7146 | G51: ='Prop Data for Print'!I42 -> 02-01-2018 82-3533900 Channel Island Apartments, LP | H51: ='Prop Data for Print'!J42 -> 152 Ventura | ... K51: ='Prop Data for Print'!M42 -> Bella Walton Megan Schellhorn
A52: ='Prop Data for Print'!C43 -> LAMPLIGHTER CAMARILLO 3905 Via Rosal Camarillo, CA 93012 | B52: ='Prop Data for Print'!D43 -> Lamplighter@ PH: 805-482-4718 Fax: 805-482-8829 | C52: ='Prop Data for Print'!E43 -> Chris Hill, Area Manager | D52: ='Prop Data for Print'!F43 -> Jose Zapata | E52: ='Prop Data for Print'!G43 -> Chris Hill 805-603-8240 | F52: ='Prop Data for Print'!H43 -> Mark Prunier 949-486-7146 | G52: ='Prop Data for Print'!I43 -> 08-13-2010 01-0969340 Lamplighter Camarillo MHC, LP | H52: ='Prop Data for Print'!J43 -> 227 Ventura | ... K52: ='Prop Data for Print'!M43 -> Elizabeth Birrueta
A53: ='Prop Data for Print'!C44 -> LAUREL CANYON 9051 Laurel Canyon Blvd #55 Sun Valley, CA 91352 | B53: ='Prop Data for Print'!D44 -> Laurel@ PH: 818-768-1721 Fax: 818-768-6485 | C53: ='Prop Data for Print'!E44 -> Marelynn Estrada | D53: ='Prop Data for Print'!F44 | E53: ='Prop Data for Print'!G44 | F53: ='Prop Data for Print'!H44 -> Mark Prunier 949-486-7146 | G53: ='Prop Data for Print'!I44 -> 05-02-2013 33-0790233 Laurel Canyon MHC, LLC | H53: ='Prop Data for Print'!J44 -> 60 Los Angeles | ... K53: ='Prop Data for Print'!M44 -> Elizabeth Birrueta
A54: ='Prop Data for Print'!C45 -> PIERCE PARK 12700 Van Nuys Blvd Pacoima, CA 91331 | B54: ='Prop Data for Print'!D45 -> PiercePark@ PH: 818-896-0711 Fax: 818-896-6639 | C54: ='Prop Data for Print'!E45 -> Maria Rodriguez | D54: ='Prop Data for Print'!F45 -> Alex Gonzalez 818-974-2586 PiercePark_maint@ | E54: ='Prop Data for Print'!G45 | F54: ='Prop Data for Print'!H45 -> Mark Prunier 949-486-7146 | G54: ='Prop Data for Print'!I45 -> 06-01-2016 47-5438328 Pierce Park Apartment Associates, LP | H54: ='Prop Data for Print'!J45 -> 430 Los Angeles | ... K54: ='Prop Data for Print'!M45 -> Bella Walton Megan Schellhorn
A55: ='Prop Data for Print'!C46 -> THE CREST 5932 E Los Angeles Ave Simi Valley, CA 93063 | B55: ='Prop Data for Print'!D46 -> TheCrest@ PH: 805-526-4013 Fax: | C55: ='Prop Data for Print'!E46 -> Gina Ball | D55: ='Prop Data for Print'!F46 | E55: ='Prop Data for Print'!G46 -> Chris Hill 805-603-8240 | F55: ='Prop Data for Print'!H46 -> Mark Prunier 949-486-7146 | G55: ='Prop Data for Print'!I46 -> 03-09-2020 84-4674031 The Crest MHC, LP | H55: ='Prop Data for Print'!J46 -> 41 1SFR (stick built) Ventura | ... K55: ='Prop Data for Print'!M46 -> Elizabeth Birrueta
A56: ='Prop Data for Print'!C47 -> VILLA VALLEY 15950 Sherman Way Van Nuys, CA 91406 | B56: ='Prop Data for Print'!D47 -> VillaValley@ PH: 818-781-7285 Fax: 747-264-1890 | C56: ='Prop Data for Print'!E47 -> Patricia Rivera | D56: ='Prop Data for Print'!F47 -> Carlos Guzman 818-477-7836 | E56: ='Prop Data for Print'!G47 | F56: ='Prop Data for Print'!H47 -> Mark Prunier 949-486-7146 | G56: ='Prop Data for Print'!I47 -> 12-15-2019 84-2247447 Villa Valley Apartments, LP | H56: ='Prop Data for Print'!J47 -> 146 Los Angeles | ... K56: ='Prop Data for Print'!M47 -> Bella Walton Megan Schellhorn
A57: ='Prop Data for Print'!C48 -> PARKWAY PLAZA 20 College Parkway Carson City, NV 89706 | B57: ='Prop Data for Print'!D48 -> Parkway@ PH: 775-882-7555 Fax: 775-882-2249 | C57: ='Prop Data for Print'!E48 -> Teresa Nichols | D57: ='Prop Data for Print'!F48 -> Richard Parr 512-779-7268 Parkway_maint@ | E57: ='Prop Data for Print'!G48 | F57: ='Prop Data for Print'!H48 -> Mark Prunier 949-486-7146 | G57: ='Prop Data for Print'!I48 -> 06-15-2016 84-2113564 Parkway Plaza Apartment Associates, LP | H57: ='Prop Data for Print'!J48 -> 316 no county | ... K57: ='Prop Data for Print'!M48 -> Bella Walton Megan Schellhorn
A58: ='Prop Data for Print'!C49 -> TUALATIN MEADOWS 18755 SW 90th Ave Tualatin, OR 97062 | B58: ='Prop Data for Print'!D49 -> Tualatin@ PH: 503-885-9828 Fax: 509-885-9838 | C58: ='Prop Data for Print'!E49 -> Becca Reyes | D58: ='Prop Data for Print'!F49 -> Jason Shivers Tualatin_maint@ | E58: ='Prop Data for Print'!G49 | F58: ='Prop Data for Print'!H49 -> Mark Prunier 949-486-7146 | G58: ='Prop Data for Print'!I49 -> 10-30-2014 47-1646339 Tualatin Meadows Apartments, LLC | H58: ='Prop Data for Print'!J49 -> 240 Washington | ... K58: ='Prop Data for Print'!M49 -> George Grant Megan Schellhorn
A59: =Supervisors!J19 -> Valerie Avila 949-486-7175 VAvila@ipgliving.com Portfolio: 2016 / 13 Properties
A60: ='Prop Data for Print'!C50 -> FAIRWAY ESTATES 5011 Hillsdale Blvd North Highlands, CA 95660 | B60: ='Prop Data for Print'!D50 -> Fairway@ PH: 916-344-8688 Fax: 916-344-0908 | C60: ='Prop Data for Print'!E50 -> Julianne Greep | D60: ='Prop Data for Print'!F50 -> Blane Dahme | E60: ='Prop Data for Print'!G50 | F60: ='Prop Data for Print'!H50 -> Mark Prunier 949-486-7146 | G60: ='Prop Data for Print'!I50 -> 09-30-2009 47-3427402 Fairway Estates MHC, LP | H60: ='Prop Data for Print'!J50 -> 199 Sacramento | ... K60: ='Prop Data for Print'!M50 -> Elizabeth Birrueta
A61: ='Prop Data for Print'!C51 -> GARDEN TERRACE 7887 Lampson Ave Garden Grove, CA 92841 | B61: ='Prop Data for Print'!D51 -> GardenTerrace@ PH: 714-899-6044 Fax: 714-899-6043 | C61: ='Prop Data for Print'!E51 -> Jimena Vallecillo | D61: ='Prop Data for Print'!F51 -> Rafael Lazcano | E61: ='Prop Data for Print'!G51 | F61: ='Prop Data for Print'!H51 -> Mark Prunier 949-486-7146 | G61: ='Prop Data for Print'!I51 -> 08-14-2018 83-1155877 Garden Terrace MHC, LP | H61: ='Prop Data for Print'!J51 -> 104 Orange | ... K61: ='Prop Data for Print'!M51 -> Elizabeth Birrueta
A62: ='Prop Data for Print'!C52 -> KING ARTHUR ESTATES 1560 Massachusetts Ave Riverside, CA 92507 | B62: ='Prop Data for Print'!D52 -> KingArthur@ PH: 951-682-5885 Fax: 951-682-5011 | C62: ='Prop Data for Print'!E52 -> Robert Frost | D62: ='Prop Data for Print'!F52 -> Hector Vivas | E62: ='Prop Data for Print'!G52 | F62: ='Prop Data for Print'!H52 -> Mark Prunier 949-486-7146 | G62: ='Prop Data for Print'!I52 -> 11-10-2016 81-3675243 King Arthur MHC, LP | H62: ='Prop Data for Print'!J52 -> 201 Riverside | ... K62: ='Prop Data for Print'!M52 -> Elizabeth Birrueta
A63: ='Prop Data for Print'!C53 -> MILL VILLA ESTATES 18717 Mill Villa Rd Jamestown, CA 95327 | B63: ='Prop Data for Print'!D53 -> MillVilla@ PH: 209-533-3151 Fax: | C63: ='Prop Data for Print'!E53 -> Nick Vos | D63: ='Prop Data for Print'!F53 -> Adam Ryan | E63: ='Prop Data for Print'!G53 | F63: ='Prop Data for Print'!H53 -> Mark Prunier 949-486-7146 | G63: ='Prop Data for Print'!I53 -> 09-20-2016 81-2890473 Mill Villa MHC, LP | H63: ='Prop Data for Print'!J53 -> 228 Tuolumne | ... K63: ='Prop Data for Print'!M53 -> Elizabeth Birrueta
A64: ='Prop Data for Print'!C54 -> PRADO VERDE 14081 Magnolia St Westminster, CA 92683 | B64: ='Prop Data for Print'!D54 -> Prado@ PH: 714-893-6344 Fax: 714-893-5510 | C64: ='Prop Data for Print'!E54 -> Jennifer Sandoval | D64: ='Prop Data for Print'!F54 -> Arnulfo Rubio | E64: ='Prop Data for Print'!G54 | F64: ='Prop Data for Print'!H54 -> Mark Prunier 949-486-7146 | G64: ='Prop Data for Print'!I54 -> 08-31-2005 90-0092362 Prado Verde MHC, LP | H64: ='Prop Data for Print'!J54 -> 181 Orange | ... K64: ='Prop Data for Print'!M54 -> Elizabeth Birrueta
A65: ='Prop Data for Print'!C55 -> RANCHO HUNTINGTON 19361 Brookhurst St Huntington Beach, CA 92646 | B65: ='Prop Data for Print'!D55 -> RanchoHuntington@ PH: 714-962-7311 Fax: 562-531-3003 | C65: ='Prop Data for Print'!E55 -> Chris McBain | D65: ='Prop Data for Print'!F55 -> Gregory Purvus | E65: ='Prop Data for Print'!G55 | F65: ='Prop Data for Print'!H55 -> Mark Prunier 949-486-7146 | G65: ='Prop Data for Print'!I55 -> 05-14-2009 46-0797455 Rancho Huntington Owner, LP | H65: ='Prop Data for Print'!J55 -> 194 Orange | ... K65: ='Prop Data for Print'!M55 -> Elizabeth Birrueta
A66: ='Prop Data for Print'!C56 -> ROYAL GARDEN ESTATES 10200 Bolsa Ave Westminster, CA 92683 | B66: ='Prop Data for Print'!D56 -> Royal@ PH: 714-531-0500 Fax: | C66: ='Prop Data for Print'!E56 -> Timothy Pappas | D66: ='Prop Data for Print'!F56 -> Brandon Sorochinsky | E66: ='Prop Data for Print'!G56 | F66: ='Prop Data for Print'!H56 -> Mark Prunier 949-486-7146 | G66: ='Prop Data for Print'!I56 -> 06-12-2017 82-1597978 Royal Gardens MHC, LP | H66: ='Prop Data for Print'!J56 -> 152 Orange | ... K66: ='Prop Data for Print'!M56 -> Elizabeth Birrueta
A67: ='Prop Data for Print'!C57 -> SKANDIA 16444 Bolsa Chica St Huntington Beach, CA 92649 | B67: ='Prop Data for Print'!D57 -> Skandia@ PH: 714-846-9693 Fax: | C67: ='Prop Data for Print'!E57 -> Hugo Galeana | D67: ='Prop Data for Print'!F57 -> Alex Knoll | E67: ='Prop Data for Print'!G57 | F67: ='Prop Data for Print'!H57 -> Mark Prunier 949-486-7146 | G67: ='Prop Data for Print'!I57 -> 08-20-2021 87-16171297 Skandia BLF, LLC | H67: ='Prop Data for Print'!J57 -> 167 Orange | ... K67: ='Prop Data for Print'!M57 -> Elizabeth Birrueta
A68: ='Prop Data for Print'!C58 -> STARLITE VILLAGE 2060 Newport Blvd #4 Costa Mesa, CA 92627 | B68: ='Prop Data for Print'!D58 -> StarliteVillage@ PH: 949-548-1312 Fax: | C68: ='Prop Data for Print'!E58 -> Aly Pham | D68: ='Prop Data for Print'!F58 | E68: ='Prop Data for Print'!G58 | F68: ='Prop Data for Print'!H58 -> Mark Prunier 949-486-7146 | G68: ='Prop Data for Print'!I58 -> 03-17-2022 88-0816409 Starlite MHC LP | H68: ='Prop Data for Print'!J58 -> 55 Orange | ... K68: ='Prop Data for Print'!M58 -> Elizabeth Birrueta
A69: ='Prop Data for Print'!C59 -> SUMMERSET 9200 Westminster Blvd Westminster, CA 92683 | B69: ='Prop Data for Print'!D59 -> Summerset@ PH: 714-894-7766 Fax: 714-893-2442 | C69: ='Prop Data for Print'!E59 -> Erika V. Villagomez | D69: ='Prop Data for Print'!F59 -> Jaime Aguilar | E69: ='Prop Data for Print'!G59 | F69: ='Prop Data for Print'!H59 -> Mark Prunier 949-486-7146 | G69: ='Prop Data for Print'!I59 -> 04-10-2013 46-2404390 Westminster MHP Associates, LP | H69: ='Prop Data for Print'!J59 -> 116 Orange | ... K69: ='Prop Data for Print'!M59 -> Elizabeth Birrueta
A70: ='Prop Data for Print'!C60 -> SUNDANCE 2250 N Broadway Escondido, CA 92026 | B70: ='Prop Data for Print'!D60 -> Sundance@ PH: 760-741-1911 Fax: 760-741-6384 | C70: ='Prop Data for Print'!E60 -> Scott Christensen | D70: ='Prop Data for Print'!F60 -> Sergio Romano | E70: ='Prop Data for Print'!G60 | F70: ='Prop Data for Print'!H60 -> Mark Prunier 949-486-7146 | G70: ='Prop Data for Print'!I60 -> 10-15-2014 47-1738321 Sundance MHC, LP | H70: ='Prop Data for Print'!J60 -> 88 San Diego | ... K70: ='Prop Data for Print'!M60 -> Elizabeth Birrueta
A71: ='Prop Data for Print'!C61 -> SUNSET ESTATES 1130 White Rock Rd #98 El Dorado Hills, CA 95762 | B71: ='Prop Data for Print'!D61 -> Sunset@ PH: 916-933-6362 Fax: | C71: ='Prop Data for Print'!E61 -> Carrie Holloway | D71: ='Prop Data for Print'!F61 | E71: ='Prop Data for Print'!G61 | F71: ='Prop Data for Print'!H61 -> Mark Prunier 949-486-7146 | G71: ='Prop Data for Print'!I61 -> 08-20-2020 85-1943976 Sunset MHC, LLC | H71: ='Prop Data for Print'!J61 -> 132 El Dorado | ... K71: ='Prop Data for Print'!M61 -> Elizabeth Birrueta
A72: ='Prop Data for Print'!C62 -> WOODLAND PARK 4201 Topanga Cyn. Blvd Woodland Hills, CA 91364 | B72: ='Prop Data for Print'!D62 -> WoodlandPark@ PH: 818-348-5920 Fax: | C72: ='Prop Data for Print'!E62 -> Monica Mora | D72: ='Prop Data for Print'!F62 -> Juan Ramirez | E72: ='Prop Data for Print'!G62 -> Chris Hill 805-603-8240 | F72: ='Prop Data for Print'!H62 -> Mark Prunier 949-486-7146 | G72: ='Prop Data for Print'!I62 -> 02-18-2020 33-1620926 Woodland Park MHC, LP | H72: ='Prop Data for Print'!J62 -> 199 Los Angeles | ... K72: ='Prop Data for Print'!M62 -> Elizabeth Birrueta
A73: =Supervisors!J25 -> Rashelle Wedgwood, Regional Vice President 949-486-7135 RWedgwood@ipgliving.com Portfolio: 5622 / 37 Properties
A74: =Supervisors!J4 -> Danielle Schingen (1) 949-486-7138 DSchingen@ipgliving.com Portfolio: 1371 / 10 Properties
A75: ='Prop Data for Print'!C63 -> ALDRICH AVENUE 2310 Aldrich Ave S Minneapolis, MN 55405 | B75: ='Prop Data for Print'!D63 -> Aldrich@ PH: 833-375-4115 Fax: | C75: ='Prop Data for Print'!E63 -> Amanda Yang mail: Lyndy Apartments | D75: ='Prop Data for Print'!F63 -> Erin Neals 763-406-0729 Lyndy_maint@ | E75: ='Prop Data for Print'!G63 -> Corey Burton 763-957-2098 | F75: ='Prop Data for Print'!H63 -> Mark Prunier 949-486-7146 | G75: ='Prop Data for Print'!I63 -> 04-15-2020 84-5010307 Aldrich Apartments, LLC | H75: ='Prop Data for Print'!J63 -> 28 Hennepin | ... K75: ='Prop Data for Print'!M63 -> George Grant Megan Schellhorn
A76: ='Prop Data for Print'!C64 -> CAMBRIDGE TOWERS pending Disposition 1301 Cambridge St Hopkins, MN 55343 | B76: ='Prop Data for Print'!D64 -> CambridgeTowers@ PH: 866-686-2587 Fax: 952-345-0392 | C76: ='Prop Data for Print'!E64 -> Natasha Rambo (Asst Mgr) Disposition est. last week of April | D76: ='Prop Data for Print'!F64 -> Jameel Eason 612-369-1057 CambridgeTowers_maint@ | E76: ='Prop Data for Print'!G64 -> Ceairra Cardriche 651-398-8823 | F76: ='Prop Data for Print'!H64 -> Mark Prunier 949-486-7146 | G76: ='Prop Data for Print'!I64 -> 09-28-2018 83-1880033 Hopkins Apartments, LLC DBA Cambridge Towers | H76: ='Prop Data for Print'!J64 -> 113 Hennepin | ... K76: ='Prop Data for Print'!M64 -> George Grant Megan Schellhorn
A77: ='Prop Data for Print'!C65 -> CENTRAL PARK MANOR pending Disposition 1510 Main Street Hopkins, MN 55343 | B77: ='Prop Data for Print'!D65 -> CentralPark@ PH: 833-774-7420 Fax: | C77: ='Prop Data for Print'!E65 -> Kiera Gauna (Asst Mgr) Disposition est. last week of April | D77: ='Prop Data for Print'!F65 -> Matt Goodman 612-859-7437 CentralPark_maint@ | E77: ='Prop Data for Print'!G65 -> Ceairra Cardriche 651-398-8823 | F77: ='Prop Data for Print'!H65 -> Mark Prunier 949-486-7146 | G77: ='Prop Data for Print'!I65 -> 09-28-2018 83-1880033 Hopkins Apartments, LLC DBA Central Park Manor | H77: ='Prop Data for Print'!J65 -> 110 Hennepin | ... K77: ='Prop Data for Print'!M65 -> George Grant Megan Schellhorn
A78: ='Prop Data for Print'!C66 -> CREEK POINT pending Disposition 1045 Hiawatha Ave Hopkins, MN 55343 | B78: ='Prop Data for Print'!D66 -> CreekPoint@ PH: 866-757-4824 Fax: | C78: ='Prop Data for Print'!E66 -> Ceairra Cardriche, Area Manager Disposition est. last week of April | D78: ='Prop Data for Print'!F66 -> DJ Nigatu 612-558-2212 CreekPoint_tech1@ | E78: ='Prop Data for Print'!G66 -> Ceairra Cardriche 651-398-8823 | F78: ='Prop Data for Print'!H66 -> Mark Prunier 949-486-7146 | G78: ='Prop Data for Print'!I66 -> 09-28-2018 83-1880033 Hopkins Apartments, LLC DBA Creek Point | H78: ='Prop Data for Print'!J66 -> 101 Hennepin | ... K78: ='Prop Data for Print'!M66 -> George Grant Megan Schellhorn
A79: ='Prop Data for Print'!C67 -> ELEVATE (previously Bolero) 1117 Marquette Ave Minneapolis, MN 55403 | B79: ='Prop Data for Print'!D67 -> Elevate@ PH: 833-734-6224 Fax: | C79: ='Prop Data for Print'!E67 -> Patrick Autinson | D79: ='Prop Data for Print'!F67 -> Joe Riola 971-265-0660 Elevate_maint@ | E79: ='Prop Data for Print'!G67 | F79: ='Prop Data for Print'!H67 -> Mark Prunier 949-486-7146 | G79: ='Prop Data for Print'!I67 -> 11-07-2019 84-3239123 Bolero Flats Apartments, LLC DBA Elevate Apartment Homes | H79: ='Prop Data for Print'!J67 -> 259 Hennepin | ... K79: ='Prop Data for Print'!M67 -> George Grant Megan Schellhorn
A80: ='Prop Data for Print'!C68 -> GREENWAY 2736 Blaisdell Ave S Unit #1 Minneapolis, MN 55408 | B80: ='Prop Data for Print'!D68 -> Greenway@ PH: 866-730-5758 Fax: | C80: ='Prop Data for Print'!E68 -> Tina Johnson | D80: ='Prop Data for Print'!F68 -> Nicolas Robinson 612-751-7387 Greenway_tech1@ | E80: ='Prop Data for Print'!G68 -> Corey Burton 763-957-2098 | F80: ='Prop Data for Print'!H68 -> Mark Prunier 949-486-7146 | G80: ='Prop Data for Print'!I68 -> 11-29-2018 83-2162836 Greenway Apartments, LLC, as successor in interest to Eat Street Portfolio, LLC dba Greenway Apartments | H80: ='Prop Data for Print'!J68 -> 196 Hennepin | ... K80: ='Prop Data for Print'!M68 -> George Grant Megan Schellhorn
A81: ='Prop Data for Print'!C69 -> KNOLLWOOD TOWERS EAST pending Disposition 320 Blake Rd N Hopkins, MN 55343 | B81: ='Prop Data for Print'!D69 -> Knollwood_East@ PH: 866-908-7884 Fax: | C81: ='Prop Data for Print'!E69 -> Bekah Linn Disposition est. pending | D81: ='Prop Data for Print'!F69 -> Saleem Collins 612-800-2482 Knollwood_maint@ | E81: ='Prop Data for Print'!G69 | F81: ='Prop Data for Print'!H69 -> Mark Prunier 949-486-7146 | G81: ='Prop Data for Print'!I69 -> 09-28-2018 83-1880033 Hopkins Apartments, LLC DBA Knollwood Towers East | H81: ='Prop Data for Print'!J69 -> 129 Hennepin | ... K81: ='Prop Data for Print'!M69 -> George Grant Megan Schellhorn
A82: ='Prop Data for Print'!C70 -> KNOLLWOOD TOWERS WEST pending Disposition 1010 Lake Street NE Hopkins, MN 55343 | B82: ='Prop Data for Print'!D70 -> Knollwood_West@ PH: 833-254-5676 Fax: | C82: ='Prop Data for Print'!E70 -> Sylvia Aldridge Disposition est. pending | D82: ='Prop Data for Print'!F70 -> Saleem Collins 612-800-2482 Knollwood_maint@ | E82: ='Prop Data for Print'!G70 | F82: ='Prop Data for Print'!H70 -> Mark Prunier 949-486-7146 | G82: ='Prop Data for Print'!I70 -> 09-28-2018 83-1880033 Hopkins Apartments, LLC DBA Knollwood Towers West | H82: ='Prop Data for Print'!J70 -> 187 Hennepin | ... K82: ='Prop Data for Print'!M70 -> George Grant Megan Schellhorn
A83: ='Prop Data for Print'!C71 -> LYNDY APARTMENTS 2905 Harriet Ave S Minneapolis, MN 55408 | B83: ='Prop Data for Print'!D71 -> Lyndy@ PH: 844-882-3799 Fax: | C83: ='Prop Data for Print'!E71 -> Amanda Yang | D83: ='Prop Data for Print'!F71 -> Erin Neals 763-406-0729 Lyndy_maint@ | E83: ='Prop Data for Print'!G71 | F83: ='Prop Data for Print'!H71 -> Mark Prunier 949-486-7146 | G83: ='Prop Data for Print'!I71 -> 01-09-2020 84-3606942 Lyndy Apartments, LLC | H83: ='Prop Data for Print'!J71 -> 111 Hennepin | ... K83: ='Prop Data for Print'!M71 -> George Grant Megan Schellhorn
A84: ='Prop Data for Print'!C72 -> MAVEN APARTMENTS 7 West Travelers Trails Burnsville, MN 55337 | B84: ='Prop Data for Print'!D72 -> Maven@ PH: 833-433-0471 Fax: | C84: ='Prop Data for Print'!E72 -> Wesley Holtz | D84: ='Prop Data for Print'!F72 -> Jake Schuler 509-429-4819 Maven_maint@ | E84: ='Prop Data for Print'!G72 | F84: ='Prop Data for Print'!H72 -> Mark Prunier 949-486-7146 | G84: ='Prop Data for Print'!I72 -> 10-22-2020 85-2965958 Maven Apartments, LLC | H84: ='Prop Data for Print'!J72 -> 137 Dakota | ... K84: ='Prop Data for Print'!M72 -> George Grant Megan Schellhorn
A85: =Supervisors!J7 -> Hannah Porter 949-486-7120 HPorter@ipgliving.com Portfolio: 786 / 5 Properties
A86: ='Prop Data for Print'!C73 -> CANTERBURY 13118 Meridian E Puyallup, WA 98373 | B86: ='Prop Data for Print'!D73 -> Canterbury@ PH: 253-840-5700 Fax: 253-841-0883 | C86: ='Prop Data for Print'!E73 -> Open Position | D86: ='Prop Data for Print'!F73 -> Toni Gobroski 253-250-1376 Canterbury_maint@ | E86: ='Prop Data for Print'!G73 | F86: ='Prop Data for Print'!H73 -> Brent Fabian 949-676-1880 | G86: ='Prop Data for Print'!I73 -> 11-17-2016 814272604 Canterbury Apartments, LLC | H86: ='Prop Data for Print'!J73 -> 180 Pierce | ... K86: ='Prop Data for Print'!M73 -> Bella Walton Megan Schellhorn
A87: ='Prop Data for Print'!C74 -> HANGAR 128 13031 8th Ave W Everett, WA 98204 | B87: ='Prop Data for Print'!D74 -> Hangar128@ PH: 425-347-0900 Fax: 425-610-4130 | C87: ='Prop Data for Print'!E74 -> Melissa Goldberg | D87: ='Prop Data for Print'!F74 -> Todd Brennan Hangar_maint@ | E87: ='Prop Data for Print'!G74 | F87: ='Prop Data for Print'!H74 -> Brent Fabian 949-676-1880 | G87: ='Prop Data for Print'!I74 -> 02-15-2017 81-5143786 Hangar 128 Apartments, LLC | H87: ='Prop Data for Print'!J74 -> 223 Snohomish | ... K87: ='Prop Data for Print'!M74 -> Bella Walton Megan Schellhorn
A88: ='Prop Data for Print'!C75 -> PORTAGE GREEN 20227 80th Ave NE #3 Arlington, WA 98223 | B88: ='Prop Data for Print'!D75 -> Portage@ PH: 360-435-1066 Fax: 360-435-6313 | C88: ='Prop Data for Print'!E75 | D88: ='Prop Data for Print'!F75 | E88: ='Prop Data for Print'!G75 | F88: ='Prop Data for Print'!H75 -> Brent Fabian 949-676-1880 | G88: ='Prop Data for Print'!I75 -> 04-28-2005 51-0549377 Portage Green MHC, LLC | H88: ='Prop Data for Print'!J75 -> 79 Snohomish | ... K88: ='Prop Data for Print'!M75 -> Deborah Kemp
A89: ='Prop Data for Print'!C76 -> VALLEY VIEW 700 North Reed St #41 Sedro Woolley, WA 98284 | B89: ='Prop Data for Print'!D76 -> ValleyView@ PH: 360-856-4551 Fax: 360-856-5772 | C89: ='Prop Data for Print'!E76 -> Robert Olp | D89: ='Prop Data for Print'!F76 | E89: ='Prop Data for Print'!G76 | F89: ='Prop Data for Print'!H76 -> Brent Fabian 949-676-1880 | G89: ='Prop Data for Print'!I76 -> 09-26-2011 90-0749044 Valley View MHC, LLC | H89: ='Prop Data for Print'!J76 -> 104 Skagit | ... K89: ='Prop Data for Print'!M76 -> Deborah Kemp
A90: ='Prop Data for Print'!C77 -> WATERFORD pending Disposition 2020 Lake Heights Dr Everett, WA 98208 | B90: ='Prop Data for Print'!D77 -> Waterford@ PH: 425-337-9270 Fax: 425-337-9280 | C90: ='Prop Data for Print'!E77 -> Lauren Harris Disposition est. 3/18 to 4/17 | D90: ='Prop Data for Print'!F77 -> Open Position Waterford_maint@ | E90: ='Prop Data for Print'!G77 | F90: ='Prop Data for Print'!H77 -> Brent Fabian 949-676-1880 | G90: ='Prop Data for Print'!I77 -> 10-11-2016 84-1869590 Waterford Apartments, LLC | H90: ='Prop Data for Print'!J77 -> 200 Snohomish | ... K90: ='Prop Data for Print'!M77 -> Bella Walton Megan Schellhorn
A91: =Supervisors!J11 -> Josh Van Noy 949-676-1881 JVanNoy@ipgliving.com Portfolio: 2166 / 14 Properties
A92: ='Prop Data for Print'!C78 -> ALYSON MANOR ESTATES 2021 Mahan Ave Richland, WA 99354 | B92: ='Prop Data for Print'!D78 -> Alyson@ PH: 509-940-9050 Fax: | C92: ='Prop Data for Print'!E78 -> Adrianna Hickson | D92: ='Prop Data for Print'!F78 -> Kyle Ellis | E92: ='Prop Data for Print'!G78 | F92: ='Prop Data for Print'!H78 -> Chris Bowden 949-486-7153 | G92: ='Prop Data for Print'!I78 -> 08-10-2016 81-2877481 Alyson/Richland MHC, LLC | H92: ='Prop Data for Print'!J78 -> 127 Benton | ... K92: ='Prop Data for Print'!M78 -> Deborah Kemp
A93: ='Prop Data for Print'!C79 -> BROADMOOR 55 W Washington Ave Yakima, WA 98903 | B93: ='Prop Data for Print'!D79 -> Broadmoor@ PH: 509-457-8038 Fax: 509-457-2045 | C93: ='Prop Data for Print'!E79 -> Justina Bauer | D93: ='Prop Data for Print'!F79 -> Deshawn Stephens 509-833-6917 | E93: ='Prop Data for Print'!G79 | F93: ='Prop Data for Print'!H79 -> Chris Bowden 949-486-7153 | G93: ='Prop Data for Print'!I79 -> 10-31-2018 83-1910433 Broadmoor MHC, LLC | H93: ='Prop Data for Print'!J79 -> 200 Yamiz | ... K93: ='Prop Data for Print'!M79 -> Deborah Kemp
A94: ='Prop Data for Print'!C80 -> BROOKHOLLOW MHC 2500 Allen St Kelso, WA 98626 | B94: ='Prop Data for Print'!D80 -> Brookhollow@ PH: 360-577-6276 Fax: | C94: ='Prop Data for Print'!E80 -> Chuck Garcia | D94: ='Prop Data for Print'!F80 -> Josh Watson 202-300-1788 Brookhollow_maint@ | E94: ='Prop Data for Print'!G80 | F94: ='Prop Data for Print'!H80 -> Chris Bowden 949-486-7153 | G94: ='Prop Data for Print'!I80 -> 01-29-2016 38-3817983 Brookhollow MHC, LLC | H94: ='Prop Data for Print'!J80 -> 194 Cowlitz | ... K94: ='Prop Data for Print'!M80 -> Deborah Kemp
A95: ='Prop Data for Print'!C81 -> BROOKHOLLOW RV 2506 Allen St Kelso, WA 98626 | B95: ='Prop Data for Print'!D81 -> BrookhollowRV@ PH: 360-577-6474 Fax: | C95: ='Prop Data for Print'!E81 -> Chuck Garcia | D95: ='Prop Data for Print'!F81 -> Josh Watson 202-300-1788 Brookhollow_maint@ | E95: ='Prop Data for Print'!G81 | F95: ='Prop Data for Print'!H81 -> Chris Bowden 949-486-7153 | G95: ='Prop Data for Print'!I81 -> 01-29-2016 37-1608067 Brookhollow RV, LLC | H95: ='Prop Data for Print'!J81 -> 0 132RV Park Cowlitz | ... K95: ='Prop Data for Print'!M81 -> Deborah Kemp
A96: ='Prop Data for Print'!C82 -> COLUMBIA TERRACE ESTATES 5400 Meeker Dr # 15 Kalama, WA 98625 | B96: ='Prop Data for Print'!D82 -> Columbia@ PH: 360-430-5122 Fax: 360-326-7030 | C96: ='Prop Data for Print'!E82 -> Christine Perez | D96: ='Prop Data for Print'!F82 -> Lowell Fittro Columbia_tech1@ | E96: ='Prop Data for Print'!G82 | F96: ='Prop Data for Print'!H82 -> Chris Bowden 949-486-7153 | G96: ='Prop Data for Print'!I82 -> 5/16/20218 82-4871624 Columbia Terrace MHC, LLC | H96: ='Prop Data for Print'!J82 -> 128 Cowlitz | ... K96: ='Prop Data for Print'!M82 -> Deborah Kemp
A97: ='Prop Data for Print'!C83 -> COUNTRY CLUB ESTATES 23708 Locust Way Bothell, WA 98021 | B97: ='Prop Data for Print'!D83 -> CountryClub@ PH: 425-481-5900 Fax: 360-416-0968 | C97: ='Prop Data for Print'!E83 -> Lucy Yelistratova | D97: ='Prop Data for Print'!F83 -> Hugo Perez | E97: ='Prop Data for Print'!G83 | F97: ='Prop Data for Print'!H83 -> Chris Bowden 949-486-7153 | G97: ='Prop Data for Print'!I83 -> 12-13-2013 46-3466443 Country Club Senior Estates, LLC | H97: ='Prop Data for Print'!J83 -> 137 King | ... K97: ='Prop Data for Print'!M83 -> Deborah Kemp
A98: ='Prop Data for Print'!C84 -> COUNTRY MANOR 15619 NE Caples Rd #33 Brush Prairie, WA 98606 | B98: ='Prop Data for Print'!D84 -> CountryManor@ PH: 360-256-6120 Fax: | C98: ='Prop Data for Print'!E84 -> Shirley Shook | D98: ='Prop Data for Print'!F84 -> David Shook | E98: ='Prop Data for Print'!G84 | F98: ='Prop Data for Print'!H84 -> Chris Bowden 949-486-7153 | G98: ='Prop Data for Print'!I84 -> 10-15-2018 83-1182648 Country Manor Estates MHC, LLC | H98: ='Prop Data for Print'!J84 -> 159 Clark | ... K98: ='Prop Data for Print'!M84 -> Deborah Kemp
A99: ='Prop Data for Print'!C85 -> DUVALL HIGHLANDS 28000 NE 142nd Pl Duvall, WA 98019 | B99: ='Prop Data for Print'!D85 -> Duvall@ PH: 425-788-4778 Fax: 425-844-6034 | C99: ='Prop Data for Print'!E85 -> Gayla Williams | D99: ='Prop Data for Print'!F85 -> Nicholas Kiepke | E99: ='Prop Data for Print'!G85 | F99: ='Prop Data for Print'!H85 -> Chris Bowden 949-486-7153 | G99: ='Prop Data for Print'!I85 -> 04-12-2006 06-1757892 Duvall Highlands MHC, LLC | H99: ='Prop Data for Print'!J85 -> 150 King | ... K99: ='Prop Data for Print'!M85 -> Deborah Kemp
A100: ='Prop Data for Print'!C86 -> FAIR OAKS ESTATES 5404 NE 121st Ave Vancouver, WA 98682 | B100: ='Prop Data for Print'!D86 -> FairOaks@ PH: 360-892-9950 Fax: 360-892-1230 | C100: ='Prop Data for Print'!E86 -> Terry Mudroch | D100: ='Prop Data for Print'!F86 -> Joseph Mahoney | E100: ='Prop Data for Print'!G86 | F100: ='Prop Data for Print'!H86 -> Chris Bowden 949-486-7153 | G100: ='Prop Data for Print'!I86 -> 10-31-2002 48-1271671 Fair Oaks Estates, LLC | H100: ='Prop Data for Print'!J86 -> 110 Clark | ... K100: ='Prop Data for Print'!M86 -> Deborah Kemp
A101: ='Prop Data for Print'!C87 -> LITTLE MOUNTAIN ESTATES 2610 E Section St #122 Mt. Vernon, WA 98274 | B101: ='Prop Data for Print'!D87 -> LittleMountain@ PH: 360-424-6946 Fax: 360-416-0968 | C101: ='Prop Data for Print'!E87 -> Ashley Purdue | D101: ='Prop Data for Print'!F87 | E101: ='Prop Data for Print'!G87 | F101: ='Prop Data for Print'!H87 -> Chris Bowden 949-486-7153 | G101: ='Prop Data for Print'!I87 -> 02-20-2004 56-2424391 Little Mountain Estates MHC, LLC | H101: ='Prop Data for Print'!J87 -> 122 Skagit | ... K101: ='Prop Data for Print'!M87 -> Deborah Kemp
A102: ='Prop Data for Print'!C88 -> RICHLAND 35 Apollo Blvd Richland, WA 99354 | B102: ='Prop Data for Print'!D88 -> Richland@ PH: 509-375-3064 Fax: 509-375-3469 | C102: ='Prop Data for Print'!E88 -> Maria Manzo | D102: ='Prop Data for Print'!F88 -> Paul Arreola | E102: ='Prop Data for Print'!G88 | F102: ='Prop Data for Print'!H88 -> Chris Bowden 949-486-7153 | G102: ='Prop Data for Print'!I88 -> 08-10-2016 81-2877481 Alyson/Richland MHC, LLC | H102: ='Prop Data for Print'!J88 -> 334 Benton | ... K102: ='Prop Data for Print'!M88 -> Deborah Kemp
A103: ='Prop Data for Print'!C89 -> SKYLINE MOBILE ESTATES 2205 Butterfield Rd #8 Yakima, WA 98901 | B103: ='Prop Data for Print'!D89 -> Skyline@ PH: 509-452-4382 Fax: | C103: ='Prop Data for Print'!E89 -> Brei Cervantes | D103: ='Prop Data for Print'!F89 -> Wayne Purchase | E103: ='Prop Data for Print'!G89 | F103: ='Prop Data for Print'!H89 -> Chris Bowden 949-486-7153 | G103: ='Prop Data for Print'!I89 -> 07-18-2001 33-1161902 Skyline Vineyard MHC, LLC | H103: ='Prop Data for Print'!J89 -> 162 Yakima | ... K103: ='Prop Data for Print'!M89 -> Deborah Kemp
... A105: ='Prop Data for Print'!C91 -> TIM WA 1965 Westside Hwy, #100 Kelso, WA 98626 | B105: ='Prop Data for Print'!D91 -> TimWa@ PH: 360-577-1978 Fax: 360-501-4303 | C105: ='Prop Data for Print'!E91 -> Taylor Prescot | D105: ='Prop Data for Print'!F91 -> Lowell Fittro | E105: ='Prop Data for Print'!G91 | F105: ='Prop Data for Print'!H91 -> Chris Bowden 949-486-7153 | G105: ='Prop Data for Print'!I91 -> 05-16-2003 87-4808365 Tim-Wa MHC, LLC | H105: ='Prop Data for Print'!J91 -> 115 Cowlitz | ... K105: ='Prop Data for Print'!M91 -> Deborah Kemp
...

Sheet Counts
A1: IPG Management Summary
A3: Portfolio | E3: Homes | K3: Other Spaces
A4: States | B4: # Managed | C4: Sites | E4: =Lists!C7 -> MH Community | F4: =Lists!C6 -> Conventional | G4: Affordable: PB | H4: Affordable: PB + TC | I4: Affordable: TC | K4: RV Park | L4: SFR (stick built) | M4: Commercial
A5: CA | B5: =SUM(E5:M5) -> 3700 | C5: =COUNTIF(Data!$G$3:$G$461,A5) -> 22 | E5: =SUMIFS(Data!$Y$3:$Y$461,Data!$G$3:$G$461,A5,Data!$AC$3:$AC$461,E$4) -> 2479 | F5: =SUMIFS(Data!$Y$3:$Y$461,Data!$G$3:$G$461,A5,Data!$AC$3:$AC$461,F$4) -> 0 | G5: =SUMIFS(Data!$Y$3:$Y$461,Data!$G$3:$G$461,A5,Data!$AC$3:$AC$461,G$4) -> 0 | H5: =SUMIFS(Data!$Y$3:$Y$461,Data!$G$3:$G$461,A5,Data!$AC$3:$AC$461,H$4) -> 1220 | I5: =SUMIFS(Data!$Y$3:$Y$461,Data!$G$3:$G$461,A5,Data!$AC$3:$AC$461,I$4) -> 0 | K5: =SUMIFS(Data!$AA$3:$AA$461,Data!$G$3:$G$461,A5,Data!$Z$3:$Z$461,K$4) -> 0 | L5: =SUMIFS(Data!$AA$3:$AA$461,Data!$G$3:$G$461,A5,Data!$Z$3:$Z$461,L$4) -> 1 | M5: =SUMIFS(Data!$AA$3:$AA$461,Data!$G$3:$G$461,A5,Data!$Z$3:$Z$461,M$4) -> 0
A6: CO | B6: =SUM(E6:M6) -> 1073 | C6: =COUNTIF(Data!$G$3:$G$461,A6) -> 8 | E6: =SUMIFS(Data!$Y$3:$Y$461,Data!$G$3:$G$461,A6,Data!$AC$3:$AC$461,E$4) -> 1073 | F6: =SUMIFS(Data!$Y$3:$Y$461,Data!$G$3:$G$461,A6,Data!$AC$3:$AC$461,F$4) -> 0 | G6: =SUMIFS(Data!$Y$3:$Y$461,Data!$G$3:$G$461,A6,Data!$AC$3:$AC$461,G$4) -> 0 | H6: =SUMIFS(Data!$Y$3:$Y$461,Data!$G$3:$G$461,A6,Data!$AC$3:$AC$461,H$4) -> 0 | I6: =SUMIFS(Data!$Y$3:$Y$461,Data!$G$3:$G$461,A6,Data!$AC$3:$AC$461,I$4) -> 0 | K6: =SUMIFS(Data!$AA$3:$AA$461,Data!$G$3:$G$461,A6,Data!$Z$3:$Z$461,K$4) -> 0 | L6: =SUMIFS(Data!$AA$3:$AA$461,Data!$G$3:$G$461,A6,Data!$Z$3:$Z$461,L$4) -> 0 | M6: =SUMIFS(Data!$AA$3:$AA$461,Data!$G$3:$G$461,A6,Data!$Z$3:$Z$461,M$4) -> 0
A7: GA | B7: =SUM(E7:M7) -> 382 | C7: =COUNTIF(Data!$G$3:$G$461,A7) -> 2 | E7: =SUMIFS(Data!$Y$3:$Y$461,Data!$G$3:$G$461,A7,Data!$AC$3:$AC$461,E$4) -> 0 | F7: =SUMIFS(Data!$Y$3:$Y$461,Data!$G$3:$G$461,A7,Data!$AC$3:$AC$461,F$4) -> 0 | G7: =SUMIFS(Data!$Y$3:$Y$461,Data!$G$3:$G$461,A7,Data!$AC$3:$AC$461,G$4) -> 0 | H7: =SUMIFS(Data!$Y$3:$Y$461,Data!$G$3:$G$461,A7,Data!$AC$3:$AC$461,H$4) -> 382 | I7: =SUMIFS(Data!$Y$3:$Y$461,Data!$G$3:$G$461,A7,Data!$AC$3:$AC$461,I$4) -> 0 | K7: =SUMIFS(Data!$AA$3:$AA$461,Data!$G$3:$G$461,A7,Data!$Z$3:$Z$461,K$4) -> 0 | L7: =SUMIFS(Data!$AA$3:$AA$461,Data!$G$3:$G$461,A7,Data!$Z$3:$Z$461,L$4) -> 0 | M7: =SUMIFS(Data!$AA$3:$AA$461,Data!$G$3:$G$461,A7,Data!$Z$3:$Z$461,M$4) -> 0
A8: HI | B8: =SUM(E8:M8) -> 162 | C8: =COUNTIF(Data!$G$3:$G$461,A8) -> 1 | E8: =SUMIFS(Data!$Y$3:$Y$461,Data!$G$3:$G$461,A8,Data!$AC$3:$AC$461,E$4) -> 0 | F8: =SUMIFS(Data!$Y$3:$Y$461,Data!$G$3:$G$461,A8,Data!$AC$3:$AC$461,F$4) -> 0 | G8: =SUMIFS(Data!$Y$3:$Y$461,Data!$G$3:$G$461,A8,Data!$AC$3:$AC$461,G$4) -> 0 | H8: =SUMIFS(Data!$Y$3:$Y$461,Data!$G$3:$G$461,A8,Data!$AC$3:$AC$461,H$4) -> 162 | I8: =SUMIFS(Data!$Y$3:$Y$461,Data!$G$3:$G$461,A8,Data!$AC$3:$AC$461,I$4) -> 0 | K8: =SUMIFS(Data!$AA$3:$AA$461,Data!$G$3:$G$461,A8,Data!$Z$3:$Z$461,K$4) -> 0 | L8: =SUMIFS(Data!$AA$3:$AA$461,Data!$G$3:$G$461,A8,Data!$Z$3:$Z$461,L$4) -> 0 | M8: =SUMIFS(Data!$AA$3:$AA$461,Data!$G$3:$G$461,A8,Data!$Z$3:$Z$461,M$4) -> 0
A9: ID | B9: =SUM(E9:M9) -> 646 | C9: =COUNTIF(Data!$G$3:$G$461,A9) -> 4 | E9: =SUMIFS(Data!$Y$3:$Y$461,Data!$G$3:$G$461,A9,Data!$AC$3:$AC$461,E$4) -> 461 | F9: =SUMIFS(Data!$Y$3:$Y$461,Data!$G$3:$G$461,A9,Data!$AC$3:$AC$461,F$4) -> 185 | G9: =SUMIFS(Data!$Y$3:$Y$461,Data!$G$3:$G$461,A9,Data!$AC$3:$AC$461,G$4) -> 0 | H9: =SUMIFS(Data!$Y$3:$Y$461,Data!$G$3:$G$461,A9,Data!$AC$3:$AC$461,H$4) -> 0 | I9: =SUMIFS(Data!$Y$3:$Y$461,Data!$G$3:$G$461,A9,Data!$AC$3:$AC$461,I$4) -> 0 | K9: =SUMIFS(Data!$AA$3:$AA$461,Data!$G$3:$G$461,A9,Data!$Z$3:$Z$461,K$4) -> 0 | L9: =SUMIFS(Data!$AA$3:$AA$461,Data!$G$3:$G$461,A9,Data!$Z$3:$Z$461,L$4) -> 0 | M9: =SUMIFS(Data!$AA$3:$AA$461,Data!$G$3:$G$461,A9,Data!$Z$3:$Z$461,M$4) -> 0
A10: MI | B10: =SUM(E10:M10) -> 492 | C10: =COUNTIF(Data!$G$3:$G$461,A10) -> 2 | E10: =SUMIFS(Data!$Y$3:$Y$461,Data!$G$3:$G$461,A10,Data!$AC$3:$AC$461,E$4) -> 0 | F10: =SUMIFS(Data!$Y$3:$Y$461,Data!$G$3:$G$461,A10,Data!$AC$3:$AC$461,F$4) -> 0 | G10: =SUMIFS(Data!$Y$3:$Y$461,Data!$G$3:$G$461,A10,Data!$AC$3:$AC$461,G$4) -> 192 | H10: =SUMIFS(Data!$Y$3:$Y$461,Data!$G$3:$G$461,A10,Data!$AC$3:$AC$461,H$4) -> 300 | I10: =SUMIFS(Data!$Y$3:$Y$461,Data!$G$3:$G$461,A10,Data!$AC$3:$AC$461,I$4) -> 0 | K10: =SUMIFS(Data!$AA$3:$AA$461,Data!$G$3:$G$461,A10,Data!$Z$3:$Z$461,K$4) -> 0 | L10: =SUMIFS(Data!$AA$3:$AA$461,Data!$G$3:$G$461,A10,Data!$Z$3:$Z$461,L$4) -> 0 | M10: =SUMIFS(Data!$AA$3:$AA$461,Data!$G$3:$G$461,A10,Data!$Z$3:$Z$461,M$4) -> 0
A11: MN | B11: =SUM(E11:M11) -> 1746 | C11: =COUNTIF(Data!$G$3:$G$461,A11) -> 12 | E11: =SUMIFS(Data!$Y$3:$Y$461,Data!$G$3:$G$461,A11,Data!$AC$3:$AC$461,E$4) -> 0 | F11: =SUMIFS(Data!$Y$3:$Y$461,Data!$G$3:$G$461,A11,Data!$AC$3:$AC$461,F$4) -> 1371 | G11: =SUMIFS(Data!$Y$3:$Y$461,Data!$G$3:$G$461,A11,Data!$AC$3:$AC$461,G$4) -> 0 | H11: =SUMIFS(Data!$Y$3:$Y$461,Data!$G$3:$G$461,A11,Data!$AC$3:$AC$461,H$4) -> 224 | I11: =SUMIFS(Data!$Y$3:$Y$461,Data!$G$3:$G$461,A11,Data!$AC$3:$AC$461,I$4) -> 151 | K11: =SUMIFS(Data!$AA$3:$AA$461,Data!$G$3:$G$461,A11,Data!$Z$3:$Z$461,K$4) -> 0 | L11: =SUMIFS(Data!$AA$3:$AA$461,Data!$G$3:$G$461,A11,Data!$Z$3:$Z$461,L$4) -> 0 | M11: =SUMIFS(Data!$AA$3:$AA$461,Data!$G$3:$G$461,A11,Data!$Z$3:$Z$461,M$4) -> 0
A12: NJ | B12: =SUM(E12:M12) -> 266 | C12: =COUNTIF(Data!$G$3:$G$461,A12) -> 1 | E12: =SUMIFS(Data!$Y$3:$Y$461,Data!$G$3:$G$461,A12,Data!$AC$3:$AC$461,E$4) -> 0 | F12: =SUMIFS(Data!$Y$3:$Y$461,Data!$G$3:$G$461,A12,Data!$AC$3:$AC$461,F$4) -> 0 | G12: =SUMIFS(Data!$Y$3:$Y$461,Data!$G$3:$G$461,A12,Data!$AC$3:$AC$461,G$4) -> 0 | H12: =SUMIFS(Data!$Y$3:$Y$461,Data!$G$3:$G$461,A12,Data!$AC$3:$AC$461,H$4) -> 261 | I12: =SUMIFS(Data!$Y$3:$Y$461,Data!$G$3:$G$461,A12,Data!$AC$3:$AC$461,I$4) -> 0 | K12: =SUMIFS(Data!$AA$3:$AA$461,Data!$G$3:$G$461,A12,Data!$Z$3:$Z$461,K$4) -> 0 | L12: =SUMIFS(Data!$AA$3:$AA$461,Data!$G$3:$G$461,A12,Data!$Z$3:$Z$461,L$4) -> 0 | M12: =SUMIFS(Data!$AA$3:$AA$461,Data!$G$3:$G$461,A12,Data!$Z$3:$Z$461,M$4) -> 5
A13: NV | B13: =SUM(E13:M13) -> 316 | C13: =COUNTIF(Data!$G$3:$G$461,A13) -> 1 | E13: =SUMIFS(Data!$Y$3:$Y$461,Data!$G$3:$G$461,A13,Data!$AC$3:$AC$461,E$4) -> 0 | F13: =SUMIFS(Data!$Y$3:$Y$461,Data!$G$3:$G$461,A13,Data!$AC$3:$AC$461,F$4) -> 0 | G13: =SUMIFS(Data!$Y$3:$Y$461,Data!$G$3:$G$461,A13,Data!$AC$3:$AC$461,G$4) -> 0 | H13: =SUMIFS(Data!$Y$3:$Y$461,Data!$G$3:$G$461,A13,Data!$AC$3:$AC$461,H$4) -> 0 | I13: =SUMIFS(Data!$Y$3:$Y$461,Data!$G$3:$G$461,A13,Data!$AC$3:$AC$461,I$4) -> 316 | K13: =SUMIFS(Data!$AA$3:$AA$461,Data!$G$3:$G$461,A13,Data!$Z$3:$Z$461,K$4) -> 0 | L13: =SUMIFS(Data!$AA$3:$AA$461,Data!$G$3:$G$461,A13,Data!$Z$3:$Z$461,L$4) -> 0 | M13: =SUMIFS(Data!$AA$3:$AA$461,Data!$G$3:$G$461,A13,Data!$Z$3:$Z$461,M$4) -> 0
A14: NY | B14: =SUM(E14:M14) -> 215 | C14: =COUNTIF(Data!$G$3:$G$461,A14) -> 1 | E14: =SUMIFS(Data!$Y$3:$Y$461,Data!$G$3:$G$461,A14,Data!$AC$3:$AC$461,E$4) -> 0 | F14: =SUMIFS(Data!$Y$3:$Y$461,Data!$G$3:$G$461,A14,Data!$AC$3:$AC$461,F$4) -> 215 | G14: =SUMIFS(Data!$Y$3:$Y$461,Data!$G$3:$G$461,A14,Data!$AC$3:$AC$461,G$4) -> 0 | H14: =SUMIFS(Data!$Y$3:$Y$461,Data!$G$3:$G$461,A14,Data!$AC$3:$AC$461,H$4) -> 0 | I14: =SUMIFS(Data!$Y$3:$Y$461,Data!$G$3:$G$461,A14,Data!$AC$3:$AC$461,I$4) -> 0 | K14: =SUMIFS(Data!$AA$3:$AA$461,Data!$G$3:$G$461,A14,Data!$Z$3:$Z$461,K$4) -> 0 | L14: =SUMIFS(Data!$AA$3:$AA$461,Data!$G$3:$G$461,A14,Data!$Z$3:$Z$461,L$4) -> 0 | M14: =SUMIFS(Data!$AA$3:$AA$461,Data!$G$3:$G$461,A14,Data!$Z$3:$Z$461,M$4) -> 0
A15: OR | B15: =SUM(E15:M15) -> 6747 | C15: =COUNTIF(Data!$G$3:$G$461,A15) -> 50 | E15: =SUMIFS(Data!$Y$3:$Y$461,Data!$G$3:$G$461,A15,Data!$AC$3:$AC$461,E$4) -> 5438 | F15: =SUMIFS(Data!$Y$3:$Y$461,Data!$G$3:$G$461,A15,Data!$AC$3:$AC$461,F$4) -> 972 | G15: =SUMIFS(Data!$Y$3:$Y$461,Data!$G$3:$G$461,A15,Data!$AC$3:$AC$461,G$4) -> 0 | H15: =SUMIFS(Data!$Y$3:$Y$461,Data!$G$3:$G$461,A15,Data!$AC$3:$AC$461,H$4) -> 0 | I15: =SUMIFS(Data!$Y$3:$Y$461,Data!$G$3:$G$461,A15,Data!$AC$3:$AC$461,I$4) -> 240 | K15: =SUMIFS(Data!$AA$3:$AA$461,Data!$G$3:$G$461,A15,Data!$Z$3:$Z$461,K$4) -> 97 | L15: =SUMIFS(Data!$AA$3:$AA$461,Data!$G$3:$G$461,A15,Data!$Z$3:$Z$461,L$4) -> 0 | M15: =SUMIFS(Data!$AA$3:$AA$461,Data!$G$3:$G$461,A15,Data!$Z$3:$Z$461,M$4) -> 0
A16: UT | B16: =SUM(E16:M16) -> 1586 | C16: =COUNTIF(Data!$G$3:$G$461,A16) -> 13 | E16: =SUMIFS(Data!$Y$3:$Y$461,Data!$G$3:$G$461,A16,Data!$AC$3:$AC$461,E$4) -> 1585 | F16: =SUMIFS(Data!$Y$3:$Y$461,Data!$G$3:$G$461,A16,Data!$AC$3:$AC$461,F$4) -> 0 | G16: =SUMIFS(Data!$Y$3:$Y$461,Data!$G$3:$G$461,A16,Data!$AC$3:$AC$461,G$4) -> 0 | H16: =SUMIFS(Data!$Y$3:$Y$461,Data!$G$3:$G$461,A16,Data!$AC$3:$AC$461,H$4) -> 0 | I16: =SUMIFS(Data!$Y$3:$Y$461,Data!$G$3:$G$461,A16,Data!$AC$3:$AC$461,I$4) -> 0 | K16: =SUMIFS(Data!$AA$3:$AA$461,Data!$G$3:$G$461,A16,Data!$Z$3:$Z$461,K$4) -> 0 | L16: =SUMIFS(Data!$AA$3:$AA$461,Data!$G$3:$G$461,A16,Data!$Z$3:$Z$461,L$4) -> 1 | M16: =SUMIFS(Data!$AA$3:$AA$461,Data!$G$3:$G$461,A16,Data!$Z$3:$Z$461,M$4) -> 0
A17: WA | B17: =SUM(E17:M17) -> 5155 | C17: =COUNTIF(Data!$G$3:$G$461,A17) -> 35 | E17: =SUMIFS(Data!$Y$3:$Y$461,Data!$G$3:$G$461,A17,Data!$AC$3:$AC$461,E$4) -> 4171 | F17: =SUMIFS(Data!$Y$3:$Y$461,Data!$G$3:$G$461,A17,Data!$AC$3:$AC$461,F$4) -> 745 | G17: =SUMIFS(Data!$Y$3:$Y$461,Data!$G$3:$G$461,A17,Data!$AC$3:$AC$461,G$4) -> 0 | H17: =SUMIFS(Data!$Y$3:$Y$461,Data!$G$3:$G$461,A17,Data!$AC$3:$AC$461,H$4) -> 0 | I17: =SUMIFS(Data!$Y$3:$Y$461,Data!$G$3:$G$461,A17,Data!$AC$3:$AC$461,I$4) -> 0 | K17: =SUMIFS(Data!$AA$3:$AA$461,Data!$G$3:$G$461,A17,Data!$Z$3:$Z$461,K$4) -> 239 | L17: =SUMIFS(Data!$AA$3:$AA$461,Data!$G$3:$G$461,A17,Data!$Z$3:$Z$461,L$4) -> 0 | M17: =SUMIFS(Data!$AA$3:$AA$461,Data!$G$3:$G$461,A17,Data!$Z$3:$Z$461,M$4) -> 0
A18: TOTALS
A19: =COUNTA(A5:A17) -> 13 | B19: =SUM(B5:B18) -> 22486 | C19: =SUM(C5:C18) -> 152 | E19: =SUM(E5:E18) -> 15207 | F19: =SUM(F5:F18) -> 3488 | G19: =SUM(G5:G18) -> 192 | H19: =SUM(H5:H18) -> 2549 | I19: =SUM(I5:I18) -> 707 | K19: =SUM(K5:K18) -> 336 | L19: =SUM(L5:L18) -> 2 | M19: =SUM(M5:M18) -> 5
A25: DIVISION | K25: AFFORDABLE
A27: Manufactured | B27: # Managed | C27: Sites | E27: MH Spaces | F27: RV Park Spaces | G27: SRF Spaces | K27: Total Affordable Units | M27: =G19+H19+I19 -> 3448
A28: Home | B28: =SUM(E28:G28) -> 15545 | C28: =COUNTIF(Data!$A$3:$A$461,"mh") -> 115 | E28: =E19 -> 15207 | F28: =K19 -> 336 | G28: =L19 -> 2 | K28: Total Affordable Sites | M28: 15
A30: Multifamily | B30: # Managed | C30: Sites | E30: Conventional | F30: Affordable | G30: Commercial | K30: Units by Type
B31: =SUM(E31:G31) -> 6941 | C31: =COUNTIF(Data!$A$3:$A$461,"mF") -> 37 | E31: =F19 -> 3488 | F31: =SUM(G19:I19) -> 3448 | G31: =M19 -> 5 | K31: Project Based | M31: =G19+H19 -> 2741
K32: Tax Credit | M32: =H19+I19 -> 3256

Sheet VP Summary
A1: VP Summary | L1: formatting
A2: States | B2: # Managed | C2: Sites | D2: MH Community | E2: Conventional | F2: Affordable: PB | G2: Affordable: PB + TC | H2: Affordable: PB + TC + RD | I2: Affordable: TC | J2: Other Spaces
A3: Julie Rodriguez | L3: 0
A4: CA | B4: =SUM(D4:J4) -> 0 | C4: =COUNTIFS(Data!$G$3:$G$491,A4,Data!$B$3:$B$491,$A$3) -> 0 | D4: =SUMIFS(Data!$Y$3:$Y$491,Data!$G$3:$G$491,A4,Data!$AC$3:$AC$491,D$2,Data!$B$3:$B$491,$A$3) -> 0 | E4: =SUMIFS(Data!$Y$3:$Y$491,Data!$G$3:$G$491,A4,Data!$AC$3:$AC$491,E$2,Data!$B$3:$B$491,$A$3) -> 0 | F4: =SUMIFS(Data!$Y$3:$Y$491,Data!$G$3:$G$491,A4,Data!$AC$3:$AC$491,F$2,Data!$B$3:$B$491,$A$3) -> 0 | G4: =SUMIFS(Data!$Y$3:$Y$491,Data!$G$3:$G$491,A4,Data!$AC$3:$AC$491,G$2,Data!$B$3:$B$491,$A$3) -> 0 | H4: =SUMIFS(Data!$Y$3:$Y$491,Data!$G$3:$G$491,A4,Data!$AC$3:$AC$491,H$2,Data!$B$3:$B$491,$A$3) -> 0 | I4: =SUMIFS(Data!$Y$3:$Y$491,Data!$G$3:$G$491,A4,Data!$AC$3:$AC$491,I$2,Data!$B$3:$B$491,$A$3) -> 0 | J4: =SUMIFS(Data!$AA$3:$AA$491,Data!$G$3:$G$491,A4,Data!$B$3:$B$491,$A$3) -> 0 | L4: =SUM(B4:J4) -> 0
A5: CO | B5: =SUM(D5:J5) -> 0 | C5: =COUNTIFS(Data!$G$3:$G$491,A5,Data!$B$3:$B$491,$A$3) -> 0 | D5: =SUMIFS(Data!$Y$3:$Y$491,Data!$G$3:$G$491,A5,Data!$AC$3:$AC$491,D$2,Data!$B$3:$B$491,$A$3) -> 0 | E5: =SUMIFS(Data!$Y$3:$Y$491,Data!$G$3:$G$491,A5,Data!$AC$3:$AC$491,E$2,Data!$B$3:$B$491,$A$3) -> 0 | F5: =SUMIFS(Data!$Y$3:$Y$491,Data!$G$3:$G$491,A5,Data!$AC$3:$AC$491,F$2,Data!$B$3:$B$491,$A$3) -> 0 | G5: =SUMIFS(Data!$Y$3:$Y$491,Data!$G$3:$G$491,A5,Data!$AC$3:$AC$491,G$2,Data!$B$3:$B$491,$A$3) -> 0 | H5: =SUMIFS(Data!$Y$3:$Y$491,Data!$G$3:$G$491,A5,Data!$AC$3:$AC$491,H$2,Data!$B$3:$B$491,$A$3) -> 0 | I5: =SUMIFS(Data!$Y$3:$Y$491,Data!$G$3:$G$491,A5,Data!$AC$3:$AC$491,I$2,Data!$B$3:$B$491,$A$3) -> 0 | J5: =SUMIFS(Data!$AA$3:$AA$491,Data!$G$3:$G$491,A5,Data!$B$3:$B$491,$A$3) -> 0 | L5: =SUM(B5:J5) -> 0
A6: GA | B6: =SUM(D6:J6) -> 0 | C6: =COUNTIFS(Data!$G$3:$G$491,A6,Data!$B$3:$B$491,$A$3) -> 0 | D6: =SUMIFS(Data!$Y$3:$Y$491,Data!$G$3:$G$491,A6,Data!$AC$3:$AC$491,D$2,Data!$B$3:$B$491,$A$3) -> 0 | E6: =SUMIFS(Data!$Y$3:$Y$491,Data!$G$3:$G$491,A6,Data!$AC$3:$AC$491,E$2,Data!$B$3:$B$491,$A$3) -> 0 | F6: =SUMIFS(Data!$Y$3:$Y$491,Data!$G$3:$G$491,A6,Data!$AC$3:$AC$491,F$2,Data!$B$3:$B$491,$A$3) -> 0 | G6: =SUMIFS(Data!$Y$3:$Y$491,Data!$G$3:$G$491,A6,Data!$AC$3:$AC$491,G$2,Data!$B$3:$B$491,$A$3) -> 0 | H6: =SUMIFS(Data!$Y$3:$Y$491,Data!$G$3:$G$491,A6,Data!$AC$3:$AC$491,H$2,Data!$B$3:$B$491,$A$3) -> 0 | I6: =SUMIFS(Data!$Y$3:$Y$491,Data!$G$3:$G$491,A6,Data!$AC$3:$AC$491,I$2,Data!$B$3:$B$491,$A$3) -> 0 | J6: =SUMIFS(Data!$AA$3:$AA$491,Data!$G$3:$G$491,A6,Data!$B$3:$B$491,$A$3) -> 0 | L6: =SUM(B6:J6) -> 0
A7: HI | B7: =SUM(D7:J7) -> 0 | C7: =COUNTIFS(Data!$G$3:$G$491,A7,Data!$B$3:$B$491,$A$3) -> 0 | D7: =SUMIFS(Data!$Y$3:$Y$491,Data!$G$3:$G$491,A7,Data!$AC$3:$AC$491,D$2,Data!$B$3:$B$491,$A$3) -> 0 | E7: =SUMIFS(Data!$Y$3:$Y$491,Data!$G$3:$G$491,A7,Data!$AC$3:$AC$491,E$2,Data!$B$3:$B$491,$A$3) -> 0 | F7: =SUMIFS(Data!$Y$3:$Y$491,Data!$G$3:$G$491,A7,Data!$AC$3:$AC$491,F$2,Data!$B$3:$B$491,$A$3) -> 0 | G7: =SUMIFS(Data!$Y$3:$Y$491,Data!$G$3:$G$491,A7,Data!$AC$3:$AC$491,G$2,Data!$B$3:$B$491,$A$3) -> 0 | H7: =SUMIFS(Data!$Y$3:$Y$491,Data!$G$3:$G$491,A7,Data!$AC$3:$AC$491,H$2,Data!$B$3:$B$491,$A$3) -> 0 | I7: =SUMIFS(Data!$Y$3:$Y$491,Data!$G$3:$G$491,A7,Data!$AC$3:$AC$491,I$2,Data!$B$3:$B$491,$A$3) -> 0 | J7: =SUMIFS(Data!$AA$3:$AA$491,Data!$G$3:$G$491,A7,Data!$B$3:$B$491,$A$3) -> 0 | L7: =SUM(B7:J7) -> 0
A8: ID | B8: =SUM(D8:J8) -> 0 | C8: =COUNTIFS(Data!$G$3:$G$491,A8,Data!$B$3:$B$491,$A$3) -> 0 | D8: =SUMIFS(Data!$Y$3:$Y$491,Data!$G$3:$G$491,A8,Data!$AC$3:$AC$491,D$2,Data!$B$3:$B$491,$A$3) -> 0 | E8: =SUMIFS(Data!$Y$3:$Y$491,Data!$G$3:$G$491,A8,Data!$AC$3:$AC$491,E$2,Data!$B$3:$B$491,$A$3) -> 0 | F8: =SUMIFS(Data!$Y$3:$Y$491,Data!$G$3:$G$491,A8,Data!$AC$3:$AC$491,F$2,Data!$B$3:$B$491,$A$3) -> 0 | G8: =SUMIFS(Data!$Y$3:$Y$491,Data!$G$3:$G$491,A8,Data!$AC$3:$AC$491,G$2,Data!$B$3:$B$491,$A$3) -> 0 | H8: =SUMIFS(Data!$Y$3:$Y$491,Data!$G$3:$G$491,A8,Data!$AC$3:$AC$491,H$2,Data!$B$3:$B$491,$A$3) -> 0 | I8: =SUMIFS(Data!$Y$3:$Y$491,Data!$G$3:$G$491,A8,Data!$AC$3:$AC$491,I$2,Data!$B$3:$B$491,$A$3) -> 0 | J8: =SUMIFS(Data!$AA$3:$AA$491,Data!$G$3:$G$491,A8,Data!$B$3:$B$491,$A$3) -> 0 | L8: =SUM(B8:J8) -> 0
A9: MI | B9: =SUM(D9:J9) -> 0 | C9: =COUNTIFS(Data!$G$3:$G$491,A9,Data!$B$3:$B$491,$A$3) -> 0 | D9: =SUMIFS(Data!$Y$3:$Y$491,Data!$G$3:$G$491,A9,Data!$AC$3:$AC$491,D$2,Data!$B$3:$B$491,$A$3) -> 0 | E9: =SUMIFS(Data!$Y$3:$Y$491,Data!$G$3:$G$491,A9,Data!$AC$3:$AC$491,E$2,Data!$B$3:$B$491,$A$3) -> 0 | F9: =SUMIFS(Data!$Y$3:$Y$491,Data!$G$3:$G$491,A9,Data!$AC$3:$AC$491,F$2,Data!$B$3:$B$491,$A$3) -> 0 | G9: =SUMIFS(Data!$Y$3:$Y$491,Data!$G$3:$G$491,A9,Data!$AC$3:$AC$491,G$2,Data!$B$3:$B$491,$A$3) -> 0 | H9: =SUMIFS(Data!$Y$3:$Y$491,Data!$G$3:$G$491,A9,Data!$AC$3:$AC$491,H$2,Data!$B$3:$B$491,$A$3) -> 0 | I9: =SUMIFS(Data!$Y$3:$Y$491,Data!$G$3:$G$491,A9,Data!$AC$3:$AC$491,I$2,Data!$B$3:$B$491,$A$3) -> 0 | J9: =SUMIFS(Data!$AA$3:$AA$491,Data!$G$3:$G$491,A9,Data!$B$3:$B$491,$A$3) -> 0 | L9: =SUM(B9:J9) -> 0
A10: MN | B10: =SUM(D10:J10) -> 0 | C10: =COUNTIFS(Data!$G$3:$G$491,A10,Data!$B$3:$B$491,$A$3) -> 0 | D10: =SUMIFS(Data!$Y$3:$Y$491,Data!$G$3:$G$491,A10,Data!$AC$3:$AC$491,D$2,Data!$B$3:$B$491,$A$3) -> 0 | E10: =SUMIFS(Data!$Y$3:$Y$491,Data!$G$3:$G$491,A10,Data!$AC$3:$AC$491,E$2,Data!$B$3:$B$491,$A$3) -> 0 | F10: =SUMIFS(Data!$Y$3:$Y$491,Data!$G$3:$G$491,A10,Data!$AC$3:$AC$491,F$2,Data!$B$3:$B$491,$A$3) -> 0 | G10: =SUMIFS(Data!$Y$3:$Y$491,Data!$G$3:$G$491,A10,Data!$AC$3:$AC$491,G$2,Data!$B$3:$B$491,$A$3) -> 0 | H10: =SUMIFS(Data!$Y$3:$Y$491,Data!$G$3:$G$491,A10,Data!$AC$3:$AC$491,H$2,Data!$B$3:$B$491,$A$3) -> 0 | I10: =SUMIFS(Data!$Y$3:$Y$491,Data!$G$3:$G$491,A10,Data!$AC$3:$AC$491,I$2,Data!$B$3:$B$491,$A$3) -> 0 | J10: =SUMIFS(Data!$AA$3:$AA$491,Data!$G$3:$G$491,A10,Data!$B$3:$B$491,$A$3) -> 0 | L10: =SUM(B10:J10) -> 0
A11: NJ | B11: =SUM(D11:J11) -> 0 | C11: =COUNTIFS(Data!$G$3:$G$491,A11,Data!$B$3:$B$491,$A$3) -> 0 | D11: =SUMIFS(Data!$Y$3:$Y$491,Data!$G$3:$G$491,A11,Data!$AC$3:$AC$491,D$2,Data!$B$3:$B$491,$A$3) -> 0 | E11: =SUMIFS(Data!$Y$3:$Y$491,Data!$G$3:$G$491,A11,Data!$AC$3:$AC$491,E$2,Data!$B$3:$B$491,$A$3) -> 0 | F11: =SUMIFS(Data!$Y$3:$Y$491,Data!$G$3:$G$491,A11,Data!$AC$3:$AC$491,F$2,Data!$B$3:$B$491,$A$3) -> 0 | G11: =SUMIFS(Data!$Y$3:$Y$491,Data!$G$3:$G$491,A11,Data!$AC$3:$AC$491,G$2,Data!$B$3:$B$491,$A$3) -> 0 | H11: =SUMIFS(Data!$Y$3:$Y$491,Data!$G$3:$G$491,A11,Data!$AC$3:$AC$491,H$2,Data!$B$3:$B$491,$A$3) -> 0 | I11: =SUMIFS(Data!$Y$3:$Y$491,Data!$G$3:$G$491,A11,Data!$AC$3:$AC$491,I$2,Data!$B$3:$B$491,$A$3) -> 0 | J11: =SUMIFS(Data!$AA$3:$AA$491,Data!$G$3:$G$491,A11,Data!$B$3:$B$491,$A$3) -> 0 | L11: =SUM(B11:J11) -> 0
A12: NV | B12: =SUM(D12:J12) -> 0 | C12: =COUNTIFS(Data!$G$3:$G$491,A12,Data!$B$3:$B$491,$A$3) -> 0 | D12: =SUMIFS(Data!$Y$3:$Y$491,Data!$G$3:$G$491,A12,Data!$AC$3:$AC$491,D$2,Data!$B$3:$B$491,$A$3) -> 0 | E12: =SUMIFS(Data!$Y$3:$Y$491,Data!$G$3:$G$491,A12,Data!$AC$3:$AC$491,E$2,Data!$B$3:$B$491,$A$3) -> 0 | F12: =SUMIFS(Data!$Y$3:$Y$491,Data!$G$3:$G$491,A12,Data!$AC$3:$AC$491,F$2,Data!$B$3:$B$491,$A$3) -> 0 | G12: =SUMIFS(Data!$Y$3:$Y$491,Data!$G$3:$G$491,A12,Data!$AC$3:$AC$491,G$2,Data!$B$3:$B$491,$A$3) -> 0 | H12: =SUMIFS(Data!$Y$3:$Y$491,Data!$G$3:$G$491,A12,Data!$AC$3:$AC$491,H$2,Data!$B$3:$B$491,$A$3) -> 0 | I12: =SUMIFS(Data!$Y$3:$Y$491,Data!$G$3:$G$491,A12,Data!$AC$3:$AC$491,I$2,Data!$B$3:$B$491,$A$3) -> 0 | J12: =SUMIFS(Data!$AA$3:$AA$491,Data!$G$3:$G$491,A12,Data!$B$3:$B$491,$A$3) -> 0 | L12: =SUM(B12:J12) -> 0
A13: NY | B13: =SUM(D13:J13) -> 0 | C13: =COUNTIFS(Data!$G$3:$G$491,A13,Data!$B$3:$B$491,$A$3) -> 0 | D13: =SUMIFS(Data!$Y$3:$Y$491,Data!$G$3:$G$491,A13,Data!$AC$3:$AC$491,D$2,Data!$B$3:$B$491,$A$3) -> 0 | E13: =SUMIFS(Data!$Y$3:$Y$491,Data!$G$3:$G$491,A13,Data!$AC$3:$AC$491,E$2,Data!$B$3:$B$491,$A$3) -> 0 | F13: =SUMIFS(Data!$Y$3:$Y$491,Data!$G$3:$G$491,A13,Data!$AC$3:$AC$491,F$2,Data!$B$3:$B$491,$A$3) -> 0 | G13: =SUMIFS(Data!$Y$3:$Y$491,Data!$G$3:$G$491,A13,Data!$AC$3:$AC$491,G$2,Data!$B$3:$B$491,$A$3) -> 0 | H13: =SUMIFS(Data!$Y$3:$Y$491,Data!$G$3:$G$491,A13,Data!$AC$3:$AC$491,H$2,Data!$B$3:$B$491,$A$3) -> 0 | I13: =SUMIFS(Data!$Y$3:$Y$491,Data!$G$3:$G$491,A13,Data!$AC$3:$AC$491,I$2,Data!$B$3:$B$491,$A$3) -> 0 | J13: =SUMIFS(Data!$AA$3:$AA$491,Data!$G$3:$G$491,A13,Data!$B$3:$B$491,$A$3) -> 0 | L13: =SUM(B13:J13) -> 0
A14: OR | B14: =SUM(D14:J14) -> 0 | C14: =COUNTIFS(Data!$G$3:$G$491,A14,Data!$B$3:$B$491,$A$3) -> 0 | D14: =SUMIFS(Data!$Y$3:$Y$491,Data!$G$3:$G$491,A14,Data!$AC$3:$AC$491,D$2,Data!$B$3:$B$491,$A$3) -> 0 | E14: =SUMIFS(Data!$Y$3:$Y$491,Data!$G$3:$G$491,A14,Data!$AC$3:$AC$491,E$2,Data!$B$3:$B$491,$A$3) -> 0 | F14: =SUMIFS(Data!$Y$3:$Y$491,Data!$G$3:$G$491,A14,Data!$AC$3:$AC$491,F$2,Data!$B$3:$B$491,$A$3) -> 0 | G14: =SUMIFS(Data!$Y$3:$Y$491,Data!$G$3:$G$491,A14,Data!$AC$3:$AC$491,G$2,Data!$B$3:$B$491,$A$3) -> 0 | H14: =SUMIFS(Data!$Y$3:$Y$491,Data!$G$3:$G$491,A14,Data!$AC$3:$AC$491,H$2,Data!$B$3:$B$491,$A$3) -> 0 | I14: =SUMIFS(Data!$Y$3:$Y$491,Data!$G$3:$G$491,A14,Data!$AC$3:$AC$491,I$2,Data!$B$3:$B$491,$A$3) -> 0 | J14: =SUMIFS(Data!$AA$3:$AA$491,Data!$G$3:$G$491,A14,Data!$B$3:$B$491,$A$3) -> 0 | L14: =SUM(B14:J14) -> 0
A15: UT | B15: =SUM(D15:J15) -> 0 | C15: =COUNTIFS(Data!$G$3:$G$491,A15,Data!$B$3:$B$491,$A$3) -> 0 | D15: =SUMIFS(Data!$Y$3:$Y$491,Data!$G$3:$G$491,A15,Data!$AC$3:$AC$491,D$2,Data!$B$3:$B$491,$A$3) -> 0 | E15: =SUMIFS(Data!$Y$3:$Y$491,Data!$G$3:$G$491,A15,Data!$AC$3:$AC$491,E$2,Data!$B$3:$B$491,$A$3) -> 0 | F15: =SUMIFS(Data!$Y$3:$Y$491,Data!$G$3:$G$491,A15,Data!$AC$3:$AC$491,F$2,Data!$B$3:$B$491,$A$3) -> 0 | G15: =SUMIFS(Data!$Y$3:$Y$491,Data!$G$3:$G$491,A15,Data!$AC$3:$AC$491,G$2,Data!$B$3:$B$491,$A$3) -> 0 | H15: =SUMIFS(Data!$Y$3:$Y$491,Data!$G$3:$G$491,A15,Data!$AC$3:$AC$491,H$2,Data!$B$3:$B$491,$A$3) -> 0 | I15: =SUMIFS(Data!$Y$3:$Y$491,Data!$G$3:$G$491,A15,Data!$AC$3:$AC$491,I$2,Data!$B$3:$B$491,$A$3) -> 0 | J15: =SUMIFS(Data!$AA$3:$AA$491,Data!$G$3:$G$491,A15,Data!$B$3:$B$491,$A$3) -> 0 | L15: =SUM(B15:J15) -> 0
A16: WA | B16: =SUM(D16:J16) -> 0 | C16: =COUNTIFS(Data!$G$3:$G$491,A16,Data!$B$3:$B$491,$A$3) -> 0 | D16: =SUMIFS(Data!$Y$3:$Y$491,Data!$G$3:$G$491,A16,Data!$AC$3:$AC$491,D$2,Data!$B$3:$B$491,$A$3) -> 0 | E16: =SUMIFS(Data!$Y$3:$Y$491,Data!$G$3:$G$491,A16,Data!$AC$3:$AC$491,E$2,Data!$B$3:$B$491,$A$3) -> 0 | F16: =SUMIFS(Data!$Y$3:$Y$491,Data!$G$3:$G$491,A16,Data!$AC$3:$AC$491,F$2,Data!$B$3:$B$491,$A$3) -> 0 | G16: =SUMIFS(Data!$Y$3:$Y$491,Data!$G$3:$G$491,A16,Data!$AC$3:$AC$491,G$2,Data!$B$3:$B$491,$A$3) -> 0 | H16: =SUMIFS(Data!$Y$3:$Y$491,Data!$G$3:$G$491,A16,Data!$AC$3:$AC$491,H$2,Data!$B$3:$B$491,$A$3) -> 0 | I16: =SUMIFS(Data!$Y$3:$Y$491,Data!$G$3:$G$491,A16,Data!$AC$3:$AC$491,I$2,Data!$B$3:$B$491,$A$3) -> 0 | J16: =SUMIFS(Data!$AA$3:$AA$491,Data!$G$3:$G$491,A16,Data!$B$3:$B$491,$A$3) -> 0 | L16: =SUM(B16:J16) -> 0
A17: TOTALS | B17: =SUM(B4:B16) -> 0 | C17: =SUM(C4:C16) -> 0 | D17: =SUM(D4:D16) -> 0 | E17: =SUM(E4:E16) -> 0 | F17: =SUM(F4:F16) -> 0 | G17: =SUM(G4:G16) -> 0 | H17: =SUM(H4:H16) -> 0 | I17: =SUM(I4:I16) -> 0 | J17: =SUM(J4:J16) -> 0 | L17: 0
A18: Tanya Vidaurri
A19: CA | B19: =SUM(D19:J19) -> 0 | C19: =COUNTIFS(Data!$G$3:$G$491,A19,Data!$B$3:$B$491,$A$18) -> 0 | D19: =SUMIFS(Data!$Y$3:$Y$491,Data!$G$3:$G$491,A19,Data!$AC$3:$AC$491,D$2,Data!$B$3:$B$491,$A$18) -> 0 | E19: =SUMIFS(Data!$Y$3:$Y$491,Data!$G$3:$G$491,A19,Data!$AC$3:$AC$491,E$2,Data!$B$3:$B$491,$A$18) -> 0 | F19: =SUMIFS(Data!$Y$3:$Y$491,Data!$G$3:$G$491,A19,Data!$AC$3:$AC$491,F$2,Data!$B$3:$B$491,$A$18) -> 0 | G19: =SUMIFS(Data!$Y$3:$Y$491,Data!$G$3:$G$491,A19,Data!$AC$3:$AC$491,G$2,Data!$B$3:$B$491,$A$18) -> 0 | H19: =SUMIFS(Data!$Y$3:$Y$491,Data!$G$3:$G$491,A19,Data!$AC$3:$AC$491,H$2,Data!$B$3:$B$491,$A$18) -> 0 | I19: =SUMIFS(Data!$Y$3:$Y$491,Data!$G$3:$G$491,A19,Data!$AC$3:$AC$491,I$2,Data!$B$3:$B$491,$A$18) -> 0 | J19: =SUMIFS(Data!$AA$3:$AA$491,Data!$G$3:$G$491,A19,Data!$B$3:$B$491,$A$18) -> 0 | L19: =SUM(B19:J19) -> 0
A20: CO | B20: =SUM(D20:J20) -> 1073 | C20: =COUNTIFS(Data!$G$3:$G$491,A20,Data!$B$3:$B$491,$A$18) -> 8 | D20: =SUMIFS(Data!$Y$3:$Y$491,Data!$G$3:$G$491,A20,Data!$AC$3:$AC$491,D$2,Data!$B$3:$B$491,$A$18) -> 1073 | E20: =SUMIFS(Data!$Y$3:$Y$491,Data!$G$3:$G$491,A20,Data!$AC$3:$AC$491,E$2,Data!$B$3:$B$491,$A$18) -> 0 | F20: =SUMIFS(Data!$Y$3:$Y$491,Data!$G$3:$G$491,A20,Data!$AC$3:$AC$491,F$2,Data!$B$3:$B$491,$A$18) -> 0 | G20: =SUMIFS(Data!$Y$3:$Y$491,Data!$G$3:$G$491,A20,Data!$AC$3:$AC$491,G$2,Data!$B$3:$B$491,$A$18) -> 0 | H20: =SUMIFS(Data!$Y$3:$Y$491,Data!$G$3:$G$491,A20,Data!$AC$3:$AC$491,H$2,Data!$B$3:$B$491,$A$18) -> 0 | I20: =SUMIFS(Data!$Y$3:$Y$491,Data!$G$3:$G$491,A20,Data!$AC$3:$AC$491,I$2,Data!$B$3:$B$491,$A$18) -> 0 | J20: =SUMIFS(Data!$AA$3:$AA$491,Data!$G$3:$G$491,A20,Data!$B$3:$B$491,$A$18) -> 0 | L20: =SUM(B20:J20) -> 2154
A21: GA | B21: =SUM(D21:J21) -> 0 | C21: =COUNTIFS(Data!$G$3:$G$491,A21,Data!$B$3:$B$491,$A$18) -> 0 | D21: =SUMIFS(Data!$Y$3:$Y$491,Data!$G$3:$G$491,A21,Data!$AC$3:$AC$491,D$2,Data!$B$3:$B$491,$A$18) -> 0 | E21: =SUMIFS(Data!$Y$3:$Y$491,Data!$G$3:$G$491,A21,Data!$AC$3:$AC$491,E$2,Data!$B$3:$B$491,$A$18) -> 0 | F21: =SUMIFS(Data!$Y$3:$Y$491,Data!$G$3:$G$491,A21,Data!$AC$3:$AC$491,F$2,Data!$B$3:$B$491,$A$18) -> 0 | G21: =SUMIFS(Data!$Y$3:$Y$491,Data!$G$3:$G$491,A21,Data!$AC$3:$AC$491,G$2,Data!$B$3:$B$491,$A$18) -> 0 | H21: =SUMIFS(Data!$Y$3:$Y$491,Data!$G$3:$G$491,A21,Data!$AC$3:$AC$491,H$2,Data!$B$3:$B$491,$A$18) -> 0 | I21: =SUMIFS(Data!$Y$3:$Y$491,Data!$G$3:$G$491,A21,Data!$AC$3:$AC$491,I$2,Data!$B$3:$B$491,$A$18) -> 0 | J21: =SUMIFS(Data!$AA$3:$AA$491,Data!$G$3:$G$491,A21,Data!$B$3:$B$491,$A$18) -> 0 | L21: =SUM(B21:J21) -> 0
A22: HI | B22: =SUM(D22:J22) -> 0 | C22: =COUNTIFS(Data!$G$3:$G$491,A22,Data!$B$3:$B$491,$A$18) -> 0 | D22: =SUMIFS(Data!$Y$3:$Y$491,Data!$G$3:$G$491,A22,Data!$AC$3:$AC$491,D$2,Data!$B$3:$B$491,$A$18) -> 0 | E22: =SUMIFS(Data!$Y$3:$Y$491,Data!$G$3:$G$491,A22,Data!$AC$3:$AC$491,E$2,Data!$B$3:$B$491,$A$18) -> 0 | F22: =SUMIFS(Data!$Y$3:$Y$491,Data!$G$3:$G$491,A22,Data!$AC$3:$AC$491,F$2,Data!$B$3:$B$491,$A$18) -> 0 | G22: =SUMIFS(Data!$Y$3:$Y$491,Data!$G$3:$G$491,A22,Data!$AC$3:$AC$491,G$2,Data!$B$3:$B$491,$A$18) -> 0 | H22: =SUMIFS(Data!$Y$3:$Y$491,Data!$G$3:$G$491,A22,Data!$AC$3:$AC$491,H$2,Data!$B$3:$B$491,$A$18) -> 0 | I22: =SUMIFS(Data!$Y$3:$Y$491,Data!$G$3:$G$491,A22,Data!$AC$3:$AC$491,I$2,Data!$B$3:$B$491,$A$18) -> 0 | J22: =SUMIFS(Data!$AA$3:$AA$491,Data!$G$3:$G$491,A22,Data!$B$3:$B$491,$A$18) -> 0 | L22: =SUM(B22:J22) -> 0
A23: ID | B23: =SUM(D23:J23) -> 461 | C23: =COUNTIFS(Data!$G$3:$G$491,A23,Data!$B$3:$B$491,$A$18) -> 3 | D23: =SUMIFS(Data!$Y$3:$Y$491,Data!$G$3:$G$491,A23,Data!$AC$3:$AC$491,D$2,Data!$B$3:$B$491,$A$18) -> 461 | E23: =SUMIFS(Data!$Y$3:$Y$491,Data!$G$3:$G$491,A23,Data!$AC$3:$AC$491,E$2,Data!$B$3:$B$491,$A$18) -> 0 | F23: =SUMIFS(Data!$Y$3:$Y$491,Data!$G$3:$G$491,A23,Data!$AC$3:$AC$491,F$2,Data!$B$3:$B$491,$A$18) -> 0 | G23: =SUMIFS(Data!$Y$3:$Y$491,Data!$G$3:$G$491,A23,Data!$AC$3:$AC$491,G$2,Data!$B$3:$B$491,$A$18) -> 0 | H23: =SUMIFS(Data!$Y$3:$Y$491,Data!$G$3:$G$491,A23,Data!$AC$3:$AC$491,H$2,Data!$B$3:$B$491,$A$18) -> 0 | I23: =SUMIFS(Data!$Y$3:$Y$491,Data!$G$3:$G$491,A23,Data!$AC$3:$AC$491,I$2,Data!$B$3:$B$491,$A$18) -> 0 | J23: =SUMIFS(Data!$AA$3:$AA$491,Data!$G$3:$G$491,A23,Data!$B$3:$B$491,$A$18) -> 0 | L23: =SUM(B23:J23) -> 925
A24: MI | B24: =SUM(D24:J24) -> 0 | C24: =COUNTIFS(Data!$G$3:$G$491,A24,Data!$B$3:$B$491,$A$18) -> 0 | D24: =SUMIFS(Data!$Y$3:$Y$491,Data!$G$3:$G$491,A24,Data!$AC$3:$AC$491,D$2,Data!$B$3:$B$491,$A$18) -> 0 | E24: =SUMIFS(Data!$Y$3:$Y$491,Data!$G$3:$G$491,A24,Data!$AC$3:$AC$491,E$2,Data!$B$3:$B$491,$A$18) -> 0 | F24: =SUMIFS(Data!$Y$3:$Y$491,Data!$G$3:$G$491,A24,Data!$AC$3:$AC$491,F$2,Data!$B$3:$B$491,$A$18) -> 0 | G24: =SUMIFS(Data!$Y$3:$Y$491,Data!$G$3:$G$491,A24,Data!$AC$3:$AC$491,G$2,Data!$B$3:$B$491,$A$18) -> 0 | H24: =SUMIFS(Data!$Y$3:$Y$491,Data!$G$3:$G$491,A24,Data!$AC$3:$AC$491,H$2,Data!$B$3:$B$491,$A$18) -> 0 | I24: =SUMIFS(Data!$Y$3:$Y$491,Data!$G$3:$G$491,A24,Data!$AC$3:$AC$491,I$2,Data!$B$3:$B$491,$A$18) -> 0 | J24: =SUMIFS(Data!$AA$3:$AA$491,Data!$G$3:$G$491,A24,Data!$B$3:$B$491,$A$18) -> 0 | L24: =SUM(B24:J24) -> 0
A25: MN | B25: =SUM(D25:J25) -> 0 | C25: =COUNTIFS(Data!$G$3:$G$491,A25,Data!$B$3:$B$491,$A$18) -> 0 | D25: =SUMIFS(Data!$Y$3:$Y$491,Data!$G$3:$G$491,A25,Data!$AC$3:$AC$491,D$2,Data!$B$3:$B$491,$A$18) -> 0 | E25: =SUMIFS(Data!$Y$3:$Y$491,Data!$G$3:$G$491,A25,Data!$AC$3:$AC$491,E$2,Data!$B$3:$B$491,$A$18) -> 0 | F25: =SUMIFS(Data!$Y$3:$Y$491,Data!$G$3:$G$491,A25,Data!$AC$3:$AC$491,F$2,Data!$B$3:$B$491,$A$18) -> 0 | G25: =SUMIFS(Data!$Y$3:$Y$491,Data!$G$3:$G$491,A25,Data!$AC$3:$AC$491,G$2,Data!$B$3:$B$491,$A$18) -> 0 | H25: =SUMIFS(Data!$Y$3:$Y$491,Data!$G$3:$G$491,A25,Data!$AC$3:$AC$491,H$2,Data!$B$3:$B$491,$A$18) -> 0 | I25: =SUMIFS(Data!$Y$3:$Y$491,Data!$G$3:$G$491,A25,Data!$AC$3:$AC$491,I$2,Data!$B$3:$B$491,$A$18) -> 0 | J25: =SUMIFS(Data!$AA$3:$AA$491,Data!$G$3:$G$491,A25,Data!$B$3:$B$491,$A$18) -> 0 | L25: =SUM(B25:J25) -> 0
A26: NJ | B26: =SUM(D26:J26) -> 0 | C26: =COUNTIFS(Data!$G$3:$G$491,A26,Data!$B$3:$B$491,$A$18) -> 0 | D26: =SUMIFS(Data!$Y$3:$Y$491,Data!$G$3:$G$491,A26,Data!$AC$3:$AC$491,D$2,Data!$B$3:$B$491,$A$18) -> 0 | E26: =SUMIFS(Data!$Y$3:$Y$491,Data!$G$3:$G$491,A26,Data!$AC$3:$AC$491,E$2,Data!$B$3:$B$491,$A$18) -> 0 | F26: =SUMIFS(Data!$Y$3:$Y$491,Data!$G$3:$G$491,A26,Data!$AC$3:$AC$491,F$2,Data!$B$3:$B$491,$A$18) -> 0 | G26: =SUMIFS(Data!$Y$3:$Y$491,Data!$G$3:$G$491,A26,Data!$AC$3:$AC$491,G$2,Data!$B$3:$B$491,$A$18) -> 0 | H26: =SUMIFS(Data!$Y$3:$Y$491,Data!$G$3:$G$491,A26,Data!$AC$3:$AC$491,H$2,Data!$B$3:$B$491,$A$18) -> 0 | I26: =SUMIFS(Data!$Y$3:$Y$491,Data!$G$3:$G$491,A26,Data!$AC$3:$AC$491,I$2,Data!$B$3:$B$491,$A$18) -> 0 | J26: =SUMIFS(Data!$AA$3:$AA$491,Data!$G$3:$G$491,A26,Data!$B$3:$B$491,$A$18) -> 0 | L26: =SUM(B26:J26) -> 0
A27: NV | B27: =SUM(D27:J27) -> 0 | C27: =COUNTIFS(Data!$G$3:$G$491,A27,Data!$B$3:$B$491,$A$18) -> 0 | D27: =SUMIFS(Data!$Y$3:$Y$491,Data!$G$3:$G$491,A27,Data!$AC$3:$AC$491,D$2,Data!$B$3:$B$491,$A$18) -> 0 | E27: =SUMIFS(Data!$Y$3:$Y$491,Data!$G$3:$G$491,A27,Data!$AC$3:$AC$491,E$2,Data!$B$3:$B$491,$A$18) -> 0 | F27: =SUMIFS(Data!$Y$3:$Y$491,Data!$G$3:$G$491,A27,Data!$AC$3:$AC$491,F$2,Data!$B$3:$B$491,$A$18) -> 0 | G27: =SUMIFS(Data!$Y$3:$Y$491,Data!$G$3:$G$491,A27,Data!$AC$3:$AC$491,G$2,Data!$B$3:$B$491,$A$18) -> 0 | H27: =SUMIFS(Data!$Y$3:$Y$491,Data!$G$3:$G$491,A27,Data!$AC$3:$AC$491,H$2,Data!$B$3:$B$491,$A$18) -> 0 | I27: =SUMIFS(Data!$Y$3:$Y$491,Data!$G$3:$G$491,A27,Data!$AC$3:$AC$491,I$2,Data!$B$3:$B$491,$A$18) -> 0 | J27: =SUMIFS(Data!$AA$3:$AA$491,Data!$G$3:$G$491,A27,Data!$B$3:$B$491,$A$18) -> 0 | L27: =SUM(B27:J27) -> 0
A28: NY | B28: =SUM(D28:J28) -> 0 | C28: =COUNTIFS(Data!$G$3:$G$491,A28,Data!$B$3:$B$491,$A$18) -> 0 | D28: =SUMIFS(Data!$Y$3:$Y$491,Data!$G$3:$G$491,A28,Data!$AC$3:$AC$491,D$2,Data!$B$3:$B$491,$A$18) -> 0 | E28: =SUMIFS(Data!$Y$3:$Y$491,Data!$G$3:$G$491,A28,Data!$AC$3:$AC$491,E$2,Data!$B$3:$B$491,$A$18) -> 0 | F28: =SUMIFS(Data!$Y$3:$Y$491,Data!$G$3:$G$491,A28,Data!$AC$3:$AC$491,F$2,Data!$B$3:$B$491,$A$18) -> 0 | G28: =SUMIFS(Data!$Y$3:$Y$491,Data!$G$3:$G$491,A28,Data!$AC$3:$AC$491,G$2,Data!$B$3:$B$491,$A$18) -> 0 | H28: =SUMIFS(Data!$Y$3:$Y$491,Data!$G$3:$G$491,A28,Data!$AC$3:$AC$491,H$2,Data!$B$3:$B$491,$A$18) -> 0 | I28: =SUMIFS(Data!$Y$3:$Y$491,Data!$G$3:$G$491,A28,Data!$AC$3:$AC$491,I$2,Data!$B$3:$B$491,$A$18) -> 0 | J28: =SUMIFS(Data!$AA$3:$AA$491,Data!$G$3:$G$491,A28,Data!$B$3:$B$491,$A$18) -> 0 | L28: =SUM(B28:J28) -> 0
A29: OR | B29: =SUM(D29:J29) -> 5535 | C29: =COUNTIFS(Data!$G$3:$G$491,A29,Data!$B$3:$B$491,$A$18) -> 43 | D29: =SUMIFS(Data!$Y$3:$Y$491,Data!$G$3:$G$491,A29,Data!$AC$3:$AC$491,D$2,Data!$B$3:$B$491,$A$18) -> 5438 | E29: =SUMIFS(Data!$Y$3:$Y$491,Data!$G$3:$G$491,A29,Data!$AC$3:$AC$491,E$2,Data!$B$3:$B$491,$A$18) -> 0 | F29: =SUMIFS(Data!$Y$3:$Y$491,Data!$G$3:$G$491,A29,Data!$AC$3:$AC$491,F$2,Data!$B$3:$B$491,$A$18) -> 0 | G29: =SUMIFS(Data!$Y$3:$Y$491,Data!$G$3:$G$491,A29,Data!$AC$3:$AC$491,G$2,Data!$B$3:$B$491,$A$18) -> 0 | H29: =SUMIFS(Data!$Y$3:$Y$491,Data!$G$3:$G$491,A29,Data!$AC$3:$AC$491,H$2,Data!$B$3:$B$491,$A$18) -> 0 | I29: =SUMIFS(Data!$Y$3:$Y$491,Data!$G$3:$G$491,A29,Data!$AC$3:$AC$491,I$2,Data!$B$3:$B$491,$A$18) -> 0 | J29: =SUMIFS(Data!$AA$3:$AA$491,Data!$G$3:$G$491,A29,Data!$B$3:$B$491,$A$18) -> 97 | L29: =SUM(B29:J29) -> 11113
A30: UT | B30: =SUM(D30:J30) -> 0 | C30: =COUNTIFS(Data!$G$3:$G$491,A30,Data!$B$3:$B$491,$A$18) -> 0 | D30: =SUMIFS(Data!$Y$3:$Y$491,Data!$G$3:$G$491,A30,Data!$AC$3:$AC$491,D$2,Data!$B$3:$B$491,$A$18) -> 0 | E30: =SUMIFS(Data!$Y$3:$Y$491,Data!$G$3:$G$491,A30,Data!$AC$3:$AC$491,E$2,Data!$B$3:$B$491,$A$18) -> 0 | F30: =SUMIFS(Data!$Y$3:$Y$491,Data!$G$3:$G$491,A30,Data!$AC$3:$AC$491,F$2,Data!$B$3:$B$491,$A$18) -> 0 | G30: =SUMIFS(Data!$Y$3:$Y$491,Data!$G$3:$G$491,A30,Data!$AC$3:$AC$491,G$2,Data!$B$3:$B$491,$A$18) -> 0 | H30: =SUMIFS(Data!$Y$3:$Y$491,Data!$G$3:$G$491,A30,Data!$AC$3:$AC$491,H$2,Data!$B$3:$B$491,$A$18) -> 0 | I30: =SUMIFS(Data!$Y$3:$Y$491,Data!$G$3:$G$491,A30,Data!$AC$3:$AC$491,I$2,Data!$B$3:$B$491,$A$18) -> 0 | J30: =SUMIFS(Data!$AA$3:$AA$491,Data!$G$3:$G$491,A30,Data!$B$3:$B$491,$A$18) -> 0 | L30: =SUM(B30:J30) -> 0
A31: WA | B31: =SUM(D31:J31) -> 0 | C31: =COUNTIFS(Data!$G$3:$G$491,A31,Data!$B$3:$B$491,$A$18) -> 0 | D31: =SUMIFS(Data!$Y$3:$Y$491,Data!$G$3:$G$491,A31,Data!$AC$3:$AC$491,D$2,Data!$B$3:$B$491,$A$18) -> 0 | E31: =SUMIFS(Data!$Y$3:$Y$491,Data!$G$3:$G$491,A31,Data!$AC$3:$AC$491,E$2,Data!$B$3:$B$491,$A$18) -> 0 | F31: =SUMIFS(Data!$Y$3:$Y$491,Data!$G$3:$G$491,A31,Data!$AC$3:$AC$491,F$2,Data!$B$3:$B$491,$A$18) -> 0 | G31: =SUMIFS(Data!$Y$3:$Y$491,Data!$G$3:$G$491,A31,Data!$AC$3:$AC$491,G$2,Data!$B$3:$B$491,$A$18) -> 0 | H31: =SUMIFS(Data!$Y$3:$Y$491,Data!$G$3:$G$491,A31,Data!$AC$3:$AC$491,H$2,Data!$B$3:$B$491,$A$18) -> 0 | I31: =SUMIFS(Data!$Y$3:$Y$491,Data!$G$3:$G$491,A31,Data!$AC$3:$AC$491,I$2,Data!$B$3:$B$491,$A$18) -> 0 | J31: =SUMIFS(Data!$AA$3:$AA$491,Data!$G$3:$G$491,A31,Data!$B$3:$B$491,$A$18) -> 0 | L31: =SUM(B31:J31) -> 0
A32: TOTALS | B32: =SUM(B19:B31) -> 7069 | C32: =SUM(C19:C31) -> 54 | D32: =SUM(D19:D31) -> 6972 | E32: =SUM(E19:E31) -> 0 | F32: =SUM(F19:F31) -> 0 | G32: =SUM(G19:G31) -> 0 | H32: =SUM(H19:H31) -> 0 | I32: =SUM(I19:I31) -> 0 | J32: =SUM(J19:J31) -> 97
A33: Laura Rivera
A34: CA | B34: =SUM(D34:J34) -> 3700 | C34: =COUNTIFS(Data!$G$3:$G$491,A34,Data!$B$3:$B$491,$A$33) -> 22 | D34: =SUMIFS(Data!$Y$3:$Y$491,Data!$G$3:$G$491,A34,Data!$AC$3:$AC$491,D$2,Data!$B$3:$B$491,$A$33) -> 2479 | E34: =SUMIFS(Data!$Y$3:$Y$491,Data!$G$3:$G$491,A34,Data!$AC$3:$AC$491,E$2,Data!$B$3:$B$491,$A$33) -> 0 | F34: =SUMIFS(Data!$Y$3:$Y$491,Data!$G$3:$G$491,A34,Data!$AC$3:$AC$491,F$2,Data!$B$3:$B$491,$A$33) -> 0 | G34: =SUMIFS(Data!$Y$3:$Y$491,Data!$G$3:$G$491,A34,Data!$AC$3:$AC$491,G$2,Data!$B$3:$B$491,$A$33) -> 1220 | H34: =SUMIFS(Data!$Y$3:$Y$491,Data!$G$3:$G$491,A34,Data!$AC$3:$AC$491,H$2,Data!$B$3:$B$491,$A$33) -> 0 | I34: =SUMIFS(Data!$Y$3:$Y$491,Data!$G$3:$G$491,A34,Data!$AC$3:$AC$491,I$2,Data!$B$3:$B$491,$A$33) -> 0 | J34: =SUMIFS(Data!$AA$3:$AA$491,Data!$G$3:$G$491,A34,Data!$B$3:$B$491,$A$33) -> 1 | L34: =SUM(B34:J34) -> 7422
A35: CO | B35: =SUM(D35:J35) -> 0 | C35: =COUNTIFS(Data!$G$3:$G$491,A35,Data!$B$3:$B$491,$A$33) -> 0 | D35: =SUMIFS(Data!$Y$3:$Y$491,Data!$G$3:$G$491,A35,Data!$AC$3:$AC$491,D$2,Data!$B$3:$B$491,$A$33) -> 0 | E35: =SUMIFS(Data!$Y$3:$Y$491,Data!$G$3:$G$491,A35,Data!$AC$3:$AC$491,E$2,Data!$B$3:$B$491,$A$33) -> 0 | F35: =SUMIFS(Data!$Y$3:$Y$491,Data!$G$3:$G$491,A35,Data!$AC$3:$AC$491,F$2,Data!$B$3:$B$491,$A$33) -> 0 | G35: =SUMIFS(Data!$Y$3:$Y$491,Data!$G$3:$G$491,A35,Data!$AC$3:$AC$491,G$2,Data!$B$3:$B$491,$A$33) -> 0 | H35: =SUMIFS(Data!$Y$3:$Y$491,Data!$G$3:$G$491,A35,Data!$AC$3:$AC$491,H$2,Data!$B$3:$B$491,$A$33) -> 0 | I35: =SUMIFS(Data!$Y$3:$Y$491,Data!$G$3:$G$491,A35,Data!$AC$3:$AC$491,I$2,Data!$B$3:$B$491,$A$33) -> 0 | J35: =SUMIFS(Data!$AA$3:$AA$491,Data!$G$3:$G$491,A35,Data!$B$3:$B$491,$A$33) -> 0 | L35: =SUM(B35:J35) -> 0
A36: GA | B36: =SUM(D36:J36) -> 382 | C36: =COUNTIFS(Data!$G$3:$G$491,A36,Data!$B$3:$B$491,$A$33) -> 2 | D36: =SUMIFS(Data!$Y$3:$Y$491,Data!$G$3:$G$491,A36,Data!$AC$3:$AC$491,D$2,Data!$B$3:$B$491,$A$33) -> 0 | E36: =SUMIFS(Data!$Y$3:$Y$491,Data!$G$3:$G$491,A36,Data!$AC$3:$AC$491,E$2,Data!$B$3:$B$491,$A$33) -> 0 | F36: =SUMIFS(Data!$Y$3:$Y$491,Data!$G$3:$G$491,A36,Data!$AC$3:$AC$491,F$2,Data!$B$3:$B$491,$A$33) -> 0 | G36: =SUMIFS(Data!$Y$3:$Y$491,Data!$G$3:$G$491,A36,Data!$AC$3:$AC$491,G$2,Data!$B$3:$B$491,$A$33) -> 382 | H36: =SUMIFS(Data!$Y$3:$Y$491,Data!$G$3:$G$491,A36,Data!$AC$3:$AC$491,H$2,Data!$B$3:$B$491,$A$33) -> 0 | I36: =SUMIFS(Data!$Y$3:$Y$491,Data!$G$3:$G$491,A36,Data!$AC$3:$AC$491,I$2,Data!$B$3:$B$491,$A$33) -> 0 | J36: =SUMIFS(Data!$AA$3:$AA$491,Data!$G$3:$G$491,A36,Data!$B$3:$B$491,$A$33) -> 0 | L36: =SUM(B36:J36) -> 766
A37: HI | B37: =SUM(D37:J37) -> 162 | C37: =COUNTIFS(Data!$G$3:$G$491,A37,Data!$B$3:$B$491,$A$33) -> 1 | D37: =SUMIFS(Data!$Y$3:$Y$491,Data!$G$3:$G$491,A37,Data!$AC$3:$AC$491,D$2,Data!$B$3:$B$491,$A$33) -> 0 | E37: =SUMIFS(Data!$Y$3:$Y$491,Data!$G$3:$G$491,A37,Data!$AC$3:$AC$491,E$2,Data!$B$3:$B$491,$A$33) -> 0 | F37: =SUMIFS(Data!$Y$3:$Y$491,Data!$G$3:$G$491,A37,Data!$AC$3:$AC$491,F$2,Data!$B$3:$B$491,$A$33) -> 0 | G37: =SUMIFS(Data!$Y$3:$Y$491,Data!$G$3:$G$491,A37,Data!$AC$3:$AC$491,G$2,Data!$B$3:$B$491,$A$33) -> 162 | H37: =SUMIFS(Data!$Y$3:$Y$491,Data!$G$3:$G$491,A37,Data!$AC$3:$AC$491,H$2,Data!$B$3:$B$491,$A$33) -> 0 | I37: =SUMIFS(Data!$Y$3:$Y$491,Data!$G$3:$G$491,A37,Data!$AC$3:$AC$491,I$2,Data!$B$3:$B$491,$A$33) -> 0 | J37: =SUMIFS(Data!$AA$3:$AA$491,Data!$G$3:$G$491,A37,Data!$B$3:$B$491,$A$33) -> 0 | L37: =SUM(B37:J37) -> 325
A38: ID | B38: =SUM(D38:J38) -> 0 | C38: =COUNTIFS(Data!$G$3:$G$491,A38,Data!$B$3:$B$491,$A$33) -> 0 | D38: =SUMIFS(Data!$Y$3:$Y$491,Data!$G$3:$G$491,A38,Data!$AC$3:$AC$491,D$2,Data!$B$3:$B$491,$A$33) -> 0 | E38: =SUMIFS(Data!$Y$3:$Y$491,Data!$G$3:$G$491,A38,Data!$AC$3:$AC$491,E$2,Data!$B$3:$B$491,$A$33) -> 0 | F38: =SUMIFS(Data!$Y$3:$Y$491,Data!$G$3:$G$491,A38,Data!$AC$3:$AC$491,F$2,Data!$B$3:$B$491,$A$33) -> 0 | G38: =SUMIFS(Data!$Y$3:$Y$491,Data!$G$3:$G$491,A38,Data!$AC$3:$AC$491,G$2,Data!$B$3:$B$491,$A$33) -> 0 | H38: =SUMIFS(Data!$Y$3:$Y$491,Data!$G$3:$G$491,A38,Data!$AC$3:$AC$491,H$2,Data!$B$3:$B$491,$A$33) -> 0 | I38: =SUMIFS(Data!$Y$3:$Y$491,Data!$G$3:$G$491,A38,Data!$AC$3:$AC$491,I$2,Data!$B$3:$B$491,$A$33) -> 0 | J38: =SUMIFS(Data!$AA$3:$AA$491,Data!$G$3:$G$491,A38,Data!$B$3:$B$491,$A$33) -> 0 | L38: =SUM(B38:J38) -> 0
A39: MI | B39: =SUM(D39:J39) -> 492 | C39: =COUNTIFS(Data!$G$3:$G$491,A39,Data!$B$3:$B$491,$A$33) -> 2 | D39: =SUMIFS(Data!$Y$3:$Y$491,Data!$G$3:$G$491,A39,Data!$AC$3:$AC$491,D$2,Data!$B$3:$B$491,$A$33) -> 0 | E39: =SUMIFS(Data!$Y$3:$Y$491,Data!$G$3:$G$491,A39,Data!$AC$3:$AC$491,E$2,Data!$B$3:$B$491,$A$33) -> 0 | F39: =SUMIFS(Data!$Y$3:$Y$491,Data!$G$3:$G$491,A39,Data!$AC$3:$AC$491,F$2,Data!$B$3:$B$491,$A$33) -> 192 | G39: =SUMIFS(Data!$Y$3:$Y$491,Data!$G$3:$G$491,A39,Data!$AC$3:$AC$491,G$2,Data!$B$3:$B$491,$A$33) -> 300 | H39: =SUMIFS(Data!$Y$3:$Y$491,Data!$G$3:$G$491,A39,Data!$AC$3:$AC$491,H$2,Data!$B$3:$B$491,$A$33) -> 0 | I39: =SUMIFS(Data!$Y$3:$Y$491,Data!$G$3:$G$491,A39,Data!$AC$3:$AC$491,I$2,Data!$B$3:$B$491,$A$33) -> 0 | J39: =SUMIFS(Data!$AA$3:$AA$491,Data!$G$3:$G$491,A39,Data!$B$3:$B$491,$A$33) -> 0 | L39: =SUM(B39:J39) -> 986
A40: MN | B40: =SUM(D40:J40) -> 375 | C40: =COUNTIFS(Data!$G$3:$G$491,A40,Data!$B$3:$B$491,$A$33) -> 2 | D40: =SUMIFS(Data!$Y$3:$Y$491,Data!$G$3:$G$491,A40,Data!$AC$3:$AC$491,D$2,Data!$B$3:$B$491,$A$33) -> 0 | E40: =SUMIFS(Data!$Y$3:$Y$491,Data!$G$3:$G$491,A40,Data!$AC$3:$AC$491,E$2,Data!$B$3:$B$491,$A$33) -> 0 | F40: =SUMIFS(Data!$Y$3:$Y$491,Data!$G$3:$G$491,A40,Data!$AC$3:$AC$491,F$2,Data!$B$3:$B$491,$A$33) -> 0 | G40: =SUMIFS(Data!$Y$3:$Y$491,Data!$G$3:$G$491,A40,Data!$AC$3:$AC$491,G$2,Data!$B$3:$B$491,$A$33) -> 224 | H40: =SUMIFS(Data!$Y$3:$Y$491,Data!$G$3:$G$491,A40,Data!$AC$3:$AC$491,H$2,Data!$B$3:$B$491,$A$33) -> 0 | I40: =SUMIFS(Data!$Y$3:$Y$491,Data!$G$3:$G$491,A40,Data!$AC$3:$AC$491,I$2,Data!$B$3:$B$491,$A$33) -> 151 | J40: =SUMIFS(Data!$AA$3:$AA$491,Data!$G$3:$G$491,A40,Data!$B$3:$B$491,$A$33) -> 0 | L40: =SUM(B40:J40) -> 752
A41: NJ | B41: =SUM(D41:J41) -> 266 | C41: =COUNTIFS(Data!$G$3:$G$491,A41,Data!$B$3:$B$491,$A$33) -> 1 | D41: =SUMIFS(Data!$Y$3:$Y$491,Data!$G$3:$G$491,A41,Data!$AC$3:$AC$491,D$2,Data!$B$3:$B$491,$A$33) -> 0 | E41: =SUMIFS(Data!$Y$3:$Y$491,Data!$G$3:$G$491,A41,Data!$AC$3:$AC$491,E$2,Data!$B$3:$B$491,$A$33) -> 0 | F41: =SUMIFS(Data!$Y$3:$Y$491,Data!$G$3:$G$491,A41,Data!$AC$3:$AC$491,F$2,Data!$B$3:$B$491,$A$33) -> 0 | G41: =SUMIFS(Data!$Y$3:$Y$491,Data!$G$3:$G$491,A41,Data!$AC$3:$AC$491,G$2,Data!$B$3:$B$491,$A$33) -> 261 | H41: =SUMIFS(Data!$Y$3:$Y$491,Data!$G$3:$G$491,A41,Data!$AC$3:$AC$491,H$2,Data!$B$3:$B$491,$A$33) -> 0 | I41: =SUMIFS(Data!$Y$3:$Y$491,Data!$G$3:$G$491,A41,Data!$AC$3:$AC$491,I$2,Data!$B$3:$B$491,$A$33) -> 0 | J41: =SUMIFS(Data!$AA$3:$AA$491,Data!$G$3:$G$491,A41,Data!$B$3:$B$491,$A$33) -> 5 | L41: =SUM(B41:J41) -> 533
A42: NV | B42: =SUM(D42:J42) -> 316 | C42: =COUNTIFS(Data!$G$3:$G$491,A42,Data!$B$3:$B$491,$A$33) -> 1 | D42: =SUMIFS(Data!$Y$3:$Y$491,Data!$G$3:$G$491,A42,Data!$AC$3:$AC$491,D$2,Data!$B$3:$B$491,$A$33) -> 0 | E42: =SUMIFS(Data!$Y$3:$Y$491,Data!$G$3:$G$491,A42,Data!$AC$3:$AC$491,E$2,Data!$B$3:$B$491,$A$33) -> 0 | F42: =SUMIFS(Data!$Y$3:$Y$491,Data!$G$3:$G$491,A42,Data!$AC$3:$AC$491,F$2,Data!$B$3:$B$491,$A$33) -> 0 | G42: =SUMIFS(Data!$Y$3:$Y$491,Data!$G$3:$G$491,A42,Data!$AC$3:$AC$491,G$2,Data!$B$3:$B$491,$A$33) -> 0 | H42: =SUMIFS(Data!$Y$3:$Y$491,Data!$G$3:$G$491,A42,Data!$AC$3:$AC$491,H$2,Data!$B$3:$B$491,$A$33) -> 0 | I42: =SUMIFS(Data!$Y$3:$Y$491,Data!$G$3:$G$491,A42,Data!$AC$3:$AC$491,I$2,Data!$B$3:$B$491,$A$33) -> 316 | J42: =SUMIFS(Data!$AA$3:$AA$491,Data!$G$3:$G$491,A42,Data!$B$3:$B$491,$A$33) -> 0 | L42: =SUM(B42:J42) -> 633
A43: NY | B43: =SUM(D43:J43) -> 215 | C43: =COUNTIFS(Data!$G$3:$G$491,A43,Data!$B$3:$B$491,$A$33) -> 1 | D43: =SUMIFS(Data!$Y$3:$Y$491,Data!$G$3:$G$491,A43,Data!$AC$3:$AC$491,D$2,Data!$B$3:$B$491,$A$33) -> 0 | E43: =SUMIFS(Data!$Y$3:$Y$491,Data!$G$3:$G$491,A43,Data!$AC$3:$AC$491,E$2,Data!$B$3:$B$491,$A$33) -> 215 | F43: =SUMIFS(Data!$Y$3:$Y$491,Data!$G$3:$G$491,A43,Data!$AC$3:$AC$491,F$2,Data!$B$3:$B$491,$A$33) -> 0 | G43: =SUMIFS(Data!$Y$3:$Y$491,Data!$G$3:$G$491,A43,Data!$AC$3:$AC$491,G$2,Data!$B$3:$B$491,$A$33) -> 0 | H43: =SUMIFS(Data!$Y$3:$Y$491,Data!$G$3:$G$491,A43,Data!$AC$3:$AC$491,H$2,Data!$B$3:$B$491,$A$33) -> 0 | I43: =SUMIFS(Data!$Y$3:$Y$491,Data!$G$3:$G$491,A43,Data!$AC$3:$AC$491,I$2,Data!$B$3:$B$491,$A$33) -> 0 | J43: =SUMIFS(Data!$AA$3:$AA$491,Data!$G$3:$G$491,A43,Data!$B$3:$B$491,$A$33) -> 0 | L43: =SUM(B43:J43) -> 431
A44: OR | B44: =SUM(D44:J44) -> 240 | C44: =COUNTIFS(Data!$G$3:$G$491,A44,Data!$B$3:$B$491,$A$33) -> 1 | D44: =SUMIFS(Data!$Y$3:$Y$491,Data!$G$3:$G$491,A44,Data!$AC$3:$AC$491,D$2,Data!$B$3:$B$491,$A$33) -> 0 | E44: =SUMIFS(Data!$Y$3:$Y$491,Data!$G$3:$G$491,A44,Data!$AC$3:$AC$491,E$2,Data!$B$3:$B$491,$A$33) -> 0 | F44: =SUMIFS(Data!$Y$3:$Y$491,Data!$G$3:$G$491,A44,Data!$AC$3:$AC$491,F$2,Data!$B$3:$B$491,$A$33) -> 0 | G44: =SUMIFS(Data!$Y$3:$Y$491,Data!$G$3:$G$491,A44,Data!$AC$3:$AC$491,G$2,Data!$B$3:$B$491,$A$33) -> 0 | H44: =SUMIFS(Data!$Y$3:$Y$491,Data!$G$3:$G$491,A44,Data!$AC$3:$AC$491,H$2,Data!$B$3:$B$491,$A$33) -> 0 | I44: =SUMIFS(Data!$Y$3:$Y$491,Data!$G$3:$G$491,A44,Data!$AC$3:$AC$491,I$2,Data!$B$3:$B$491,$A$33) -> 240 | J44: =SUMIFS(Data!$AA$3:$AA$491,Data!$G$3:$G$491,A44,Data!$B$3:$B$491,$A$33) -> 0 | L44: =SUM(B44:J44) -> 481
A45: UT | B45: =SUM(D45:J45) -> 0 | C45: =COUNTIFS(Data!$G$3:$G$491,A45,Data!$B$3:$B$491,$A$33) -> 0 | D45: =SUMIFS(Data!$Y$3:$Y$491,Data!$G$3:$G$491,A45,Data!$AC$3:$AC$491,D$2,Data!$B$3:$B$491,$A$33) -> 0 | E45: =SUMIFS(Data!$Y$3:$Y$491,Data!$G$3:$G$491,A45,Data!$AC$3:$AC$491,E$2,Data!$B$3:$B$491,$A$33) -> 0 | F45: =SUMIFS(Data!$Y$3:$Y$491,Data!$G$3:$G$491,A45,Data!$AC$3:$AC$491,F$2,Data!$B$3:$B$491,$A$33) -> 0 | G45: =SUMIFS(Data!$Y$3:$Y$491,Data!$G$3:$G$491,A45,Data!$AC$3:$AC$491,G$2,Data!$B$3:$B$491,$A$33) -> 0 | H45: =SUMIFS(Data!$Y$3:$Y$491,Data!$G$3:$G$491,A45,Data!$AC$3:$AC$491,H$2,Data!$B$3:$B$491,$A$33) -> 0 | I45: =SUMIFS(Data!$Y$3:$Y$491,Data!$G$3:$G$491,A45,Data!$AC$3:$AC$491,I$2,Data!$B$3:$B$491,$A$33) -> 0 | J45: =SUMIFS(Data!$AA$3:$AA$491,Data!$G$3:$G$491,A45,Data!$B$3:$B$491,$A$33) -> 0 | L45: =SUM(B45:J45) -> 0
A46: WA | B46: =SUM(D46:J46) -> 2061 | C46: =COUNTIFS(Data!$G$3:$G$491,A46,Data!$B$3:$B$491,$A$33) -> 15 | D46: =SUMIFS(Data!$Y$3:$Y$491,Data!$G$3:$G$491,A46,Data!$AC$3:$AC$491,D$2,Data!$B$3:$B$491,$A$33) -> 1954 | E46: =SUMIFS(Data!$Y$3:$Y$491,Data!$G$3:$G$491,A46,Data!$AC$3:$AC$491,E$2,Data!$B$3:$B$491,$A$33) -> 0 | F46: =SUMIFS(Data!$Y$3:$Y$491,Data!$G$3:$G$491,A46,Data!$AC$3:$AC$491,F$2,Data!$B$3:$B$491,$A$33) -> 0 | G46: =SUMIFS(Data!$Y$3:$Y$491,Data!$G$3:$G$491,A46,Data!$AC$3:$AC$491,G$2,Data!$B$3:$B$491,$A$33) -> 0 | H46: =SUMIFS(Data!$Y$3:$Y$491,Data!$G$3:$G$491,A46,Data!$AC$3:$AC$491,H$2,Data!$B$3:$B$491,$A$33) -> 0 | I46: =SUMIFS(Data!$Y$3:$Y$491,Data!$G$3:$G$491,A46,Data!$AC$3:$AC$491,I$2,Data!$B$3:$B$491,$A$33) -> 0 | J46: =SUMIFS(Data!$AA$3:$AA$491,Data!$G$3:$G$491,A46,Data!$B$3:$B$491,$A$33) -> 107 | L46: =SUM(B46:J46) -> 4137
A47: TOTALS | B47: =SUM(B34:B46) -> 8209 | C47: =SUM(C34:C46) -> 48 | D47: =SUM(D34:D46) -> 4433 | E47: =SUM(E34:E46) -> 215 | F47: =SUM(F34:F46) -> 192 | G47: =SUM(G34:G46) -> 2549 | H47: =SUM(H34:H46) -> 0 | I47: =SUM(I34:I46) -> 707 | J47: =SUM(J34:J46) -> 113
A48: Rashelle Wedgwood
A49: CA | B49: =SUM(D49:J49) -> 0 | C49: =COUNTIFS(Data!$G$3:$G$491,A49,Data!$B$3:$B$491,$A$48) -> 0 | D49: =SUMIFS(Data!$Y$3:$Y$491,Data!$G$3:$G$491,A49,Data!$AC$3:$AC$491,D$2,Data!$B$3:$B$491,$A$48) -> 0 | E49: =SUMIFS(Data!$Y$3:$Y$491,Data!$G$3:$G$491,A49,Data!$AC$3:$AC$491,E$2,Data!$B$3:$B$491,$A$48) -> 0 | F49: =SUMIFS(Data!$Y$3:$Y$491,Data!$G$3:$G$491,A49,Data!$AC$3:$AC$491,F$2,Data!$B$3:$B$491,$A$48) -> 0 | G49: =SUMIFS(Data!$Y$3:$Y$491,Data!$G$3:$G$491,A49,Data!$AC$3:$AC$491,G$2,Data!$B$3:$B$491,$A$48) -> 0 | H49: =SUMIFS(Data!$Y$3:$Y$491,Data!$G$3:$G$491,A49,Data!$AC$3:$AC$491,H$2,Data!$B$3:$B$491,$A$48) -> 0 | I49: =SUMIFS(Data!$Y$3:$Y$491,Data!$G$3:$G$491,A49,Data!$AC$3:$AC$491,I$2,Data!$B$3:$B$491,$A$48) -> 0 | J49: =SUMIFS(Data!$AA$3:$AA$491,Data!$G$3:$G$491,A49,Data!$B$3:$B$491,$A$48) -> 0 | L49: =SUM(B49:J49) -> 0
A50: CO | B50: =SUM(D50:J50) -> 0 | C50: =COUNTIFS(Data!$G$3:$G$491,A50,Data!$B$3:$B$491,$A$48) -> 0 | D50: =SUMIFS(Data!$Y$3:$Y$491,Data!$G$3:$G$491,A50,Data!$AC$3:$AC$491,D$2,Data!$B$3:$B$491,$A$48) -> 0 | E50: =SUMIFS(Data!$Y$3:$Y$491,Data!$G$3:$G$491,A50,Data!$AC$3:$AC$491,E$2,Data!$B$3:$B$491,$A$48) -> 0 | F50: =SUMIFS(Data!$Y$3:$Y$491,Data!$G$3:$G$491,A50,Data!$AC$3:$AC$491,F$2,Data!$B$3:$B$491,$A$48) -> 0 | G50: =SUMIFS(Data!$Y$3:$Y$491,Data!$G$3:$G$491,A50,Data!$AC$3:$AC$491,G$2,Data!$B$3:$B$491,$A$48) -> 0 | H50: =SUMIFS(Data!$Y$3:$Y$491,Data!$G$3:$G$491,A50,Data!$AC$3:$AC$491,H$2,Data!$B$3:$B$491,$A$48) -> 0 | I50: =SUMIFS(Data!$Y$3:$Y$491,Data!$G$3:$G$491,A50,Data!$AC$3:$AC$491,I$2,Data!$B$3:$B$491,$A$48) -> 0 | J50: =SUMIFS(Data!$AA$3:$AA$491,Data!$G$3:$G$491,A50,Data!$B$3:$B$491,$A$48) -> 0 | L50: =SUM(B50:J50) -> 0
A51: GA | B51: =SUM(D51:J51) -> 0 | C51: =COUNTIFS(Data!$G$3:$G$491,A51,Data!$B$3:$B$491,$A$48) -> 0 | D51: =SUMIFS(Data!$Y$3:$Y$491,Data!$G$3:$G$491,A51,Data!$AC$3:$AC$491,D$2,Data!$B$3:$B$491,$A$48) -> 0 | E51: =SUMIFS(Data!$Y$3:$Y$491,Data!$G$3:$G$491,A51,Data!$AC$3:$AC$491,E$2,Data!$B$3:$B$491,$A$48) -> 0 | F51: =SUMIFS(Data!$Y$3:$Y$491,Data!$G$3:$G$491,A51,Data!$AC$3:$AC$491,F$2,Data!$B$3:$B$491,$A$48) -> 0 | G51: =SUMIFS(Data!$Y$3:$Y$491,Data!$G$3:$G$491,A51,Data!$AC$3:$AC$491,G$2,Data!$B$3:$B$491,$A$48) -> 0 | H51: =SUMIFS(Data!$Y$3:$Y$491,Data!$G$3:$G$491,A51,Data!$AC$3:$AC$491,H$2,Data!$B$3:$B$491,$A$48) -> 0 | I51: =SUMIFS(Data!$Y$3:$Y$491,Data!$G$3:$G$491,A51,Data!$AC$3:$AC$491,I$2,Data!$B$3:$B$491,$A$48) -> 0 | J51: =SUMIFS(Data!$AA$3:$AA$491,Data!$G$3:$G$491,A51,Data!$B$3:$B$491,$A$48) -> 0 | L51: =SUM(B51:J51) -> 0
A52: HI | B52: =SUM(D52:J52) -> 0 | C52: =COUNTIFS(Data!$G$3:$G$491,A52,Data!$B$3:$B$491,$A$48) -> 0 | D52: =SUMIFS(Data!$Y$3:$Y$491,Data!$G$3:$G$491,A52,Data!$AC$3:$AC$491,D$2,Data!$B$3:$B$491,$A$48) -> 0 | E52: =SUMIFS(Data!$Y$3:$Y$491,Data!$G$3:$G$491,A52,Data!$AC$3:$AC$491,E$2,Data!$B$3:$B$491,$A$48) -> 0 | F52: =SUMIFS(Data!$Y$3:$Y$491,Data!$G$3:$G$491,A52,Data!$AC$3:$AC$491,F$2,Data!$B$3:$B$491,$A$48) -> 0 | G52: =SUMIFS(Data!$Y$3:$Y$491,Data!$G$3:$G$491,A52,Data!$AC$3:$AC$491,G$2,Data!$B$3:$B$491,$A$48) -> 0 | H52: =SUMIFS(Data!$Y$3:$Y$491,Data!$G$3:$G$491,A52,Data!$AC$3:$AC$491,H$2,Data!$B$3:$B$491,$A$48) -> 0 | I52: =SUMIFS(Data!$Y$3:$Y$491,Data!$G$3:$G$491,A52,Data!$AC$3:$AC$491,I$2,Data!$B$3:$B$491,$A$48) -> 0 | J52: =SUMIFS(Data!$AA$3:$AA$491,Data!$G$3:$G$491,A52,Data!$B$3:$B$491,$A$48) -> 0 | L52: =SUM(B52:J52) -> 0
A53: ID | B53: =SUM(D53:J53) -> 185 | C53: =COUNTIFS(Data!$G$3:$G$491,A53,Data!$B$3:$B$491,$A$48) -> 1 | D53: =SUMIFS(Data!$Y$3:$Y$491,Data!$G$3:$G$491,A53,Data!$AC$3:$AC$491,D$2,Data!$B$3:$B$491,$A$48) -> 0 | E53: =SUMIFS(Data!$Y$3:$Y$491,Data!$G$3:$G$491,A53,Data!$AC$3:$AC$491,E$2,Data!$B$3:$B$491,$A$48) -> 185 | F53: =SUMIFS(Data!$Y$3:$Y$491,Data!$G$3:$G$491,A53,Data!$AC$3:$AC$491,F$2,Data!$B$3:$B$491,$A$48) -> 0 | G53: =SUMIFS(Data!$Y$3:$Y$491,Data!$G$3:$G$491,A53,Data!$AC$3:$AC$491,G$2,Data!$B$3:$B$491,$A$48) -> 0 | H53: =SUMIFS(Data!$Y$3:$Y$491,Data!$G$3:$G$491,A53,Data!$AC$3:$AC$491,H$2,Data!$B$3:$B$491,$A$48) -> 0 | I53: =SUMIFS(Data!$Y$3:$Y$491,Data!$G$3:$G$491,A53,Data!$AC$3:$AC$491,I$2,Data!$B$3:$B$491,$A$48) -> 0 | J53: =SUMIFS(Data!$AA$3:$AA$491,Data!$G$3:$G$491,A53,Data!$B$3:$B$491,$A$48) -> 0 | L53: =SUM(B53:J53) -> 371
A54: MI | B54: =SUM(D54:J54) -> 0 | C54: =COUNTIFS(Data!$G$3:$G$491,A54,Data!$B$3:$B$491,$A$48) -> 0 | D54: =SUMIFS(Data!$Y$3:$Y$491,Data!$G$3:$G$491,A54,Data!$AC$3:$AC$491,D$2,Data!$B$3:$B$491,$A$48) -> 0 | E54: =SUMIFS(Data!$Y$3:$Y$491,Data!$G$3:$G$491,A54,Data!$AC$3:$AC$491,E$2,Data!$B$3:$B$491,$A$48) -> 0 | F54: =SUMIFS(Data!$Y$3:$Y$491,Data!$G$3:$G$491,A54,Data!$AC$3:$AC$491,F$2,Data!$B$3:$B$491,$A$48) -> 0 | G54: =SUMIFS(Data!$Y$3:$Y$491,Data!$G$3:$G$491,A54,Data!$AC$3:$AC$491,G$2,Data!$B$3:$B$491,$A$48) -> 0 | H54: =SUMIFS(Data!$Y$3:$Y$491,Data!$G$3:$G$491,A54,Data!$AC$3:$AC$491,H$2,Data!$B$3:$B$491,$A$48) -> 0 | I54: =SUMIFS(Data!$Y$3:$Y$491,Data!$G$3:$G$491,A54,Data!$AC$3:$AC$491,I$2,Data!$B$3:$B$491,$A$48) -> 0 | J54: =SUMIFS(Data!$AA$3:$AA$491,Data!$G$3:$G$491,A54,Data!$B$3:$B$491,$A$48) -> 0 | L54: =SUM(B54:J54) -> 0
A55: MN | B55: =SUM(D55:J55) -> 1371 | C55: =COUNTIFS(Data!$G$3:$G$491,A55,Data!$B$3:$B$491,$A$48) -> 10 | D55: =SUMIFS(Data!$Y$3:$Y$491,Data!$G$3:$G$491,A55,Data!$AC$3:$AC$491,D$2,Data!$B$3:$B$491,$A$48) -> 0 | E55: =SUMIFS(Data!$Y$3:$Y$491,Data!$G$3:$G$491,A55,Data!$AC$3:$AC$491,E$2,Data!$B$3:$B$491,$A$48) -> 1371 | F55: =SUMIFS(Data!$Y$3:$Y$491,Data!$G$3:$G$491,A55,Data!$AC$3:$AC$491,F$2,Data!$B$3:$B$491,$A$48) -> 0 | G55: =SUMIFS(Data!$Y$3:$Y$491,Data!$G$3:$G$491,A55,Data!$AC$3:$AC$491,G$2,Data!$B$3:$B$491,$A$48) -> 0 | H55: =SUMIFS(Data!$Y$3:$Y$491,Data!$G$3:$G$491,A55,Data!$AC$3:$AC$491,H$2,Data!$B$3:$B$491,$A$48) -> 0 | I55: =SUMIFS(Data!$Y$3:$Y$491,Data!$G$3:$G$491,A55,Data!$AC$3:$AC$491,I$2,Data!$B$3:$B$491,$A$48) -> 0 | J55: =SUMIFS(Data!$AA$3:$AA$491,Data!$G$3:$G$491,A55,Data!$B$3:$B$491,$A$48) -> 0 | L55: =SUM(B55:J55) -> 2752
A56: NJ | B56: =SUM(D56:J56) -> 0 | C56: =COUNTIFS(Data!$G$3:$G$491,A56,Data!$B$3:$B$491,$A$48) -> 0 | D56: =SUMIFS(Data!$Y$3:$Y$491,Data!$G$3:$G$491,A56,Data!$AC$3:$AC$491,D$2,Data!$B$3:$B$491,$A$48) -> 0 | E56: =SUMIFS(Data!$Y$3:$Y$491,Data!$G$3:$G$491,A56,Data!$AC$3:$AC$491,E$2,Data!$B$3:$B$491,$A$48) -> 0 | F56: =SUMIFS(Data!$Y$3:$Y$491,Data!$G$3:$G$491,A56,Data!$AC$3:$AC$491,F$2,Data!$B$3:$B$491,$A$48) -> 0 | G56: =SUMIFS(Data!$Y$3:$Y$491,Data!$G$3:$G$491,A56,Data!$AC$3:$AC$491,G$2,Data!$B$3:$B$491,$A$48) -> 0 | H56: =SUMIFS(Data!$Y$3:$Y$491,Data!$G$3:$G$491,A56,Data!$AC$3:$AC$491,H$2,Data!$B$3:$B$491,$A$48) -> 0 | I56: =SUMIFS(Data!$Y$3:$Y$491,Data!$G$3:$G$491,A56,Data!$AC$3:$AC$491,I$2,Data!$B$3:$B$491,$A$48) -> 0 | J56: =SUMIFS(Data!$AA$3:$AA$491,Data!$G$3:$G$491,A56,Data!$B$3:$B$491,$A$48) -> 0 | L56: =SUM(B56:J56) -> 0
A57: NV | B57: =SUM(D57:J57) -> 0 | C57: =COUNTIFS(Data!$G$3:$G$491,A57,Data!$B$3:$B$491,$A$48) -> 0 | D57: =SUMIFS(Data!$Y$3:$Y$491,Data!$G$3:$G$491,A57,Data!$AC$3:$AC$491,D$2,Data!$B$3:$B$491,$A$48) -> 0 | E57: =SUMIFS(Data!$Y$3:$Y$491,Data!$G$3:$G$491,A57,Data!$AC$3:$AC$491,E$2,Data!$B$3:$B$491,$A$48) -> 0 | F57: =SUMIFS(Data!$Y$3:$Y$491,Data!$G$3:$G$491,A57,Data!$AC$3:$AC$491,F$2,Data!$B$3:$B$491,$A$48) -> 0 | G57: =SUMIFS(Data!$Y$3:$Y$491,Data!$G$3:$G$491,A57,Data!$AC$3:$AC$491,G$2,Data!$B$3:$B$491,$A$48) -> 0 | H57: =SUMIFS(Data!$Y$3:$Y$491,Data!$G$3:$G$491,A57,Data!$AC$3:$AC$491,H$2,Data!$B$3:$B$491,$A$48) -> 0 | I57: =SUMIFS(Data!$Y$3:$Y$491,Data!$G$3:$G$491,A57,Data!$AC$3:$AC$491,I$2,Data!$B$3:$B$491,$A$48) -> 0 | J57: =SUMIFS(Data!$AA$3:$AA$491,Data!$G$3:$G$491,A57,Data!$B$3:$B$491,$A$48) -> 0 | L57: =SUM(B57:J57) -> 0
A58: NY | B58: =SUM(D58:J58) -> 0 | C58: =COUNTIFS(Data!$G$3:$G$491,A58,Data!$B$3:$B$491,$A$48) -> 0 | D58: =SUMIFS(Data!$Y$3:$Y$491,Data!$G$3:$G$491,A58,Data!$AC$3:$AC$491,D$2,Data!$B$3:$B$491,$A$48) -> 0 | E58: =SUMIFS(Data!$Y$3:$Y$491,Data!$G$3:$G$491,A58,Data!$AC$3:$AC$491,E$2,Data!$B$3:$B$491,$A$48) -> 0 | F58: =SUMIFS(Data!$Y$3:$Y$491,Data!$G$3:$G$491,A58,Data!$AC$3:$AC$491,F$2,Data!$B$3:$B$491,$A$48) -> 0 | G58: =SUMIFS(Data!$Y$3:$Y$491,Data!$G$3:$G$491,A58,Data!$AC$3:$AC$491,G$2,Data!$B$3:$B$491,$A$48) -> 0 | H58: =SUMIFS(Data!$Y$3:$Y$491,Data!$G$3:$G$491,A58,Data!$AC$3:$AC$491,H$2,Data!$B$3:$B$491,$A$48) -> 0 | I58: =SUMIFS(Data!$Y$3:$Y$491,Data!$G$3:$G$491,A58,Data!$AC$3:$AC$491,I$2,Data!$B$3:$B$491,$A$48) -> 0 | J58: =SUMIFS(Data!$AA$3:$AA$491,Data!$G$3:$G$491,A58,Data!$B$3:$B$491,$A$48) -> 0 | L58: =SUM(B58:J58) -> 0
A59: OR | B59: =SUM(D59:J59) -> 972 | C59: =COUNTIFS(Data!$G$3:$G$491,A59,Data!$B$3:$B$491,$A$48) -> 6 | D59: =SUMIFS(Data!$Y$3:$Y$491,Data!$G$3:$G$491,A59,Data!$AC$3:$AC$491,D$2,Data!$B$3:$B$491,$A$48) -> 0 | E59: =SUMIFS(Data!$Y$3:$Y$491,Data!$G$3:$G$491,A59,Data!$AC$3:$AC$491,E$2,Data!$B$3:$B$491,$A$48) -> 972 | F59: =SUMIFS(Data!$Y$3:$Y$491,Data!$G$3:$G$491,A59,Data!$AC$3:$AC$491,F$2,Data!$B$3:$B$491,$A$48) -> 0 | G59: =SUMIFS(Data!$Y$3:$Y$491,Data!$G$3:$G$491,A59,Data!$AC$3:$AC$491,G$2,Data!$B$3:$B$491,$A$48) -> 0 | H59: =SUMIFS(Data!$Y$3:$Y$491,Data!$G$3:$G$491,A59,Data!$AC$3:$AC$491,H$2,Data!$B$3:$B$491,$A$48) -> 0 | I59: =SUMIFS(Data!$Y$3:$Y$491,Data!$G$3:$G$491,A59,Data!$AC$3:$AC$491,I$2,Data!$B$3:$B$491,$A$48) -> 0 | J59: =SUMIFS(Data!$AA$3:$AA$491,Data!$G$3:$G$491,A59,Data!$B$3:$B$491,$A$48) -> 0 | L59: =SUM(B59:J59) -> 1950
A60: UT | B60: =SUM(D60:J60) -> 0 | C60: =COUNTIFS(Data!$G$3:$G$491,A60,Data!$B$3:$B$491,$A$48) -> 0 | D60: =SUMIFS(Data!$Y$3:$Y$491,Data!$G$3:$G$491,A60,Data!$AC$3:$AC$491,D$2,Data!$B$3:$B$491,$A$48) -> 0 | E60: =SUMIFS(Data!$Y$3:$Y$491,Data!$G$3:$G$491,A60,Data!$AC$3:$AC$491,E$2,Data!$B$3:$B$491,$A$48) -> 0 | F60: =SUMIFS(Data!$Y$3:$Y$491,Data!$G$3:$G$491,A60,Data!$AC$3:$AC$491,F$2,Data!$B$3:$B$491,$A$48) -> 0 | G60: =SUMIFS(Data!$Y$3:$Y$491,Data!$G$3:$G$491,A60,Data!$AC$3:$AC$491,G$2,Data!$B$3:$B$491,$A$48) -> 0 | H60: =SUMIFS(Data!$Y$3:$Y$491,Data!$G$3:$G$491,A60,Data!$AC$3:$AC$491,H$2,Data!$B$3:$B$491,$A$48) -> 0 | I60: =SUMIFS(Data!$Y$3:$Y$491,Data!$G$3:$G$491,A60,Data!$AC$3:$AC$491,I$2,Data!$B$3:$B$491,$A$48) -> 0 | J60: =SUMIFS(Data!$AA$3:$AA$491,Data!$G$3:$G$491,A60,Data!$B$3:$B$491,$A$48) -> 0 | L60: =SUM(B60:J60) -> 0
A61: WA | B61: =SUM(D61:J61) -> 3094 | C61: =COUNTIFS(Data!$G$3:$G$491,A61,Data!$B$3:$B$491,$A$48) -> 20 | D61: =SUMIFS(Data!$Y$3:$Y$491,Data!$G$3:$G$491,A61,Data!$AC$3:$AC$491,D$2,Data!$B$3:$B$491,$A$48) -> 2217 | E61: =SUMIFS(Data!$Y$3:$Y$491,Data!$G$3:$G$491,A61,Data!$AC$3:$AC$491,E$2,Data!$B$3:$B$491,$A$48) -> 745 | F61: =SUMIFS(Data!$Y$3:$Y$491,Data!$G$3:$G$491,A61,Data!$AC$3:$AC$491,F$2,Data!$B$3:$B$491,$A$48) -> 0 | G61: =SUMIFS(Data!$Y$3:$Y$491,Data!$G$3:$G$491,A61,Data!$AC$3:$AC$491,G$2,Data!$B$3:$B$491,$A$48) -> 0 | H61: =SUMIFS(Data!$Y$3:$Y$491,Data!$G$3:$G$491,A61,Data!$AC$3:$AC$491,H$2,Data!$B$3:$B$491,$A$48) -> 0 | I61: =SUMIFS(Data!$Y$3:$Y$491,Data!$G$3:$G$491,A61,Data!$AC$3:$AC$491,I$2,Data!$B$3:$B$491,$A$48) -> 0 | J61: =SUMIFS(Data!$AA$3:$AA$491,Data!$G$3:$G$491,A61,Data!$B$3:$B$491,$A$48) -> 132 | L61: =SUM(B61:J61) -> 6208
A62: TOTALS | B62: =SUM(B49:B61) -> 5622 | C62: =SUM(C49:C61) -> 37 | D62: =SUM(D49:D61) -> 2217 | E62: =SUM(E49:E61) -> 3273 | F62: =SUM(F49:F61) -> 0 | G62: =SUM(G49:G61) -> 0 | H62: =SUM(H49:H61) -> 0 | I62: =SUM(I49:I61) -> 0 | J62: =SUM(J49:J61) -> 132
A63: Andrew Fritz
